 Dungeon Crawl Stone Soup version 0.29.0-15-g675c0067aa (webtiles) character file.

Game seed: 1838738769170155440

552694 qw the Conqueror (level 26, 193/193 HPs)
             Began as a Gargoyle Fighter on Sept 11, 2022.
             Was a High Priest of Okawaru.
             Quit the game on level 5 of the Realm of Zot.
             The game lasted 00:49:13 (65277 turns).

qw the Conqueror (Gargoyle Fighter)                Turns: 65277, Time: 00:49:14

Health: 193/193    AC: 79    Str: 32    XL:     26   Next: 37%
Magic:  31/31      EV: 12    Int:  8    God:    Okawaru [*****.]
Gold:   1118       SH: 30    Dex:  7    Spells: 25/25 levels left

rFire   + + .      SeeInvis .   x - +7 broad axe of No Interval {vamp, rPois rCorr Str-2 Dex+3}
rCold   + . .      Faith    .   w - +10 tower shield of Ignorance {rN+ Int-4}
rNeg    + + +      Spirit   .   n - +11 crystal plate armour of Zulikini {rCorr Str+3 Dex-5}
rPois   inf        Reflect  .   g - +2 helmet
rElec   +          Harm     .   h - +2 cloak
rCorr   +          Rampage  .   f - +2 pair of gloves
Will    +....                   y - +2 pair of boots {Fly}
Stlth   ..........              m - amulet "Vewniod" {RegenMP rF+ rC+ rN+}
HPRegen 0.42/turn               Q - ring of Ijeheric {rF+ EV+4 Int+2 Slay+2}
MPRegen 0.62/turn               l - +4 ring of protection

@: flying
A: sickness immunity, AC +20, big wings, negative energy resistance 1,
electricity resistance, torment resistance 1, petrification resistance, talons 1
}: 3/15 runes: barnacled, silver, gossamer
a: Renounce Religion, Heroism, Finesse, Duel


You were on level 5 of the Realm of Zot.
You worshipped Okawaru.
Okawaru was extremely pleased with you.
You visited 9 branches of the dungeon, and saw 45 of its levels.
You visited the Abyss 1 time.
You also visited: Gauntlet.

You collected 7776 gold pieces.
You spent 6658 gold pieces at shops.


Innate Abilities, Weirdness & Mutations

You are immune to sickness and miasma.
Your stone body is resilient. (AC +20)
You are immune to poison.
Your large and strong wings let you fly.
You resist negative energy. (rN+)
You are resistant to electric shocks. (rElec)
You are resistant to unholy torment.
You are immune to petrification.
You have sharp toenails.


   Skills:
 O Level 27 Fighting
 - Level 18.0 Axes
 + Level 15.0 Throwing
 - Level 22.0 Armour
 - Level 7.1 Dodging
 - Level 22.0 Shields
 - Level 11.6 Invocations


You had 25 spell levels left.
You didn't know any spells.
Your spell library was empty.

Inventory:

Hand Weapons
 x - the +7 broad axe of No Interval (weapon) {vamp, rPois rCorr Str-2 Dex+3}
   (Okawaru gifted it to you on level 5 of the Vaults)

   It occasionally heals its wielder for a portion of the damage dealt when it
   wounds a living foe.
   Str:       It affects your strength (-2).
   Dex:       It affects your dexterity (+3).
   rPois:     It protects you from poison.
   rCorr:     It protects you from acid and corrosion.
 J - the +9 broad axe of the Supporting Gods {elec, rElec rPois Int+4}
   (You acquired it on level 3 of the Spider Nest)

   It occasionally discharges a powerful burst of electricity upon striking a
   foe.
   Int:       It affects your intelligence (+4).
   rElec:     It insulates you from electricity.
   rPois:     It protects you from poison.
Missiles
 j - 2 boomerangs of dispersal
 q - 35 boomerangs
 t - 5 silver javelins (quivered)
 G - 14 javelins
 I - 3 silver boomerangs
Armour
 b - a scarf of resistance
 f - a +2 pair of gloves (worn)
 g - a +2 helmet (worn)
 h - a +2 cloak (worn)
 k - the +3 hat of Pondering {ponderous, Will+ MP+10 Int+5}
   (You took it off Gastronok on level 12 of the Dungeon)

   Int:       It affects your intelligence (+5).
   MP:        It affects your magic capacity (+10).
   Will:      It increases your willpower.
 n - the +11 crystal plate armour of Zulikini (worn) {rCorr Str+3 Dex-5}
   (You bought it in a shop on level 1 of the Dungeon)

   Str:       It affects your strength (+3).
   Dex:       It affects your dexterity (-5).
   rCorr:     It protects you from acid and corrosion.
 w - the +10 tower shield of Ignorance (worn) {rN+ Int-4}
   (You found it in a Gauntlet)

   Int:       It affects your intelligence (-4).
   rN:        It protects you from negative energy.
 y - a +2 pair of boots of flying (worn)
 A - the +0 pair of boots of Gravitas {rCorr Int+6}
   (You found it on level 5 of the Realm of Zot)

   Int:       It affects your intelligence (+6).
   rCorr:     It protects you from acid and corrosion.
 K - the +0 pair of boots of the Rose {rElec rPois rC- Str+5}
   (You acquired it on level 3 of the Spider Nest)

   Str:       It affects your strength (+5).
   rC:        It makes you vulnerable to cold.
   rElec:     It insulates you from electricity.
   rPois:     It protects you from poison.
 L - the +1 hat of the Aged Lovers {Contam Harm Str+8 Dex-4}
   (You acquired it on level 3 of the Spider Nest)

   Str:       It affects your strength (+8).
   Dex:       It affects your dexterity (-4).
   Contam:    It causes magical contamination when unequipped.
   Harm:      It increases damage dealt and taken.
 O - the +6 crystal plate armour of Wettodim {rC+}
   (Okawaru gifted it to you on level 3 of the Vaults)

   rC:        It protects you from cold.
Jewellery
 l - a +4 ring of protection (right hand)
 m - the amulet "Vewniod" (around neck) {RegenMP rF+ rC+ rN+}
   (You found it on level 5 of the Realm of Zot)

   [amulet of magic regeneration]

   It increases your rate of magic regeneration.
   rF:        It protects you from fire.
   rC:        It protects you from cold.
   rN:        It protects you from negative energy.
 s - an amulet of regeneration
 B - a ring of protection from cold
 D - a ring of protection from cold
 H - the ring of Fedhas's Benevolence {Fire Drain +Blink Will+ Str+3}
   (You bought it in a shop on level 4 of the Vaults)

   [ring of fire]

   It enhances your fire magic.
   Str:       It affects your strength (+3).
   rF:        It protects you from fire.
   rC:        It makes you vulnerable to cold.
   +Blink:    It lets you blink.
   Drain:     It drains your maximum health when unequipped.
   Will:      It increases your willpower.
 P - a ring of protection from fire
 Q - the ring of Ijeheric (left hand) {rF+ EV+4 Int+2 Slay+2}
   (You bought it in a shop on level 2 of the Dungeon)

   [ring of evasion]

   EV:        It affects your evasion (+4).
   Int:       It affects your intelligence (+2).
   Slay:      It affects your accuracy & damage with ranged weapons and melee
   (+2).
   rF:        It protects you from fire.
Scrolls
 a - 34 scrolls of identify
 e - 2 scrolls of brand weapon
 r - 8 scrolls of fog
 u - 5 scrolls of enchant armour
 v - 8 scrolls of blinking
 M - 4 scrolls of enchant weapon
Potions
 c - 10 potions of attraction
 d - 12 potions of might
 i - 11 potions of haste
 o - 11 potions of lignification
 p - 11 potions of mutation
 z - 6 potions of curing
 E - a potion of magic
 F - 2 potions of cancellation
 N - 9 potions of heal wounds

Dungeon Overview and Level Annotations

Branches:
Dungeon (15/15)            Temple (1/1) D:5            Lair (5/5) D:11
 Shoals (4/4) Lair:2       Spider (4/4) Lair:3        Slime (0/5) Lair:5
    Orc (2/2) D:11            Elf (0/3) Orc:2        Vaults (5/5) D:13
  Crypt (0/3) Vaults:2     Depths (4/4) D:15            Zot (5/5) Depths:4
Gauntlet (visited)

Altars:
Ashenzari
Dithmenos
Fedhas
Gozag
Kikubaaqudgha
Nemelex Xobeh
Okawaru
Ru
Uskayaw
Vehumet
Wu Jian
Xom
Yredelemnul
Zin
Jiyva
Lugonu

Shops:
D:1 *   D:2 =   D:5 ?   D:11 [   D:14 [   Orc:2 [(([   Shoals:1 [   Shoals:2 (
Vaults:2 [   Vaults:4 *(!=:   Depths:2 [

Portals:
Hell: Depths:1 Depths:2 Depths:3 Depths:4
Abyss: Depths:3
Pandemonium: Depths:2 Depths:3
Ziggurat: Depths:2

Annotations:
D:3 1 runed translucent door, Crazy Yiuf
D:10 3 runed translucent doors, qw's ghost, journeyman MiBe
Lair:4 1 runed translucent door
Vaults:3 3 runed translucent doors
Depths:2 3 runed translucent doors


Message History

Done exploring.
Done exploring.
65265 ||| Stepping randomly (stuck).
Done exploring.
Done exploring.
65266 ||| Stepping randomly (stuck).
Done exploring.
Done exploring.
65267 ||| Stepping randomly (stuck).
Done exploring.
Done exploring.
65268 ||| Stepping randomly (stuck).
Done exploring.
Done exploring.
65269 ||| Stepping randomly (stuck).
Done exploring.
Done exploring.
65270 ||| Stepping randomly (stuck).
Done exploring.
Done exploring.
65271 ||| Stepping randomly (stuck).
Done exploring.
Done exploring.
65272 ||| Stepping randomly (stuck).
Done exploring.
Done exploring.
65273 ||| Stepping randomly (stuck).
Done exploring.
Done exploring.
65274 ||| Stepping randomly (stuck).
Done exploring.
Done exploring.
65275 ||| Stepping randomly (stuck).
There is an open translucent gate here.
Done exploring.
Done exploring.
65276 ||| Stepping randomly (stuck).
Done exploring.
Done exploring.
Are you sure you want to abandon this character and quit the game? (Confirm with "yes".)

#(..... ########......
####......#....#.
#####=##......#....#.
#..#..##...........#.
#..#.?"#...........#.
##..'.}####.........#.
#...'._..##.........#.
#..['@}####......####.
#...#...#.............
#...#..##.............
#.####/##.............
#....####.............
####.####.......#####.
#............# ##
######.......#
#########


There were no monsters in sight!

Vanquished Creatures
  6 ancient liches
  4 dread liches
  4 orbs of fire (Zot:5)
  Sojobo (Depths:4)
  6 Killer Klowns (Zot:5)
  Saint Roka (Orc:2)
  Frederick (Vaults:5)
  6 curse toes
  The ghost of qw the Slayer, a veteran GrFi of Okawaru (Zot:5)
  8 golden dragons
  the Enchantress (Depths:4)
  2 electric golems (Zot:5)
  16 tentacled monstrosities
  3 liches
  4 titans
  25 Orb Guardians (Zot:5)
  A walking earthen tome (Depths:2)
  2 walking crystal tomes (Depths:3)
  Rupert (D:13)
  7 quicksilver dragons
  8 sphinxes
  A kraken (Shoals:4)
  Gastronok (D:12)
  19 storm dragons
  6 death cobs
  4 draconian monks
  A storm dragon (shapeshifter) (Vaults:4)
  8 shadow dragons
  10 tengu reavers
  Donald (Shoals:2)
  A draconian knight (Zot:1)
  Ilsuiw (Shoals:3)
  6 fire giants
  2 deep elf sorcerers (Vaults:5)
  10 frost giants
  Aizul (Shoals:2)
  7 emperor scorpions
  3 orc warlords
  An iron dragon (Depths:3)
  15 vault wardens
  7 draconian scorchers
  5 draconian annihilators
  3 ghost moths
  6 spriggan defenders
  3 draconian shifters
  7 broodmothers
  17 very ugly things
  14 ironbound preservers
  6 draconian stormcallers
  4 war gargoyles
  21 stone giants
  Nessos (Orc:2)
  2 deep elf demonologists (Vaults:5)
  6 ironbound thunderhulks
  13 black draconians
  14 green draconians
  4 vampire knights
  10 purple draconians
  8 red draconians
  12 spark wasps
  2 deep elf annihilators
  9 yellow draconians
  6 entropy weavers
  14 white draconians
  8 dire elephants
  4 minotaurs
  A crystal guardian (Vaults:4)
  A deep elf death mage (Vaults:4)
  13 fire dragons
  5 merfolk javelineers
  Josephine (D:11)
  A blizzard demon (Depths:1)
  3 jiangshi (Depths:4)
  16 ettins
  2 merfolk impalers
  3 deep elf high priests
  A fire dragon (shapeshifter) (Vaults:5)
  6 great orbs of eyes
  35 vault guards
  15 yaktaur captains
  8 boulder beetles
  2 peacekeepers (Vaults:4)
  2 rakshasas
  12 spriggan air magi
  3 merfolk avatars
  3 hydras
  2 ice dragons
  3 jorogumos
  A salamander tyrant (Depths:2)
  26 centaur warriors
  5 two-headed ogres
  2 catoblepae
  2 merfolk aquamancers (Shoals:3)
  6 ironbound frosthearts
  A two-headed ogre (shapeshifter) (Depths:2)
  An anaconda (shapeshifter) (Depths:2)
  3 ogre magi
  12 satyrs (Shoals:4)
  2 death knights (Vaults:2)
  2 radroaches
  9 deep troll shamans
  3 death yaks (Lair:5)
  An alligator snapping turtle (Shoals:3)
  7 tengu warriors
  4 vampire magi
  6 deep troll earth magi
  An orc high priest (Orc:2)
  A hell knight (Depths:2)
  7 spriggan berserkers
  A fire crab (shapeshifter) (D:15)
  A salamander mystic (Depths:2)
  33 deep trolls
  A shadow wraith (Vaults:2)
  An iron troll (Depths:2)
  7 pharaoh ants
  3 glowing orange brains (Depths:1)
  2 sun moths
  10 sea snakes
  6 steelbarb worms
  11 orb spiders
  2 flayed ghosts
  A shadow dragon zombie (Depths:1)
  9 phantasmal warriors
  10 lindwurms
  11 wizards
  9 orc knights
  17 ironbound convokers
  A deep elf pyromancer (D:14)
  27 harpies
  5 orc sorcerers
  A wolf spider (shapeshifter) (Vaults:5)
  3 necromancers
  42 ugly things
  21 wolf spiders
  5 cyclopes
  A mana viper (shapeshifter) (Vaults:1)
  18 fauns
  3 salamanders (Depths:2)
  31 moths of wrath
  13 elephants
  9 merfolk sirens
  13 manticores
  Maurice (D:10)
  A stone giant skeleton (Depths:1)
  A titan simulacrum (Depths:1)
  6 black mambas
  4 water nymphs
  A gargoyle (D:11)
  14 torpor snails
  14 vault sentinels
  10 cane toads
  8 demonic crawlers
  An efreet (D:13)
  An unseen horror (shapeshifter) (Vaults:5)
  3 freezing wraiths (Vaults:5)
  20 rime drakes
  6 komodo dragons
  50 yaktaurs
  5 tengu conjurers
  3 meliai (Spider:3)
  25 merfolk
  A meliai (shapeshifter) (Vaults:5)
  3 polar bears
  34 tarantellas
  A merfolk (shapeshifter) (Vaults:5)
  10 wind drakes
  15 hornets
  4 trolls
  A raiju (Gauntlet)
  17 slime creatures
  20 blink frogs
  4 snapping turtles
  9 dream sheep
  A jumping spider (shapeshifter) (D:11)
  22 jumping spiders
  8 spriggans
  Sigmund (D:2)
  24 culicivoras
  17 water elementals
  6 shadows
  A vampire (D:13)
  31 yaks
  5 wraiths
  4 basilisks
  6 wyverns
  A human (shapeshifter) (Vaults:3)
  A human (D:13)
  2 vampire mosquitoes (D:13)
  8 steam dragons
  40 redbacks
  A chaos spawn (Depths:2)
  Grum (D:11)
  An acid dragon (D:11)
  6 wargs
  A floating eye (shapeshifter) (Vaults:5)
  9 water moccasins
  33 orc warriors
  A black bear (Lair:1)
  A sky beast (D:6)
  8 ogres
  9 wolves
  14 centaurs
  A phantom (D:5)
  Blork the orc (D:6)
  2 necrophages
  13 scorpions
  12 bullfrogs
  4 gnoll sergeants
  21 wights
  4 killer bees (D:9)
  2 howler monkeys
  3 electric eels
  5 jellies
  A gnoll bouda (D:9)
  39 orc priests
  2 hounds
  6 iguanas
  Ijyb (D:3)
  42 orc wizards
  2 human simulacra (D:10)
  21 gnolls
  4 adders
  2 ufetubi
  6 worms
  5 dart slugs
  132 orcs
  8 endoplasms
  5 giant cockroaches
  12 goblins
  4 hobgoblins
  9 jackals
  4 quokkas
  3 training dummies (Shoals:2)
  13 ball pythons
  3 bats
  3 frilled lizards
  3 kobolds
  7 rats
  A bush (Lair:2)
  A tentacle (Shoals:4)
1943 creatures vanquished.

Vanquished Creatures (others)
  A draconian monk (Zot:3)
  A draconian knight (Zot:1)
  A merfolk aquamancer (Shoals:3)
  An orb spider (Spider:4)
  A merfolk (Shoals:4)
  2 orc priests (Orc:2)
  An orc (Orc:2)
  23 fungi
  88 plants
  3 tentacles (Shoals:4)
  14 withered plants (Gauntlet)
136 creatures vanquished.

Grand Total: 2079 creatures vanquished

Notes
Turn   | Place    | Note
-------+----------+-------------------------------------------
     0 | D:1      | qw the Gargoyle Fighter began the quest for the Orb.
     0 | D:1      | Reached XP level 1. HP: 14/14 MP: 1/1
     0 | D:1      | 0 ||| qw: Version: 0.1-a-119-g272c26d
     0 | D:1      | 0 ||| qw: Game counter: 10718
     0 | D:1      | 0 ||| qw: Always use a shield: true
     0 | D:1      | 0 ||| qw: God list: Okawaru
     0 | D:1      | 0 ||| qw: Allow faded altars: false
     0 | D:1      | 0 ||| qw: Do Orc after D:15 true
     0 | D:1      | 0 ||| qw: Do second Lair branch before Depths: true
     0 | D:1      | 0 ||| qw: Lair rune preference: random
     0 | D:1      | 0 ||| qw: Plans: Normal, Zot, God:TSO, Crypt, Tomb, Pan,
                  | Slime, Hells, Zig, Abyss, Orb
     0 | D:1      | 0 ||| PLANNING D:1-11
   192 | D:1      | Found Xeymyng's General Store.
   199 | D:1      | 199 ||| SHOPLISTING +11 crystal plate armour of Zulikini
                  | {rCorr Str+3 Dex-5} (1411 gold, have 0).
   199 | D:1      | 199 ||| SHOPLISTING scroll of enchant armour (82 gold, have
                  | 0).
   199 | D:1      | 199 ||| SHOPLISTING scroll of identify (22 gold, have 0).
   225 | D:1      | 225 ||| Stepping ~*~*~tactically~*~*~ (stealth).
   230 | D:1      | 230 ||| Stepping ~*~*~tactically~*~*~ (hiding).
   289 | D:1      | Reached XP level 2. HP: 19/19 MP: 2/2
   292 | D:1      | 292 ||| Stepping ~*~*~tactically~*~*~ (hiding).
   559 | D:1      | Found a faded altar of an unknown god.
   696 | D:1      | Reached skill level 3 in Axes
   753 | D:1      | Reached XP level 3. HP: 22/23 MP: 3/3
  1118 | D:1      | 1118 ||| UPGRADING to +2 pair of boots.
  1123 | D:1      | 1123 ||| UPGRADING to ring of positive energy.
  1124 | D:1      | 1124 ||| READING 2 scrolls labelled SUSOR ERUEZEZ.
  1125 | D:1      | 1125 ||| READING scroll labelled EGEMOM QUVVU.
  1126 | D:1      | 1126 ||| READING scroll labelled JYNUGU BECWARO.
  1208 | D:2      | 1208 ||| Stepping ~*~*~tactically~*~*~ (hiding).
  1209 | D:2      | 1209 ||| Stepping ~*~*~tactically~*~*~ (hiding).
  1212 | D:2      | 1212 ||| Stepping ~*~*~tactically~*~*~ (hiding).
  1213 | D:2      | 1213 ||| Stepping ~*~*~tactically~*~*~ (hiding).
  1214 | D:2      | 1214 ||| Stepping ~*~*~tactically~*~*~ (hiding).
  1215 | D:2      | 1215 ||| Stepping ~*~*~tactically~*~*~ (hiding).
  1216 | D:2      | 1216 ||| Stepping ~*~*~tactically~*~*~ (hiding).
  1217 | D:2      | 1217 ||| Stepping ~*~*~tactically~*~*~ (hiding).
  1218 | D:2      | 1218 ||| Stepping ~*~*~tactically~*~*~ (hiding).
  1219 | D:2      | 1219 ||| Stepping ~*~*~tactically~*~*~ (hiding).
  1327 | D:2      | 1327 ||| Stepping ~*~*~tactically~*~*~ (hiding).
  1617 | D:2      | Found a shadowy altar of Dithmenos.
  1642 | D:2      | Noticed Sigmund
  1660 | D:2      | Killed Sigmund
  1661 | D:2      | Reached XP level 4. HP: 21/28 MP: 4/4
  1661 | D:2      | Reached XP level 5. HP: 24/32 MP: 5/5
  1831 | D:2      | Found Joekh's Jewellery Emporium.
  1839 | D:2      | 1839 ||| SHOPLISTING +4 ring of evasion (468 gold, have
                  | 29).
  1839 | D:2      | 1839 ||| SHOPLISTING +6 ring of strength (468 gold, have
                  | 29).
  1839 | D:2      | 1839 ||| SHOPLISTING amulet of Eternal Harmony {Acrobat Fly
                  | rPois rN+ Str-4} (508 gold, have 29).
  1839 | D:2      | 1839 ||| SHOPLISTING amulet of regeneration (390 gold, have
                  | 29).
  1839 | D:2      | 1839 ||| SHOPLISTING ring "Cump" {rElec Slay+4} (1196 gold,
                  | have 29).
  1839 | D:2      | 1839 ||| SHOPLISTING ring of Ijeheric {rF+ EV+4 Int+2
                  | Slay+2} (813 gold, have 29).
  1839 | D:2      | 1839 ||| SHOPLISTING ring of positive energy (260 gold,
                  | have 29).
  1903 | D:2      | 1903 ||| Stepping ~*~*~tactically~*~*~ (stealth).
  2405 | D:2      | 2405 ||| UPGRADING to +4 ring of protection.
  2406 | D:2      | 2406 ||| READING 2 scrolls labelled DORGHU HEQO.
  2407 | D:2      | 2407 ||| READING scroll labelled ZAJOTY JALO.
  2408 | D:2      | 2408 ||| READING 2 scrolls labelled DIJOIT PUPU.
  2409 | D:2      | 2409 ||| READING scroll labelled XAN OHELEVA.
  2409 | D:2      | Identified a scroll of acquirement
  2409 | D:2      | 2409 ||| ACQUIRING +2 buckler "Nupaw" {rF+ rC+ MP+9}
  2409 | D:2      | Acquired the +2 buckler "Nupaw" {rF+ rC+ MP+9}
  2411 | D:2      | 2411 ||| UPGRADING to +2 buckler "Nupaw" {rF+ rC+ MP+9}.
  2421 | D:2      | 2421 ||| DROPPING +0 buckler.
  2486 | D:2      | 2486 ||| DRINKING 2 viscous coppery potions.
  2487 | D:2      | 2487 ||| READING 5 scrolls of identify.
  2487 | D:2      | 2487 ||| IDENTIFYING dark potion
  2488 | D:2      | 2488 ||| DROPPING scroll of noise.
  2489 | D:2      | 2489 ||| DROPPING potion of brilliance.
  2490 | D:2      | 2490 ||| DROPPING potion of flight.
  2491 | D:2      | 2491 ||| DROPPING scroll of fear.
  2583 | D:3      | Reached XP level 6. HP: 37/37 MP: 6/6
  2879 | D:3      | Found a glowing silver altar of Zin.
  3117 | D:3      | Found a runed translucent door.
  3118 | D:3      | Noticed Crazy Yiuf
  3344 | D:3      | 3344 ||| Stepping ~*~*~tactically~*~*~ (stealth).
  3345 | D:3      | 3345 ||| Stepping ~*~*~tactically~*~*~ (stealth).
  3357 | D:3      | Reached skill level 4 in Fighting
  3392 | D:3      | Noticed Ijyb
  3393 | D:3      | 3393 ||| Stepping ~*~*~tactically~*~*~ (hiding).
  3394 | D:3      | 3394 ||| Stepping ~*~*~tactically~*~*~ (hiding).
  3411 | D:3      | Killed Ijyb
  3412 | D:3      | 3412 ||| Stepping ~*~*~tactically~*~*~ (hiding).
  3419 | D:3      | Reached skill level 1 in Dodging
  3624 | D:3      | 3624 ||| UPGRADING to +0 pair of gloves.
  3629 | D:3      | 3629 ||| DROPPING ring of flight.
  3630 | D:3      | 3630 ||| READING 2 scrolls labelled INIRUIPLUMN.
  3631 | D:3      | 3631 ||| READING scroll labelled ATHOSHRE HONA.
  3707 | D:3      | 3707 ||| READING scroll labelled XASCHE SEYQ.
  3708 | D:3      | 3708 ||| READING 5 scrolls of identify.
  3708 | D:3      | 3708 ||| IDENTIFYING inky potion
  3709 | D:3      | 3709 ||| READING 4 scrolls of identify.
  3709 | D:3      | 3709 ||| IDENTIFYING clear potion
  3710 | D:3      | 3710 ||| READING 3 scrolls of identify.
  3710 | D:3      | 3710 ||| IDENTIFYING viscous dark potion
  3711 | D:3      | 3711 ||| READING 2 scrolls of identify.
  3711 | D:3      | 3711 ||| IDENTIFYING green potion
  3712 | D:3      | 3712 ||| DROPPING scroll of magic mapping.
  3731 | D:4      | 3731 ||| STAIRDANCE
  3815 | D:4      | 3815 ||| STAIRDANCE
  3955 | D:4      | 3955 ||| Stepping ~*~*~tactically~*~*~ (stealth).
  3956 | D:4      | 3956 ||| Stepping ~*~*~tactically~*~*~ (stealth).
  3962 | D:4      | 3962 ||| Stepping ~*~*~tactically~*~*~ (stealth).
  3984 | D:4      | 3984 ||| Stepping ~*~*~tactically~*~*~ (stealth).
  3987 | D:4      | 3987 ||| Stepping ~*~*~tactically~*~*~ (stealth).
  3988 | D:4      | 3988 ||| Stepping ~*~*~tactically~*~*~ (stealth).
  3996 | D:4      | 3996 ||| Stepping ~*~*~tactically~*~*~ (hiding).
  4005 | D:4      | 4005 ||| Stepping ~*~*~tactically~*~*~ (stealth).
  4006 | D:4      | 4006 ||| DROPPING +0 club.
  4176 | D:4      | Reached skill level 6 in Axes
  4293 | D:4      | Reached XP level 7. HP: 33/43 MP: 7/7
  4509 | D:4      | Found a radiant altar of Vehumet.
  4820 | D:4      | 4820 ||| UPGRADING to +1 helmet.
  4825 | D:4      | 4825 ||| READING 3 scrolls labelled JUNEAPSUTT.
  4826 | D:4      | 4826 ||| READING 2 scrolls of brand weapon.
  4826 | D:4      | 4826 ||| BRANDING +0 vorpal war axe.
  4827 | D:4      | 4827 ||| READING scroll of brand weapon.
  4827 | D:4      | 4827 ||| BRANDING +0 war axe of venom.
  4828 | D:4      | 4828 ||| READING scroll labelled WOUGUN ROUS.
  4886 | D:5      | Entered Level 5 of the Dungeon
  5146 | D:5      | Found an ancient bone altar of Kikubaaqudgha.
  5160 | D:5      | Found an iron altar of Okawaru.
  5161 | D:5      | Found a hide-covered altar of Uskayaw.
  5161 | D:5      | Found a basalt altar of Yredelemnul.
  5161 | D:5      | Found an opulent altar of Gozag.
  5163 | D:5      | Found a sparkling altar of Nemelex Xobeh.
  5164 | D:5      | Found a shimmering altar of Xom.
  5212 | D:5      | Reached skill level 5 in Fighting
  5250 | D:5      | Reached skill level 1 in Throwing
  5250 | D:5      | Reached XP level 8. HP: 48/49 MP: 8/8
  5304 | D:5      | 5304 ||| READING scroll of enchant armour.
  5304 | D:5      | 5304 ||| ENCHANTING +0 pair of gloves.
  5308 | D:5      | 5308 ||| Stepping ~*~*~tactically~*~*~ (stealth).
  5311 | D:5      | 5311 ||| Stepping ~*~*~tactically~*~*~ (stealth).
  5348 | D:5      | Found Daopt's Magic Scroll Shop.
  5357 | D:5      | 5357 ||| BUYING scroll of fog (56 gold).
  5357 | D:5      | Bought a scroll of fog for 56 gold pieces
  5357 | D:5      | 5357 ||| BUYING scroll of identify (28 gold).
  5357 | D:5      | Bought a scroll of identify for 28 gold pieces
  5357 | D:5      | 5357 ||| BUYING scroll of identify (28 gold).
  5357 | D:5      | Bought a scroll of identify for 28 gold pieces
  5357 | D:5      | 5357 ||| BUYING scroll of identify (28 gold).
  5357 | D:5      | Bought a scroll of identify for 28 gold pieces
  5357 | D:5      | 5357 ||| BUYING scroll of identify (28 gold).
  5357 | D:5      | Bought a scroll of identify for 28 gold pieces
  5357 | D:5      | 5357 ||| BUYING scroll of teleportation (42 gold).
  5357 | D:5      | Bought a scroll of teleportation for 42 gold pieces
  5479 | D:5      | 5479 ||| Stepping ~*~*~tactically~*~*~ (stealth).
  5480 | D:5      | 5480 ||| Stepping ~*~*~tactically~*~*~ (stealth).
  5519 | D:5      | Found a staircase to the Ecumenical Temple.
  5520 | D:5      | 5520 ||| PLANNING TEMPLE
  5520 | D:5      | 5520 ||| UPGRADING to +0 chain mail.
  5530 | D:5      | 5530 ||| DROPPING +0 scale mail.
  5531 | D:5      | 5531 ||| READING 2 scrolls labelled VOKOQILIUL.
  5532 | D:5      | 5532 ||| READING scroll of enchant weapon.
  5532 | D:5      | 5532 ||| ENCHANTING +1 vorpal war axe.
  5533 | D:5      | 5533 ||| DRINKING 2 fizzy golden potions.
  5534 | D:5      | 5534 ||| DROPPING potion of invisibility.
  5597 | D:5      | Became a worshipper of Warmaster Okawaru
  5668 | Temple   | Entered the Ecumenical Temple
  5669 | Temple   | 5669 ||| PLANNING D:1-11
  5898 | D:6      | 5898 ||| Stepping ~*~*~tactically~*~*~ (hiding).
  5901 | D:6      | Noticed Blork the orc
  5905 | D:6      | 5905 ||| Stepping ~*~*~tactically~*~*~ (hiding).
  5919 | D:6      | Killed Blork the orc
  6196 | D:6      | 6196 ||| Stepping ~*~*~tactically~*~*~ (stealth).
  6197 | D:6      | 6197 ||| Stepping ~*~*~tactically~*~*~ (stealth).
  6205 | D:6      | Reached skill level 6 in Fighting
  6278 | D:6      | 6278 ||| Stepping ~*~*~tactically~*~*~ (stealth).
  6285 | D:6      | 6285 ||| Stepping ~*~*~tactically~*~*~ (stealth).
  6289 | D:6      | Reached * piety under Okawaru
  6290 | D:6      | 6290 ||| INVOKING Heroism.
  6291 | D:6      | 6291 ||| INVOKING Heroism.
  6292 | D:6      | 6292 ||| INVOKING Heroism.
  6297 | D:6      | Reached XP level 9. HP: 18/55 MP: 9/9
  6300 | D:6      | HP: 11/55 [orc warrior/+0 trident (7)]
  6301 | D:6      | 6301 ||| READING 2 scrolls of teleportation.
  6304 | D:6      | Reached skill level 9 in Axes
  6304 | D:6      | 6304 ||| INVOKING Heroism.
  6305 | D:6      | 6305 ||| READING scroll of teleportation.
  6310 | D:6      | Reached skill level 1 in Invocations
  6587 | D:6      | 6587 ||| READING 3 scrolls of brand weapon.
  6587 | D:6      | 6587 ||| BRANDING +2 vorpal war axe.
  6588 | D:6      | 6588 ||| DROPPING +0 flail.
  6589 | D:6      | 6589 ||| READING 2 scrolls of brand weapon.
  6589 | D:6      | 6589 ||| BRANDING +2 war axe of flaming.
  6656 | D:6      | 6656 ||| Stepping ~*~*~tactically~*~*~ (stealth).
  6657 | D:6      | 6657 ||| Stepping ~*~*~tactically~*~*~ (stealth).
  6661 | D:6      | 6661 ||| INVOKING Heroism.
  6708 | D:6      | 6708 ||| READING scroll of enchant armour.
  6708 | D:6      | 6708 ||| ENCHANTING +1 pair of gloves.
  6860 | D:6      | 6860 ||| READING 5 scrolls of identify.
  6860 | D:6      | 6860 ||| IDENTIFYING amethyst potion
  6861 | D:6      | 6861 ||| READING 4 scrolls of identify.
  6861 | D:6      | 6861 ||| IDENTIFYING viscous green potion
  6862 | D:6      | 6862 ||| DROPPING potion of degeneration.
  7039 | D:7      | Found a sacrificial altar of Ru.
  7045 | D:7      | 7045 ||| Stepping ~*~*~tactically~*~*~ (stealth).
  7046 | D:7      | 7046 ||| Stepping ~*~*~tactically~*~*~ (stealth).
  7052 | D:7      | 7052 ||| INVOKING Heroism.
  7059 | D:7      | Reached skill level 3 in Invocations
  7161 | D:7      | 7161 ||| Stepping ~*~*~tactically~*~*~ (hiding).
  7163 | D:7      | 7163 ||| Stepping ~*~*~tactically~*~*~ (hiding).
  7166 | D:7      | 7166 ||| INVOKING Heroism.
  7218 | D:7      | 7218 ||| FLEEEEING.
  7275 | D:7      | 7275 ||| INVOKING Heroism.
  7277 | D:7      | 7277 ||| Stepping ~*~*~tactically~*~*~ (stealth).
  7406 | D:7      | 7406 ||| Stepping ~*~*~tactically~*~*~ (stealth).
  7408 | D:7      | 7408 ||| INVOKING Heroism.
  7492 | D:7      | 7492 ||| INVOKING Heroism.
  7493 | D:7      | 7493 ||| Stepping ~*~*~tactically~*~*~ (hiding).
  7796 | D:7      | Reached skill level 7 in Fighting
  7933 | D:7      | 7933 ||| Stepping ~*~*~tactically~*~*~ (stealth).
  7935 | D:7      | 7935 ||| Stepping ~*~*~tactically~*~*~ (hiding).
  7941 | D:7      | 7941 ||| INVOKING Heroism.
  7944 | D:7      | 7944 ||| Stepping ~*~*~tactically~*~*~ (stealth).
  8032 | D:7      | 8032 ||| READING scroll labelled FEWARPH HASIFYA.
  8061 | D:8      | 8061 ||| INVOKING Heroism.
  8093 | D:8      | 8093 ||| READING scroll of enchant weapon.
  8093 | D:8      | 8093 ||| ENCHANTING +2 spectral war axe.
  8108 | D:8      | 8108 ||| Stepping ~*~*~tactically~*~*~ (hiding).
  8110 | D:8      | 8110 ||| INVOKING Heroism.
  8185 | D:8      | Reached ** piety under Okawaru
  8186 | D:8      | 8186 ||| Stepping ~*~*~tactically~*~*~ (hiding).
  8300 | D:8      | 8300 ||| DROPPING +0 flail.
  8326 | D:8      | 8326 ||| INVOKING Heroism.
  8348 | D:8      | 8348 ||| Stepping ~*~*~tactically~*~*~ (hiding).
  8407 | D:8      | Reached XP level 10. HP: 63/63 MP: 13/13
  8501 | D:8      | 8501 ||| Stepping ~*~*~tactically~*~*~ (hiding).
  8539 | D:8      | Reached skill level 6 in Armour
  8664 | D:8      | 8664 ||| READING scroll of enchant armour.
  8664 | D:8      | 8664 ||| ENCHANTING +1 helmet.
  8841 | D:9      | Reached *** piety under Okawaru
  8842 | D:9      | Reached skill level 8 in Fighting
  8896 | D:9      | 8896 ||| INVOKING Heroism.
  8921 | D:9      | 8921 ||| DRINKING potion of curing.
  8921 | D:9      | 8921 ||| (to cure confusion)
  8929 | D:9      | 8929 ||| FLEEEEING.
  8936 | D:9      | 8936 ||| STAIRDANCE
  8990 | D:8      | 8990 ||| READING scroll labelled JAUGON IGESOMILI.
  8997 | D:9      | Noticed a two-headed ogre
  8998 | D:9      | 8998 ||| INVOKING Heroism.
  9004 | D:9      | Killed a two-headed ogre
  9211 | D:9      | 9211 ||| INVOKING Heroism.
  9388 | D:9      | Found a flagged portal.
  9389 | D:9      | 9389 ||| INVOKING Heroism.
  9391 | D:9      | 9391 ||| Stepping ~*~*~tactically~*~*~ (water).
  9625 | D:10     | Entered Level 10 of the Dungeon
  9626 | D:10     | 9626 ||| INVOKING Heroism.
  9627 | D:10     | 9627 ||| STAIRDANCE
  9644 | D:10     | Reached **** piety under Okawaru
  9683 | D:10     | Noticed Maurice
  9684 | D:10     | 9684 ||| Stepping ~*~*~tactically~*~*~ (hiding).
  9686 | D:10     | 9686 ||| Stepping ~*~*~tactically~*~*~ (hiding).
  9694 | D:10     | 9694 ||| INVOKING Heroism.
  9696 | D:10     | Killed Maurice
  9696 | D:10     | Received a gift from Okawaru
  9697 | D:10     | Reached skill level 9 in Fighting
  9704 | D:10     | Reached XP level 11. HP: 53/71 MP: 14/14
  9815 | D:10     | Found a runed translucent gate.
  9818 | D:10     | Found a runed translucent gate.
  9819 | D:10     | Found a runed translucent gate.
  9819 | D:10     | Noticed a cyclops
  9819 | D:10     | Noticed qw's ghost (journeyman MiBe)
  9853 | D:10     | Noticed a two-headed ogre
  9854 | D:10     | 9854 ||| INVOKING Heroism.
  9860 | D:10     | Killed a two-headed ogre
  9974 | D:10     | 9974 ||| INVOKING Heroism.
 10308 | D:10     | 10308 ||| Stepping ~*~*~tactically~*~*~ (stealth).
 10309 | D:10     | 10309 ||| Stepping ~*~*~tactically~*~*~ (stealth).
 10350 | D:10     | 10350 ||| UPGRADING to +0 kite shield.
 10360 | D:10     | 10360 ||| UPGRADING to +0 cloak.
 10365 | D:10     | 10365 ||| READING 8 scrolls of identify.
 10365 | D:10     | 10365 ||| IDENTIFYING glowing emerald potion
 10366 | D:10     | 10366 ||| DROPPING potion of ambrosia.
 10392 | D:11     | Noticed Grum
 10393 | D:11     | 10393 ||| INVOKING Heroism.
 10415 | D:11     | Killed Grum
 10497 | D:11     | Found Gantel's Armour Shop.
 10499 | D:11     | Found a staircase to the Lair.
 10499 | D:11     | Noticed a two-headed ogre
 10500 | D:11     | 10500 ||| INVOKING Heroism.
 10502 | D:11     | Killed a two-headed ogre
 10503 | D:11     | Reached skill level 6 in Invocations
 10512 | D:11     | Reached ***** piety under Okawaru
 10515 | D:11     | Reached skill level 6 in Shields
 10693 | D:11     | 10693 ||| BUYING +1 pair of boots of flying (181 gold).
 10693 | D:11     | Bought a +1 pair of boots of flying for 181 gold pieces
 10762 | D:11     | 10762 ||| INVOKING Heroism.
 10804 | D:11     | Noticed Josephine
 10805 | D:11     | 10805 ||| Stepping ~*~*~tactically~*~*~ (hiding).
 10807 | D:11     | 10807 ||| Stepping ~*~*~tactically~*~*~ (hiding).
 10816 | D:11     | Killed Josephine
 10881 | D:11     | Noticed a two-headed ogre
 10882 | D:11     | 10882 ||| INVOKING Heroism.
 10887 | D:11     | Killed a two-headed ogre
 10898 | D:11     | Received a gift from Okawaru
 11136 | D:11     | Found a staircase to the Orcish Mines.
 11196 | D:11     | Noticed a cyclops
 11197 | D:11     | 11197 ||| INVOKING Heroism.
 11203 | D:11     | Killed a cyclops
 11303 | D:11     | 11303 ||| INVOKING Heroism.
 11396 | D:11     | Noticed a two-headed ogre
 11397 | D:11     | 11397 ||| INVOKING Heroism.
 11402 | D:11     | Killed a two-headed ogre
 11403 | D:11     | Reached XP level 12. HP: 76/76 MP: 15/18
 11403 | D:11     | Received a gift from Okawaru
 11418 | D:11     | 11418 ||| SWAPPING to +0 broad axe of venom.
 11419 | D:11     | 11419 ||| DROPPING +3 spectral war axe.
 11420 | D:11     | 11420 ||| READING scroll of brand weapon.
 11420 | D:11     | 11420 ||| BRANDING +0 broad axe of venom.
 11474 | D:11     | 11474 ||| INVOKING Heroism.
 11530 | D:11     | 11530 ||| PLANNING LAIR
 11530 | D:11     | 11530 ||| UPGRADING to +1 pair of boots of flying.
 11566 | Lair:1   | Entered Level 1 of the Lair of Beasts
 11686 | Lair:1   | 11686 ||| Stepping ~*~*~tactically~*~*~ (stealth).
 11687 | Lair:1   | 11687 ||| Stepping ~*~*~tactically~*~*~ (stealth).
 11713 | Lair:1   | 11713 ||| Stepping ~*~*~tactically~*~*~ (stealth).
 11723 | Lair:1   | 11723 ||| INVOKING Heroism.
 11729 | Lair:1   | Reached skill level 9 in Invocations
 11927 | Lair:1   | 11927 ||| INVOKING Heroism.
 11937 | Lair:1   | Reached skill level 3 in Throwing
 12003 | Lair:1   | 12003 ||| INVOKING Heroism.
 12064 | Lair:1   | 12064 ||| Stepping ~*~*~tactically~*~*~ (stealth).
 12065 | Lair:1   | 12065 ||| Stepping ~*~*~tactically~*~*~ (stealth).
 12094 | Lair:1   | 12094 ||| INVOKING Heroism.
 12186 | Lair:1   | Found a frozen archway.
 12372 | Lair:1   | You are sucked into a shaft and drop 1 floor!
 12373 | Lair:2   | 12373 ||| UPGRADING to +1 cloak.
 12383 | Lair:2   | 12383 ||| DROPPING +0 cloak.
 12386 | Lair:2   | 12386 ||| INVOKING Heroism.
 12409 | Lair:2   | Reached skill level 9 in Shields
 12410 | Lair:2   | 12410 ||| INVOKING Heroism.
 12421 | Lair:2   | 12421 ||| Stepping ~*~*~tactically~*~*~ (stealth).
 12645 | Lair:2   | 12645 ||| Stepping ~*~*~tactically~*~*~ (stealth).
 12646 | Lair:2   | 12646 ||| Stepping ~*~*~tactically~*~*~ (stealth).
 12679 | Lair:1   | 12679 ||| INVOKING Heroism.
 12812 | Lair:1   | 12812 ||| INVOKING Heroism.
 13164 | Lair:2   | 13164 ||| Stepping ~*~*~tactically~*~*~ (stealth).
 13173 | Lair:2   | Found a staircase to the Shoals.
 13188 | Lair:2   | Found an opulent altar of Gozag.
 13319 | Lair:2   | 13319 ||| FLEEEEING.
 13320 | Lair:2   | 13320 ||| FLEEEEING.
 13321 | Lair:2   | 13321 ||| FLEEEEING.
 13633 | Lair:2   | 13633 ||| Stepping ~*~*~tactically~*~*~ (stealth).
 13635 | Lair:2   | 13635 ||| Stepping ~*~*~tactically~*~*~ (stealth).
 13636 | Lair:2   | 13636 ||| Stepping ~*~*~tactically~*~*~ (stealth).
 13756 | Lair:2   | 13756 ||| INVOKING Heroism.
 13773 | Lair:2   | Reached skill level 12 in Axes
 13776 | Lair:2   | 13776 ||| INVOKING Heroism.
 13778 | Lair:2   | Received a gift from Okawaru
 13789 | Lair:2   | 13789 ||| Stepping ~*~*~tactically~*~*~ (stealth).
 13827 | Lair:2   | 13827 ||| Stepping ~*~*~tactically~*~*~ (stealth).
 13857 | Lair:2   | 13857 ||| Stepping ~*~*~tactically~*~*~ (stealth).
 13858 | Lair:2   | 13858 ||| INVOKING Heroism.
 13987 | Lair:2   | 13987 ||| DROPPING +0 flail of protection.
 14089 | Lair:2   | 14089 ||| Stepping ~*~*~tactically~*~*~ (stealth).
 14091 | Lair:2   | 14091 ||| Stepping ~*~*~tactically~*~*~ (hiding).
 14092 | Lair:2   | 14092 ||| Stepping ~*~*~tactically~*~*~ (hiding).
 14094 | Lair:2   | 14094 ||| Stepping ~*~*~tactically~*~*~ (hiding).
 14117 | Lair:2   | Reached XP level 13. HP: 73/80 MP: 20/20
 14160 | Lair:2   | 14160 ||| READING 10 scrolls of identify.
 14160 | Lair:2   | 14160 ||| IDENTIFYING fizzy pink potion
 14161 | Lair:2   | 14161 ||| DROPPING potion of berserk rage.
 14180 | Lair:3   | 14180 ||| STAIRDANCE
 14192 | Lair:3   | 14192 ||| STAIRDANCE
 14202 | Lair:3   | 14202 ||| FLEEEEING.
 14204 | Lair:3   | 14204 ||| INVOKING Heroism.
 14206 | Lair:3   | 14206 ||| Stepping ~*~*~tactically~*~*~ (stealth).
 14208 | Lair:3   | 14208 ||| Stepping ~*~*~tactically~*~*~ (stealth).
 14209 | Lair:3   | 14209 ||| Stepping ~*~*~tactically~*~*~ (stealth).
 14227 | Lair:3   | 14227 ||| Stepping ~*~*~tactically~*~*~ (stealth).
 14228 | Lair:3   | 14228 ||| Stepping ~*~*~tactically~*~*~ (stealth).
 14229 | Lair:3   | 14229 ||| FLEEEEING.
 14230 | Lair:3   | 14230 ||| STAIRDANCE
 14286 | Lair:3   | Found a hole to the Spider Nest.
 14364 | Lair:3   | 14364 ||| INVOKING Heroism.
 14365 | Lair:3   | 14365 ||| INVOKING Finesse.
 14377 | Lair:3   | Reached skill level 10 in Fighting
 14465 | Lair:3   | 14465 ||| Stepping ~*~*~tactically~*~*~ (stealth).
 14642 | Lair:3   | 14642 ||| READING scroll of brand weapon.
 14642 | Lair:3   | 14642 ||| BRANDING +0 broad axe of freezing.
 14665 | Lair:3   | 14665 ||| READING scroll of enchant weapon.
 14665 | Lair:3   | 14665 ||| ENCHANTING +0 broad axe of protection.
 14714 | Lair:3   | 14714 ||| Stepping ~*~*~tactically~*~*~ (stealth).
 14717 | Lair:3   | 14717 ||| Stepping ~*~*~tactically~*~*~ (stealth).
 14719 | Lair:3   | 14719 ||| Stepping ~*~*~tactically~*~*~ (stealth).
 14722 | Lair:3   | 14722 ||| Stepping ~*~*~tactically~*~*~ (stealth).
 14747 | Lair:3   | 14747 ||| INVOKING Heroism.
 14896 | Lair:3   | 14896 ||| Stepping ~*~*~tactically~*~*~ (hiding).
 14897 | Lair:3   | 14897 ||| Stepping ~*~*~tactically~*~*~ (hiding).
 14961 | Lair:3   | 14961 ||| INVOKING Heroism.
 14962 | Lair:3   | 14962 ||| INVOKING Finesse.
 15269 | Lair:3   | 15269 ||| INVOKING Heroism.
 15392 | Lair:3   | 15392 ||| Stepping ~*~*~tactically~*~*~ (stealth).
 15507 | Lair:3   | 15507 ||| Stepping ~*~*~tactically~*~*~ (stealth).
 15531 | Lair:3   | 15531 ||| UPGRADING to ring of see invisible.
 15550 | Lair:4   | 15550 ||| INVOKING Heroism.
 15553 | Lair:4   | 15553 ||| STAIRDANCE
 15564 | Lair:4   | 15564 ||| STAIRDANCE
 15576 | Lair:4   | 15576 ||| STAIRDANCE
 15656 | Lair:4   | 15656 ||| STAIRDANCE
 15686 | Lair:4   | 15686 ||| STAIRDANCE
 15826 | Lair:4   | 15826 ||| INVOKING Heroism.
 15827 | Lair:4   | 15827 ||| INVOKING Finesse.
 16044 | Lair:4   | 16044 ||| INVOKING Heroism.
 16045 | Lair:4   | 16045 ||| INVOKING Finesse.
 16047 | Lair:4   | 16047 ||| SWAPPING to +0 morningstar of holy wrath.
 16055 | Lair:4   | Reached skill level 9 in Armour
 16055 | Lair:4   | 16055 ||| SWAPPING to +1 broad axe of protection.
 16224 | Lair:4   | 16224 ||| Stepping ~*~*~tactically~*~*~ (stealth).
 16226 | Lair:4   | 16226 ||| INVOKING Heroism.
 16356 | Lair:4   | 16356 ||| READING scroll of enchant armour.
 16356 | Lair:4   | 16356 ||| ENCHANTING +1 pair of boots of flying.
 16388 | Lair:4   | Found a runed translucent door.
 16447 | Lair:4   | 16447 ||| INVOKING Heroism.
 16448 | Lair:4   | 16448 ||| INVOKING Finesse.
 16450 | Lair:4   | 16450 ||| SWAPPING to +0 morningstar of holy wrath.
 16466 | Lair:4   | 16466 ||| SWAPPING to +1 broad axe of protection.
 16701 | Lair:4   | 16701 ||| DROPPING +2 pair of boots.
 16720 | Lair:5   | Entered Level 5 of the Lair of Beasts
 16721 | Lair:5   | 16721 ||| STAIRDANCE
 16754 | Lair:5   | 16754 ||| STAIRDANCE
 16756 | Lair:4   | 16756 ||| INVOKING Heroism.
 16882 | Lair:5   | 16882 ||| STAIRDANCE
 16884 | Lair:4   | 16884 ||| INVOKING Heroism.
 17010 | Lair:5   | 17010 ||| INVOKING Heroism.
 17063 | Lair:5   | 17063 ||| Stepping ~*~*~tactically~*~*~ (hiding).
 17064 | Lair:5   | 17064 ||| Stepping ~*~*~tactically~*~*~ (hiding).
 17183 | Lair:5   | 17183 ||| INVOKING Heroism.
 17184 | Lair:5   | Received a gift from Okawaru
 17188 | Lair:5   | 17188 ||| Stepping ~*~*~tactically~*~*~ (stealth).
 17189 | Lair:5   | 17189 ||| Stepping ~*~*~tactically~*~*~ (stealth).
 17196 | Lair:5   | 17196 ||| Stepping ~*~*~tactically~*~*~ (stealth).
 17228 | Lair:5   | 17228 ||| Stepping ~*~*~tactically~*~*~ (stealth).
 17229 | Lair:5   | 17229 ||| Stepping ~*~*~tactically~*~*~ (stealth).
 17230 | Lair:5   | 17230 ||| INVOKING Heroism.
 17244 | Lair:5   | 17244 ||| Stepping ~*~*~tactically~*~*~ (stealth).
 17254 | Lair:5   | Received a gift from Okawaru
 17272 | Lair:5   | 17272 ||| Stepping ~*~*~tactically~*~*~ (stealth).
 17287 | Lair:5   | 17287 ||| FLEEEEING.
 17288 | Lair:5   | 17288 ||| FLEEEEING.
 17289 | Lair:5   | 17289 ||| FLEEEEING.
 17290 | Lair:5   | 17290 ||| FLEEEEING.
 17291 | Lair:5   | 17291 ||| FLEEEEING.
 17296 | Lair:5   | 17296 ||| FLEEEEING.
 17297 | Lair:5   | 17297 ||| Stepping ~*~*~tactically~*~*~ (cloud).
 17299 | Lair:5   | 17299 ||| STAIRDANCE
 17416 | Lair:5   | 17416 ||| Stepping ~*~*~tactically~*~*~ (cloud).
 17417 | Lair:5   | 17417 ||| INVOKING Heroism.
 17421 | Lair:5   | Gained mutation: Your large and strong wings let you fly.
                  | [Gargoyle growth]
 17421 | Lair:5   | Reached XP level 14. HP: 74/88 MP: 18/21
 17502 | Lair:5   | 17502 ||| INVOKING Heroism.
 17529 | Lair:5   | 17529 ||| INVOKING Finesse.
 17542 | Lair:5   | Reached skill level 11 in Fighting
 17555 | Lair:5   | HP: 19/90 [rime drake/flash freeze (5)]
 17556 | Lair:5   | 17556 ||| READING 5 scrolls of teleportation.
 17557 | Lair:5   | 17557 ||| DRINKING 2 potions of heal wounds.
 17565 | Lair:5   | 17565 ||| INVOKING Heroism.
 17817 | Lair:5   | 17817 ||| Stepping ~*~*~tactically~*~*~ (stealth).
 17909 | Lair:5   | 17909 ||| INVOKING Heroism.
 18032 | Lair:5   | 18032 ||| Stepping ~*~*~tactically~*~*~ (stealth).
 18042 | Lair:5   | Reached skill level 12 in Shields
 18093 | Lair:5   | Noticed a dire elephant
 18094 | Lair:5   | 18094 ||| INVOKING Heroism.
 18095 | Lair:5   | 18095 ||| INVOKING Finesse.
 18113 | Lair:5   | Killed a dire elephant
 18128 | Lair:5   | Reached skill level 6 in Throwing
 18186 | Lair:5   | 18186 ||| Stepping ~*~*~tactically~*~*~ (hiding).
 18189 | Lair:5   | 18189 ||| INVOKING Heroism.
 18190 | Lair:5   | 18190 ||| INVOKING Finesse.
 18207 | Lair:5   | Identified the +5 tower shield of Qutryus {rPois Will-
                  | Int+2 Dex+2} (Okawaru gifted it to you on level 5 of the
                  | Lair of Beasts)
 18207 | Lair:5   | Received a gift from Okawaru
 18283 | Lair:5   | 18283 ||| Stepping ~*~*~tactically~*~*~ (stealth).
 18294 | Lair:5   | 18294 ||| Stepping ~*~*~tactically~*~*~ (stealth).
 18295 | Lair:5   | 18295 ||| Stepping ~*~*~tactically~*~*~ (stealth).
 18298 | Lair:5   | 18298 ||| Stepping ~*~*~tactically~*~*~ (stealth).
 18299 | Lair:5   | 18299 ||| Stepping ~*~*~tactically~*~*~ (stealth).
 18311 | Lair:5   | 18311 ||| INVOKING Heroism.
 18312 | Lair:5   | 18312 ||| INVOKING Finesse.
 18584 | Lair:5   | Identified the +8 quarterstaff "Woeturhe" {vorpal, Dex+5}
 18654 | Lair:5   | Identified the +3 ring mail "Etseasem" {Dex+5}
 18751 | Lair:5   | 18751 ||| Stepping ~*~*~tactically~*~*~ (stealth).
 18753 | Lair:5   | 18753 ||| Stepping ~*~*~tactically~*~*~ (hiding).
 18791 | Lair:5   | 18791 ||| DROPPING +0 vorpal flail.
 18799 | Lair:5   | Found a staircase to the Slime Pits.
 18809 | Lair:5   | Found a viscous altar of Jiyva.
 18913 | Lair:5   | 18913 ||| Stepping ~*~*~tactically~*~*~ (stealth).
 18917 | Lair:5   | 18917 ||| INVOKING Heroism.
 19295 | Lair:5   | 19295 ||| PLANNING D
 19295 | Lair:5   | 19295 ||| UPGRADING to +0 fire dragon scales.
 19305 | Lair:5   | 19305 ||| UPGRADING to +5 tower shield of Qutryus {rPois
                  | Will- Int+2 Dex+2}.
 19315 | Lair:5   | 19315 ||| DROPPING +2 buckler "Nupaw" {rF+ rC+ MP+9}.
 19316 | Lair:5   | 19316 ||| DROPPING +0 chain mail.
 19317 | Lair:5   | 19317 ||| DROPPING +0 kite shield.
 19318 | Lair:5   | 19318 ||| UPGRADING to +2 plate armour of willpower.
 19328 | Lair:5   | 19328 ||| UPGRADING to amulet of the acrobat.
 19452 | D:12     | 19452 ||| Stepping ~*~*~tactically~*~*~ (hiding).
 19453 | D:12     | 19453 ||| Stepping ~*~*~tactically~*~*~ (hiding).
 19454 | D:12     | 19454 ||| INVOKING Heroism.
 19537 | D:12     | Noticed Gastronok
 19545 | D:12     | 19545 ||| INVOKING Heroism.
 19553 | D:12     | Killed Gastronok
 20073 | D:13     | 20073 ||| INVOKING Heroism.
 20078 | D:13     | 20078 ||| Stepping ~*~*~tactically~*~*~ (stealth).
 20079 | D:13     | 20079 ||| Stepping ~*~*~tactically~*~*~ (stealth).
 20080 | D:13     | 20080 ||| READING 5 scrolls of teleportation.
 20081 | D:13     | 20081 ||| Stepping ~*~*~tactically~*~*~ (stealth).
 20097 | D:13     | 20097 ||| Stepping ~*~*~tactically~*~*~ (stealth).
 20105 | D:13     | 20105 ||| READING 4 scrolls of teleportation.
 20126 | D:13     | 20126 ||| Stepping ~*~*~tactically~*~*~ (stealth).
 20131 | D:13     | 20131 ||| INVOKING Heroism.
 20286 | D:13     | 20286 ||| INVOKING Heroism.
 20431 | D:13     | 20431 ||| INVOKING Heroism.
 20454 | D:13     | Found a gate to the Vaults.
 20541 | D:13     | 20541 ||| READING scroll of enchant weapon.
 20541 | D:13     | 20541 ||| ENCHANTING +1 broad axe of protection.
 20614 | D:13     | 20614 ||| INVOKING Heroism.
 20615 | D:13     | 20615 ||| INVOKING Finesse.
 20682 | D:13     | 20682 ||| FLEEEEING.
 20683 | D:13     | 20683 ||| FLEEEEING.
 20684 | D:13     | 20684 ||| FLEEEEING.
 20685 | D:13     | 20685 ||| FLEEEEING.
 20726 | D:13     | Noticed Rupert
 20727 | D:13     | 20727 ||| INVOKING Heroism.
 20728 | D:13     | 20728 ||| INVOKING Finesse.
 20748 | D:13     | Killed Rupert
 20749 | D:13     | Reached XP level 15. HP: 94/94 MP: 15/22
 20806 | D:13     | 20806 ||| Stepping ~*~*~tactically~*~*~ (hiding).
 20808 | D:13     | 20808 ||| INVOKING Heroism.
 20817 | D:13     | Received a gift from Okawaru
 20880 | D:13     | 20880 ||| FLEEEEING.
 20881 | D:13     | 20881 ||| FLEEEEING.
 20882 | D:13     | 20882 ||| FLEEEEING.
 20892 | D:13     | 20892 ||| FLEEEEING.
 20897 | D:13     | 20897 ||| FLEEEEING.
 20898 | D:13     | 20898 ||| FLEEEEING.
 20899 | D:13     | 20899 ||| FLEEEEING.
 20900 | D:13     | 20900 ||| FLEEEEING.
 20901 | D:13     | 20901 ||| FLEEEEING.
 20902 | D:13     | 20902 ||| FLEEEEING.
 20903 | D:13     | 20903 ||| FLEEEEING.
 20904 | D:13     | 20904 ||| FLEEEEING.
 20905 | D:13     | 20905 ||| FLEEEEING.
 20906 | D:13     | 20906 ||| FLEEEEING.
 20911 | D:13     | 20911 ||| FLEEEEING.
 20917 | D:13     | 20917 ||| FLEEEEING.
 20918 | D:13     | 20918 ||| FLEEEEING.
 20919 | D:13     | 20919 ||| FLEEEEING.
 20920 | D:13     | 20920 ||| FLEEEEING.
 20921 | D:13     | 20921 ||| FLEEEEING.
 20922 | D:13     | 20922 ||| FLEEEEING.
 20923 | D:13     | 20923 ||| FLEEEEING.
 20924 | D:13     | 20924 ||| FLEEEEING.
 20925 | D:13     | 20925 ||| FLEEEEING.
 20934 | D:13     | 20934 ||| STAIRDANCE
 21010 | D:13     | 21010 ||| INVOKING Heroism.
 21373 | D:14     | 21373 ||| PLANNING GAUNTLET
 21376 | D:14     | 21376 ||| Stepping ~*~*~tactically~*~*~ (hiding).
 21377 | D:14     | 21377 ||| Stepping ~*~*~tactically~*~*~ (hiding).
 21384 | D:14     | 21384 ||| INVOKING Heroism.
 21389 | D:14     | 21389 ||| Stepping ~*~*~tactically~*~*~ (hiding).
 21457 | D:14     | 21457 ||| Stepping ~*~*~tactically~*~*~ (hiding).
 21458 | D:14     | 21458 ||| Stepping ~*~*~tactically~*~*~ (hiding).
 21503 | D:14     | Reached skill level 15 in Shields
 21555 | D:14     | Found a gate leading to a gauntlet.
 21560 | Gauntlet | Entered a Gauntlet
 21560 | Gauntlet | Found a transporter.
 21570 | Gauntlet | Found a transporter.
 21584 | Gauntlet | Found a transporter.
 21589 | Gauntlet | Found a transporter.
 21608 | Gauntlet | Found a transporter.
 21625 | Gauntlet | Found a transporter.
 21637 | Gauntlet | Found a transporter.
 21649 | Gauntlet | Found a transporter.
 21655 | Gauntlet | Found a transporter.
 21655 | Gauntlet | Found a transporter.
 21674 | Gauntlet | Found a transporter.
 21680 | Gauntlet | Found a transporter.
 21682 | Gauntlet | Found a transporter.
 21699 | Gauntlet | Found a transporter.
 21716 | Gauntlet | Found a transporter.
 21735 | Gauntlet | Found a transporter.
 21737 | Gauntlet | Found a runed translucent gate.
 21737 | Gauntlet | Found a runed translucent gate.
 21737 | Gauntlet | Found a runed translucent gate.
 21740 | Gauntlet | Found a large runed translucent door.
 21740 | Gauntlet | Found a large runed translucent door.
 21740 | Gauntlet | Found a large runed translucent door.
 21740 | Gauntlet | Found a large runed translucent door.
 21743 | Gauntlet | Found a large runed translucent door.
 21743 | Gauntlet | Found a large runed translucent door.
 21745 | Gauntlet | Found a large runed translucent door.
 21745 | Gauntlet | Found a large runed translucent door.
 21747 | Gauntlet | Found a large runed translucent door.
 21747 | Gauntlet | Found a large runed translucent door.
 21747 | Gauntlet | Found a runed translucent door.
 21747 | Gauntlet | Found a runed translucent door.
 21748 | Gauntlet | Found a large runed translucent door.
 21749 | Gauntlet | Found a large runed translucent door.
 21758 | Gauntlet | Found a large runed translucent door.
 21758 | Gauntlet | Found a large runed translucent door.
 21759 | Gauntlet | Found a large runed translucent door.
 21760 | Gauntlet | Found a large runed translucent door.
 21760 | Gauntlet | Found a transporter.
 21760 | Gauntlet | Found the +10 tower shield of Ignorance {rN+ Int-4}
 21782 | Gauntlet | Found a transporter.
 21953 | Gauntlet | 21953 ||| Stepping ~*~*~tactically~*~*~ (hiding).
 21972 | Gauntlet | 21972 ||| UPGRADING to +10 tower shield of Ignorance {rN+
                  | Int-4}.
 21982 | Gauntlet | 21982 ||| DROPPING +5 tower shield of Qutryus {rPois Will-
                  | Int+2 Dex+2}.
 22000 | Gauntlet | 22000 ||| Stepping randomly (stuck).
 22001 | Gauntlet | 22001 ||| Stepping randomly (stuck).
 22002 | Gauntlet | 22002 ||| Stepping randomly (stuck).
 22003 | Gauntlet | 22003 ||| Stepping randomly (stuck).
 22004 | Gauntlet | 22004 ||| Stepping ~*~*~tactically~*~*~ (hiding).
 22100 | Gauntlet | 22100 ||| DROPPING +0 helmet of intelligence.
 22137 | Gauntlet | Identified the +2 leather armour "Dacius" {rPois rC+ SInv}
 22138 | Gauntlet | 22138 ||| INVOKING Heroism.
 22263 | D:14     | 22263 ||| PLANNING D
 22278 | D:14     | 22278 ||| Stepping ~*~*~tactically~*~*~ (stealth).
 22280 | D:14     | 22280 ||| Stepping ~*~*~tactically~*~*~ (hiding).
 22282 | D:14     | 22282 ||| Stepping ~*~*~tactically~*~*~ (hiding).
 22340 | D:14     | 22340 ||| Stepping ~*~*~tactically~*~*~ (hiding).
 22352 | D:14     | Received a gift from Okawaru
 22439 | D:14     | Found Sots's Armour Boutique.
 22449 | D:14     | 22449 ||| BUYING +0 ice dragon scales (780 gold).
 22449 | D:14     | Bought +0 ice dragon scales for 780 gold pieces
 22449 | D:14     | 22449 ||| BUYING +3 plate armour of poison resistance (546
                  | gold).
 22449 | D:14     | Bought a +3 plate armour of poison resistance for 546 gold
                  | pieces
 22456 | D:14     | 22456 ||| Stepping ~*~*~tactically~*~*~ (hiding).
 22501 | D:14     | 22501 ||| Stepping ~*~*~tactically~*~*~ (stealth).
 22502 | D:14     | 22502 ||| INVOKING Heroism.
 22511 | D:14     | 22511 ||| Stepping ~*~*~tactically~*~*~ (stealth).
 22512 | D:14     | 22512 ||| Stepping ~*~*~tactically~*~*~ (stealth).
 22677 | D:14     | 22677 ||| INVOKING Heroism.
 22678 | D:14     | 22678 ||| SWAPPING to +0 morningstar of holy wrath.
 22679 | D:14     | 22679 ||| INVOKING Finesse.
 22690 | D:14     | 22690 ||| SWAPPING to +2 broad axe of protection.
 22735 | D:14     | 22735 ||| Stepping ~*~*~tactically~*~*~ (hiding).
 22997 | D:14     | 22997 ||| READING scroll of enchant armour.
 22997 | D:14     | 22997 ||| ENCHANTING +1 cloak.
 23003 | Abyss:2  | Cast into level 2 of the Abyss (a wizard)
 23007 | Abyss:2  | Found a corrupted altar of Lugonu.
 23011 | Abyss:2  | 23011 ||| Stepping ~*~*~tactically~*~*~ (stealth).
 23023 | D:14     | Escaped the Abyss
 23031 | D:14     | 23031 ||| READING scroll of enchant armour.
 23031 | D:14     | 23031 ||| ENCHANTING +2 plate armour of willpower.
 23267 | D:14     | 23267 ||| DROPPING +3 plate armour of poison resistance.
 23268 | D:14     | 23268 ||| READING scroll labelled KAROHI NAJOI.
 23369 | D:14     | 23369 ||| READING 16 scrolls of identify.
 23369 | D:14     | 23369 ||| IDENTIFYING pink potion
 23375 | D:15     | Entered Level 15 of the Dungeon
 23394 | D:15     | 23394 ||| READING scroll of enchant weapon.
 23394 | D:15     | 23394 ||| ENCHANTING +2 broad axe of protection.
 23411 | D:15     | 23411 ||| INVOKING Heroism.
 23451 | D:15     | 23451 ||| Stepping ~*~*~tactically~*~*~ (stealth).
 23628 | D:15     | 23628 ||| Stepping ~*~*~tactically~*~*~ (stealth).
 23734 | D:15     | 23734 ||| READING 15 scrolls of identify.
 23734 | D:15     | 23734 ||| IDENTIFYING fuming black potion
 23736 | D:15     | 23736 ||| Stepping ~*~*~tactically~*~*~ (cloud).
 23741 | D:15     | 23741 ||| INVOKING Heroism.
 23745 | D:15     | 23745 ||| Stepping ~*~*~tactically~*~*~ (cloud).
 23746 | D:15     | Identified the +1 plate armour of Oseutoif {rF+ Will+ MP-9
                  | Str+3} (Okawaru gifted it to you on level 15 of the
                  | Dungeon)
 23746 | D:15     | Received a gift from Okawaru
 24005 | D:15     | 24005 ||| Stepping ~*~*~tactically~*~*~ (hiding).
 24009 | D:15     | 24009 ||| Stepping ~*~*~tactically~*~*~ (hiding).
 24014 | D:15     | 24014 ||| INVOKING Heroism.
 24221 | D:15     | 24221 ||| INVOKING Heroism.
 24226 | D:15     | 24226 ||| INVOKING Finesse.
 24318 | D:15     | 24318 ||| Stepping ~*~*~tactically~*~*~ (stealth).
 24318 | D:15     | Found a staircase to the Depths.
 24319 | D:15     | 24319 ||| Stepping ~*~*~tactically~*~*~ (stealth).
 24329 | D:15     | 24329 ||| INVOKING Heroism.
 24350 | D:15     | 24350 ||| Stepping ~*~*~tactically~*~*~ (stealth).
 24353 | D:15     | Identified the +5 scale mail "Wotao" {Will+}
 24363 | D:15     | 24363 ||| INVOKING Heroism.
 24566 | D:15     | 24566 ||| PLANNING ORC
 24566 | D:15     | 24566 ||| DROPPING +0 fire dragon scales.
 24567 | D:15     | 24567 ||| UPGRADING to +1 plate armour of Oseutoif {rF+
                  | Will+ MP-9 Str+3}.
 24577 | D:15     | 24577 ||| DROPPING ring of willpower.
 24578 | D:15     | 24578 ||| DROPPING ring of positive energy.
 24686 | Orc:1    | Entered Level 1 of the Orcish Mines
 24695 | Orc:1    | Reached skill level 15 in Axes
 24720 | Orc:2    | Entered Level 2 of the Orcish Mines
 24720 | Orc:2    | Found a staircase to the Elven Halls.
 24722 | Orc:2    | 24722 ||| Stepping ~*~*~tactically~*~*~ (hiding).
 24723 | Orc:2    | 24723 ||| Stepping ~*~*~tactically~*~*~ (hiding).
 24844 | Orc:2    | 24844 ||| Stepping ~*~*~tactically~*~*~ (hiding).
 24925 | Orc:2    | 24925 ||| INVOKING Heroism.
 25033 | Orc:2    | 25033 ||| Stepping ~*~*~tactically~*~*~ (stealth).
 25073 | Orc:2    | 25073 ||| INVOKING Heroism.
 25129 | Orc:2    | 25129 ||| Stepping ~*~*~tactically~*~*~ (stealth).
 25130 | Orc:2    | 25130 ||| INVOKING Heroism.
 25261 | Orc:2    | 25261 ||| INVOKING Heroism.
 25262 | Orc:2    | Found Dasocaut's Antique Weapon Boutique.
 25423 | Orc:2    | Found Salavita's Armour Shop.
 25428 | Orc:2    | 25428 ||| SHOPLISTING +1 chain mail of Beogh {rC++ Will+
                  | rCorr Int+3} (772 gold, have 341).
 25428 | Orc:2    | 25428 ||| SHOPLISTING +1 plate armour "Hilajaup" {-Tele
                  | rPois Regen+ Dex+4} (609 gold, have 341).
 25444 | Orc:2    | 25444 ||| INVOKING Heroism.
 25569 | Orc:2    | 25569 ||| INVOKING Heroism.
 25570 | Orc:2    | Noticed Nessos
 25583 | Orc:2    | 25583 ||| Stepping ~*~*~tactically~*~*~ (hiding).
 25590 | Orc:2    | Killed Nessos
 25783 | Orc:2    | 25783 ||| INVOKING Heroism.
 25784 | Orc:2    | Noticed Saint Roka
 25799 | Orc:2    | HP: 9/96 [Saint Roka/divine providence (17)]
 25800 | Orc:2    | 25800 ||| READING 7 scrolls of teleportation.
 25801 | Orc:2    | 25801 ||| DRINKING 3 potions of heal wounds.
 25884 | Orc:2    | 25884 ||| FLEEEEING.
 25885 | Orc:2    | 25885 ||| FLEEEEING.
 25891 | Orc:2    | 25891 ||| STAIRDANCE
 25893 | Orc:1    | 25893 ||| INVOKING Heroism.
 25955 | Orc:1    | 25955 ||| Stepping ~*~*~tactically~*~*~ (stealth).
 26132 | Orc:2    | 26132 ||| FLEEEEING.
 26133 | Orc:2    | 26133 ||| FLEEEEING.
 26134 | Orc:2    | 26134 ||| FLEEEEING.
 26135 | Orc:2    | 26135 ||| FLEEEEING.
 26136 | Orc:2    | 26136 ||| FLEEEEING.
 26137 | Orc:2    | 26137 ||| FLEEEEING.
 26138 | Orc:2    | 26138 ||| FLEEEEING.
 26140 | Orc:2    | 26140 ||| FLEEEEING.
 26141 | Orc:2    | 26141 ||| FLEEEEING.
 26142 | Orc:2    | 26142 ||| FLEEEEING.
 26143 | Orc:2    | 26143 ||| FLEEEEING.
 26146 | Orc:2    | 26146 ||| STAIRDANCE
 26215 | Orc:2    | Reached skill level 12 in Fighting
 26295 | Orc:2    | 26295 ||| INVOKING Heroism.
 26301 | Orc:2    | Noticed an orc warlord
 26318 | Orc:2    | 26318 ||| INVOKING Heroism.
 26323 | Orc:2    | Killed an orc warlord
 26324 | Orc:2    | Reached XP level 16. HP: 95/101 MP: 11/23
 26356 | Orc:2    | Reached skill level 3 in Dodging
 26384 | Orc:2    | 26384 ||| FLEEEEING.
 26385 | Orc:2    | 26385 ||| FLEEEEING.
 26386 | Orc:2    | 26386 ||| FLEEEEING.
 26387 | Orc:2    | 26387 ||| FLEEEEING.
 26388 | Orc:2    | 26388 ||| FLEEEEING.
 26389 | Orc:2    | 26389 ||| FLEEEEING.
 26390 | Orc:2    | 26390 ||| FLEEEEING.
 26391 | Orc:2    | 26391 ||| FLEEEEING.
 26392 | Orc:2    | 26392 ||| FLEEEEING.
 26393 | Orc:2    | 26393 ||| FLEEEEING.
 26395 | Orc:2    | 26395 ||| FLEEEEING.
 26396 | Orc:2    | 26396 ||| FLEEEEING.
 26397 | Orc:2    | 26397 ||| FLEEEEING.
 26398 | Orc:2    | 26398 ||| FLEEEEING.
 26401 | Orc:2    | 26401 ||| STAIRDANCE
 26584 | Orc:2    | 26584 ||| INVOKING Heroism.
 26604 | Orc:2    | Killed Saint Roka
 26815 | Orc:2    | Found Joblet's Antique Weapon Shop.
 26828 | Orc:2    | Found Sunwovva's Antique Armour Boutique.
 26843 | Orc:2    | 26843 ||| SHOPLISTING glowing plate armour (858 gold, have
                  | 460).
 26843 | Orc:2    | 26843 ||| BUYING pair of runed boots (247 gold).
 26843 | Orc:2    | Bought a pair of runed boots for 247 gold pieces
 26910 | Orc:2    | 26910 ||| DROPPING +1 pair of boots.
 26963 | Orc:1    | 26963 ||| INVOKING Heroism.
 27093 | Orc:1    | 27093 ||| INVOKING Heroism.
 27413 | Orc:1    | 27413 ||| PLANNING SHOALS:1-3
 27500 | Shoals:1 | Entered Level 1 of the Shoals
 27501 | Shoals:1 | 27501 ||| INVOKING Heroism.
 27515 | Shoals:1 | 27515 ||| Stepping ~*~*~tactically~*~*~ (hiding).
 27542 | Shoals:1 | 27542 ||| Stepping ~*~*~tactically~*~*~ (hiding).
 27710 | Shoals:1 | 27710 ||| INVOKING Heroism.
 27926 | Shoals:1 | 27926 ||| INVOKING Heroism.
 27989 | Shoals:1 | 27989 ||| INVOKING Heroism.
 28054 | Shoals:1 | 28054 ||| INVOKING Heroism.
 28084 | Shoals:1 | Received a gift from Okawaru
 28143 | Shoals:1 | Found Ragizuri's Armour Boutique.
 28165 | Shoals:1 | 28165 ||| SHOPLISTING +3 pair of gauntlets of War {Slay+5}
                  | (665 gold, have 627).
 28559 | Shoals:2 | 28559 ||| INVOKING Heroism.
 28696 | Shoals:2 | Noticed Aizul
 28697 | Shoals:2 | 28697 ||| Stepping ~*~*~tactically~*~*~ (hiding).
 28698 | Shoals:2 | 28698 ||| INVOKING Heroism.
 28723 | Shoals:2 | Killed Aizul
 28724 | Shoals:2 | 28724 ||| Stepping ~*~*~tactically~*~*~ (hiding).
 28736 | Shoals:2 | Identified the +0 scale mail of Ezur Wiw {rPois Int+4}
 28737 | Shoals:2 | 28737 ||| INVOKING Heroism.
 28833 | Shoals:2 | 28833 ||| INVOKING Heroism.
 29031 | Shoals:2 | Noticed Donald
 29032 | Shoals:2 | 29032 ||| INVOKING Heroism.
 29044 | Shoals:2 | Killed Donald
 29212 | Shoals:2 | 29212 ||| INVOKING Heroism.
 29276 | Shoals:2 | Found Neegat's Firing Range.
 29440 | Shoals:2 | 29440 ||| DROPPING +1 pair of boots.
 29445 | Shoals:3 | 29445 ||| INVOKING Heroism.
 29453 | Shoals:3 | Reached skill level 12 in Armour
 29453 | Shoals:3 | Received a gift from Okawaru
 29735 | Shoals:3 | 29735 ||| INVOKING Heroism.
 29740 | Shoals:3 | Noticed Ilsuiw
 29741 | Shoals:3 | 29741 ||| INVOKING Finesse.
 29777 | Shoals:3 | HP: 25/101 [merfolk/+0 spear of venom[a merfolk impaler]
                  | (5)]
 29778 | Shoals:3 | 29778 ||| READING 6 scrolls of teleportation.
 29779 | Shoals:3 | 29779 ||| DRINKING 2 potions of heal wounds.
 29794 | Shoals:3 | 29794 ||| INVOKING Heroism.
 29797 | Shoals:3 | HP: 22/101 [merfolk javelineer/silver javelin[Ilsuiw] (16)]
 29798 | Shoals:3 | 29798 ||| READING 5 scrolls of teleportation.
 29799 | Shoals:3 | 29799 ||| DRINKING potion of heal wounds.
 30091 | Shoals:3 | 30091 ||| INVOKING Heroism.
 30225 | Shoals:3 | 30225 ||| INVOKING Heroism.
 30328 | Shoals:3 | 30328 ||| INVOKING Heroism.
 30329 | Shoals:3 | 30329 ||| INVOKING Finesse.
 30359 | Shoals:3 | Killed Ilsuiw
 30370 | Shoals:3 | HP: 16/101 [merfolk javelineer/silver javelin[Ilsuiw] (13)]
 30371 | Shoals:3 | 30371 ||| READING 4 scrolls of teleportation.
 30377 | Shoals:3 | 30377 ||| FLEEEEING.
 30378 | Shoals:3 | 30378 ||| FLEEEEING.
 30379 | Shoals:3 | 30379 ||| FLEEEEING.
 30380 | Shoals:3 | 30380 ||| FLEEEEING.
 30381 | Shoals:3 | 30381 ||| FLEEEEING.
 30382 | Shoals:3 | 30382 ||| FLEEEEING.
 30383 | Shoals:3 | 30383 ||| FLEEEEING.
 30384 | Shoals:3 | 30384 ||| FLEEEEING.
 30385 | Shoals:3 | 30385 ||| FLEEEEING.
 30386 | Shoals:3 | 30386 ||| FLEEEEING.
 30387 | Shoals:3 | 30387 ||| FLEEEEING.
 30388 | Shoals:3 | 30388 ||| FLEEEEING.
 30389 | Shoals:3 | 30389 ||| FLEEEEING.
 30390 | Shoals:3 | 30390 ||| FLEEEEING.
 30391 | Shoals:3 | 30391 ||| FLEEEEING.
 30392 | Shoals:3 | 30392 ||| FLEEEEING.
 30393 | Shoals:3 | 30393 ||| FLEEEEING.
 30394 | Shoals:3 | 30394 ||| FLEEEEING.
 30395 | Shoals:3 | 30395 ||| FLEEEEING.
 30396 | Shoals:3 | 30396 ||| FLEEEEING.
 30397 | Shoals:3 | 30397 ||| FLEEEEING.
 30398 | Shoals:3 | 30398 ||| STAIRDANCE
 30707 | Shoals:3 | 30707 ||| INVOKING Heroism.
 30708 | Shoals:3 | 30708 ||| INVOKING Finesse.
 30836 | Shoals:3 | 30836 ||| Stepping ~*~*~tactically~*~*~ (stealth).
 30837 | Shoals:3 | 30837 ||| Stepping ~*~*~tactically~*~*~ (stealth).
 30838 | Shoals:3 | 30838 ||| Stepping ~*~*~tactically~*~*~ (stealth).
 30841 | Shoals:3 | 30841 ||| Stepping ~*~*~tactically~*~*~ (hiding).
 31123 | Shoals:3 | 31123 ||| PLANNING SPIDER:1-3
 31196 | Spider:1 | Entered Level 1 of the Spider Nest
 31202 | Spider:1 | 31202 ||| INVOKING Heroism.
 31206 | Spider:1 | 31206 ||| DRINKING 4 potions of curing.
 31206 | Spider:1 | 31206 ||| (to cure confusion)
 31220 | Spider:1 | 31220 ||| Stepping ~*~*~tactically~*~*~ (stealth).
 31235 | Spider:1 | 31235 ||| DRINKING 3 potions of curing.
 31235 | Spider:1 | 31235 ||| (to cure confusion)
 31244 | Spider:1 | Reached XP level 17. HP: 92/106 MP: 15/24
 31254 | Spider:1 | 31254 ||| INVOKING Heroism.
 31260 | Spider:1 | Received a gift from Okawaru
 31266 | Spider:1 | 31266 ||| Stepping ~*~*~tactically~*~*~ (stealth).
 31281 | Spider:1 | 31281 ||| Stepping ~*~*~tactically~*~*~ (stealth).
 31282 | Spider:1 | 31282 ||| Stepping ~*~*~tactically~*~*~ (stealth).
 31294 | Spider:1 | 31294 ||| INVOKING Heroism.
 31513 | Spider:1 | 31513 ||| Stepping ~*~*~tactically~*~*~ (stealth).
 31514 | Spider:1 | 31514 ||| Stepping ~*~*~tactically~*~*~ (stealth).
 31518 | Spider:1 | 31518 ||| Stepping ~*~*~tactically~*~*~ (stealth).
 31673 | Spider:1 | 31673 ||| Stepping ~*~*~tactically~*~*~ (stealth).
 31674 | Spider:1 | Received a gift from Okawaru
 31675 | Spider:1 | 31675 ||| INVOKING Heroism.
 31712 | Spider:1 | 31712 ||| Stepping ~*~*~tactically~*~*~ (stealth).
 32101 | Spider:1 | 32101 ||| INVOKING Heroism.
 32139 | Spider:1 | Received a gift from Okawaru
 32141 | Spider:1 | 32141 ||| DROPPING +2 flail of holy wrath.
 32167 | Spider:1 | 32167 ||| INVOKING Heroism.
 32188 | Spider:1 | 32188 ||| Stepping ~*~*~tactically~*~*~ (stealth).
 32504 | Spider:2 | Reached skill level 13 in Fighting
 32595 | Spider:2 | 32595 ||| Stepping ~*~*~tactically~*~*~ (stealth).
 32597 | Spider:2 | 32597 ||| Stepping ~*~*~tactically~*~*~ (stealth).
 32664 | Spider:2 | 32664 ||| Stepping ~*~*~tactically~*~*~ (stealth).
 32854 | Spider:2 | 32854 ||| Stepping ~*~*~tactically~*~*~ (stealth).
 32855 | Spider:2 | 32855 ||| Stepping ~*~*~tactically~*~*~ (stealth).
 32860 | Spider:2 | 32860 ||| INVOKING Heroism.
 32882 | Spider:2 | 32882 ||| INVOKING Finesse.
 33162 | Spider:2 | 33162 ||| Stepping ~*~*~tactically~*~*~ (stealth).
 33215 | Spider:2 | 33215 ||| Stepping ~*~*~tactically~*~*~ (stealth).
 33217 | Spider:2 | 33217 ||| Stepping ~*~*~tactically~*~*~ (stealth).
 33232 | Spider:2 | 33232 ||| FLEEEEING.
 33237 | Spider:2 | 33237 ||| FLEEEEING.
 33238 | Spider:2 | 33238 ||| FLEEEEING.
 33239 | Spider:2 | 33239 ||| FLEEEEING.
 33264 | Spider:2 | 33264 ||| Stepping ~*~*~tactically~*~*~ (stealth).
 33564 | Spider:2 | 33564 ||| INVOKING Finesse.
 33568 | Spider:2 | 33568 ||| INVOKING Heroism.
 33595 | Spider:2 | Identified the +2 animal skin of Failure {Fly rC- Dex-3
                  | SInv} (Okawaru gifted it to you on level 2 of the Spider
                  | Nest)
 33595 | Spider:2 | Received a gift from Okawaru
 33784 | Spider:3 | 33784 ||| INVOKING Heroism.
 33785 | Spider:3 | 33785 ||| INVOKING Finesse.
 33862 | Spider:3 | 33862 ||| STAIRDANCE
 33914 | Spider:3 | 33914 ||| INVOKING Finesse.
 33987 | Spider:3 | 33987 ||| Stepping ~*~*~tactically~*~*~ (hiding).
 33991 | Spider:3 | 33991 ||| Stepping ~*~*~tactically~*~*~ (stealth).
 33992 | Spider:3 | 33992 ||| Stepping ~*~*~tactically~*~*~ (stealth).
 33993 | Spider:3 | 33993 ||| INVOKING Finesse.
 34000 | Spider:3 | 34000 ||| INVOKING Heroism.
 34041 | Spider:3 | 34041 ||| INVOKING Heroism.
 34045 | Spider:3 | 34045 ||| Stepping ~*~*~tactically~*~*~ (stealth).
 34060 | Spider:3 | 34060 ||| Stepping ~*~*~tactically~*~*~ (stealth).
 34080 | Spider:3 | 34080 ||| INVOKING Finesse.
 34117 | Spider:3 | 34117 ||| Stepping ~*~*~tactically~*~*~ (stealth).
 34118 | Spider:3 | 34118 ||| Stepping ~*~*~tactically~*~*~ (stealth).
 34119 | Spider:3 | 34119 ||| Stepping ~*~*~tactically~*~*~ (stealth).
 34122 | Spider:3 | 34122 ||| Stepping ~*~*~tactically~*~*~ (stealth).
 34123 | Spider:3 | 34123 ||| Stepping ~*~*~tactically~*~*~ (stealth).
 34124 | Spider:3 | 34124 ||| INVOKING Heroism.
 34146 | Spider:3 | 34146 ||| Stepping ~*~*~tactically~*~*~ (stealth).
 34162 | Spider:3 | 34162 ||| Stepping ~*~*~tactically~*~*~ (stealth).
 34165 | Spider:3 | 34165 ||| Stepping ~*~*~tactically~*~*~ (stealth).
 34166 | Spider:3 | 34166 ||| Stepping ~*~*~tactically~*~*~ (stealth).
 34171 | Spider:3 | 34171 ||| Stepping ~*~*~tactically~*~*~ (stealth).
 34172 | Spider:3 | 34172 ||| Stepping ~*~*~tactically~*~*~ (stealth).
 34174 | Spider:3 | 34174 ||| Stepping ~*~*~tactically~*~*~ (stealth).
 34175 | Spider:3 | 34175 ||| INVOKING Heroism.
 34177 | Spider:3 | 34177 ||| Stepping ~*~*~tactically~*~*~ (stealth).
 34184 | Spider:3 | 34184 ||| Stepping ~*~*~tactically~*~*~ (stealth).
 34185 | Spider:3 | 34185 ||| Stepping ~*~*~tactically~*~*~ (stealth).
 34186 | Spider:3 | 34186 ||| Stepping ~*~*~tactically~*~*~ (stealth).
 34192 | Spider:3 | 34192 ||| Stepping ~*~*~tactically~*~*~ (stealth).
 34193 | Spider:3 | 34193 ||| Stepping ~*~*~tactically~*~*~ (stealth).
 34195 | Spider:3 | 34195 ||| Stepping ~*~*~tactically~*~*~ (stealth).
 34196 | Spider:3 | 34196 ||| Stepping ~*~*~tactically~*~*~ (stealth).
 34223 | Spider:3 | 34223 ||| FLEEEEING.
 34224 | Spider:3 | 34224 ||| FLEEEEING.
 34225 | Spider:3 | 34225 ||| FLEEEEING.
 34226 | Spider:3 | 34226 ||| FLEEEEING.
 34227 | Spider:3 | 34227 ||| FLEEEEING.
 34228 | Spider:3 | 34228 ||| FLEEEEING.
 34229 | Spider:3 | 34229 ||| FLEEEEING.
 34230 | Spider:3 | 34230 ||| FLEEEEING.
 34231 | Spider:3 | 34231 ||| FLEEEEING.
 34232 | Spider:3 | 34232 ||| FLEEEEING.
 34233 | Spider:3 | 34233 ||| FLEEEEING.
 34234 | Spider:3 | 34234 ||| STAIRDANCE
 34345 | Spider:3 | 34345 ||| Stepping ~*~*~tactically~*~*~ (stealth).
 34349 | Spider:3 | 34349 ||| FLEEEEING.
 34350 | Spider:3 | 34350 ||| FLEEEEING.
 34351 | Spider:3 | 34351 ||| FLEEEEING.
 34352 | Spider:3 | 34352 ||| FLEEEEING.
 34353 | Spider:3 | 34353 ||| FLEEEEING.
 34354 | Spider:3 | 34354 ||| FLEEEEING.
 34355 | Spider:3 | 34355 ||| STAIRDANCE
 34359 | Spider:3 | 34359 ||| STAIRDANCE
 34363 | Spider:3 | 34363 ||| STAIRDANCE
 34371 | Spider:3 | 34371 ||| INVOKING Finesse.
 34374 | Spider:3 | 34374 ||| INVOKING Heroism.
 34401 | Spider:3 | 34401 ||| Stepping ~*~*~tactically~*~*~ (stealth).
 34404 | Spider:3 | 34404 ||| INVOKING Heroism.
 34493 | Spider:3 | 34493 ||| FLEEEEING.
 34499 | Spider:3 | 34499 ||| STAIRDANCE
 34565 | Spider:3 | 34565 ||| Stepping ~*~*~tactically~*~*~ (stealth).
 34566 | Spider:3 | 34566 ||| Stepping ~*~*~tactically~*~*~ (stealth).
 34569 | Spider:3 | 34569 ||| FLEEEEING.
 34583 | Spider:3 | Reached skill level 18 in Axes
 34693 | Spider:3 | 34693 ||| FLEEEEING.
 34695 | Spider:3 | 34695 ||| FLEEEEING.
 34696 | Spider:3 | 34696 ||| FLEEEEING.
 34697 | Spider:3 | 34697 ||| FLEEEEING.
 34698 | Spider:3 | 34698 ||| FLEEEEING.
 34699 | Spider:3 | 34699 ||| FLEEEEING.
 34701 | Spider:3 | 34701 ||| FLEEEEING.
 34702 | Spider:3 | 34702 ||| FLEEEEING.
 34827 | Spider:3 | 34827 ||| Stepping ~*~*~tactically~*~*~ (stealth).
 34844 | Spider:3 | 34844 ||| Stepping ~*~*~tactically~*~*~ (stealth).
 34851 | Spider:3 | 34851 ||| READING 3 scrolls of acquirement.
 34851 | Spider:3 | 34851 ||| ACQUIRING +1 hat of the Aged Lovers {Contam Harm
                  | Str+8 Dex-4}
 34851 | Spider:3 | Acquired the +1 hat of the Aged Lovers {Contam Harm Str+8
                  | Dex-4}
 34853 | Spider:3 | 34853 ||| DROPPING +1 chain mail of cold resistance.
 34854 | Spider:3 | 34854 ||| READING 2 scrolls of acquirement.
 34854 | Spider:3 | 34854 ||| ACQUIRING +9 broad axe of the Supporting Gods
                  | {elec, rElec rPois Int+4}
 34854 | Spider:3 | Acquired the +9 broad axe of the Supporting Gods {elec,
                  | rElec rPois Int+4}
 34856 | Spider:3 | 34856 ||| SWAPPING to +9 broad axe of the Supporting Gods
                  | {elec, rElec rPois Int+4}.
 34857 | Spider:3 | 34857 ||| DROPPING +3 broad axe of protection.
 34858 | Spider:3 | 34858 ||| READING scroll of acquirement.
 34858 | Spider:3 | 34858 ||| ACQUIRING +0 pair of boots of the Rose {rElec
                  | rPois rC- Str+5}
 34858 | Spider:3 | Acquired the +0 pair of boots of the Rose {rElec rPois rC-
                  | Str+5}
 34874 | Spider:3 | 34874 ||| Stepping ~*~*~tactically~*~*~ (stealth).
 35022 | Spider:3 | 35022 ||| INVOKING Heroism.
 35112 | Spider:3 | 35112 ||| PLANNING SHOALS:4
 35258 | Shoals:4 | Entered Level 4 of the Shoals
 35259 | Shoals:4 | 35259 ||| STAIRDANCE
 35264 | Shoals:3 | Reached XP level 18. HP: 114/114 MP: 16/25
 35266 | Shoals:3 | 35266 ||| DROPPING +0 morningstar of holy wrath.
 35269 | Shoals:4 | 35269 ||| STAIRDANCE
 35271 | Shoals:3 | 35271 ||| INVOKING Heroism.
 35308 | Shoals:4 | 35308 ||| STAIRDANCE
 35370 | Shoals:4 | 35370 ||| STAIRDANCE
 35386 | Shoals:4 | 35386 ||| STAIRDANCE
 35425 | Shoals:4 | Received a gift from Okawaru
 35430 | Shoals:4 | 35430 ||| Stepping ~*~*~tactically~*~*~ (hiding).
 35432 | Shoals:4 | 35432 ||| Stepping ~*~*~tactically~*~*~ (hiding).
 35459 | Shoals:4 | 35459 ||| INVOKING Heroism.
 35540 | Shoals:4 | 35540 ||| INVOKING Heroism.
 35575 | Shoals:4 | Reached skill level 14 in Fighting
 35844 | Shoals:4 | 35844 ||| Stepping ~*~*~tactically~*~*~ (hiding).
 35845 | Shoals:4 | 35845 ||| INVOKING Heroism.
 35848 | Shoals:4 | 35848 ||| Stepping ~*~*~tactically~*~*~ (hiding).
 35860 | Shoals:4 | Reached skill level 18 in Shields
 35860 | Shoals:4 | Identified the +12 glaive of Dried Tears {drain, Contam
                  | rElec rCorr}
 35871 | Shoals:4 | HP: 22/116 [faun/+0 quarterstaff (23)]
 35872 | Shoals:4 | 35872 ||| READING 5 scrolls of teleportation.
 35873 | Shoals:4 | 35873 ||| DRINKING potion of heal wounds.
 36187 | Shoals:4 | 36187 ||| INVOKING Heroism.
 36188 | Shoals:4 | 36188 ||| INVOKING Finesse.
 36278 | Shoals:4 | 36278 ||| Stepping ~*~*~tactically~*~*~ (hiding).
 36290 | Shoals:4 | 36290 ||| INVOKING Heroism.
 36303 | Shoals:4 | Received a gift from Okawaru
 36330 | Shoals:4 | 36330 ||| Stepping ~*~*~tactically~*~*~ (stealth).
 36333 | Shoals:4 | 36333 ||| Stepping ~*~*~tactically~*~*~ (stealth).
 36335 | Shoals:4 | 36335 ||| FLEEEEING.
 36339 | Shoals:4 | 36339 ||| FLEEEEING.
 36340 | Shoals:4 | 36340 ||| FLEEEEING.
 36341 | Shoals:4 | 36341 ||| FLEEEEING.
 36342 | Shoals:4 | 36342 ||| FLEEEEING.
 36351 | Shoals:4 | 36351 ||| STAIRDANCE
 36438 | Shoals:4 | 36438 ||| Stepping ~*~*~tactically~*~*~ (stealth).
 36566 | Shoals:4 | Got a barnacled rune of Zot
 36578 | Shoals:4 | 36578 ||| Stepping ~*~*~tactically~*~*~ (hiding).
 36586 | Shoals:4 | 36586 ||| INVOKING Heroism.
 36593 | Shoals:4 | 36593 ||| Stepping ~*~*~tactically~*~*~ (stealth).
 36605 | Shoals:4 | 36605 ||| Stepping ~*~*~tactically~*~*~ (hiding).
 36606 | Shoals:4 | 36606 ||| Stepping ~*~*~tactically~*~*~ (hiding).
 36607 | Shoals:4 | 36607 ||| Stepping ~*~*~tactically~*~*~ (hiding).
 36609 | Shoals:4 | 36609 ||| Stepping ~*~*~tactically~*~*~ (hiding).
 36612 | Shoals:4 | 36612 ||| INVOKING Finesse.
 36619 | Shoals:4 | Received a gift from Okawaru
 36829 | Shoals:4 | 36829 ||| Stepping ~*~*~tactically~*~*~ (stealth).
 36832 | Shoals:4 | 36832 ||| INVOKING Heroism.
 37135 | Shoals:4 | 37135 ||| PLANNING VAULTS:1-4
 37297 | Vaults:1 | Entered Level 1 of the Vaults
 37525 | Vaults:1 | 37525 ||| Stepping ~*~*~tactically~*~*~ (stealth).
 37645 | Vaults:1 | 37645 ||| INVOKING Heroism.
 37691 | Vaults:1 | 37691 ||| Stepping ~*~*~tactically~*~*~ (stealth).
 37725 | Vaults:1 | 37725 ||| Stepping ~*~*~tactically~*~*~ (hiding).
 37733 | Vaults:1 | Reached skill level 15 in Fighting
 37733 | Vaults:1 | 37733 ||| Stepping ~*~*~tactically~*~*~ (hiding).
 37808 | Vaults:1 | 37808 ||| Stepping ~*~*~tactically~*~*~ (stealth).
 37814 | Vaults:1 | Identified the +1 chain mail of Filth {rF- Regen+ Stlth+}
                  | (Okawaru gifted it to you on level 1 of the Vaults)
 37814 | Vaults:1 | Received a gift from Okawaru
 38005 | Vaults:1 | 38005 ||| INVOKING Heroism.
 38837 | Vaults:1 | Identified the +5 arbalest of the Known World {penet, Fly
                  | rPois}
 38869 | Vaults:1 | 38869 ||| INVOKING Heroism.
 38879 | Vaults:1 | Reached XP level 19. HP: 124/124 MP: 15/26
 38956 | Vaults:1 | 38956 ||| DROPPING +1 chain mail of Filth {rF- Regen+
                  | Stlth+}.
 39035 | Vaults:2 | 39035 ||| Stepping ~*~*~tactically~*~*~ (hiding).
 39050 | Vaults:2 | Reached skill level 15 in Armour
 39052 | Vaults:2 | 39052 ||| INVOKING Heroism.
 39177 | Vaults:2 | 39177 ||| INVOKING Heroism.
 39413 | Vaults:2 | 39413 ||| INVOKING Heroism.
 39442 | Vaults:2 | 39442 ||| INVOKING Finesse.
 39482 | Vaults:2 | 39482 ||| INVOKING Heroism.
 39541 | Vaults:2 | 39541 ||| Stepping ~*~*~tactically~*~*~ (hiding).
 39551 | Vaults:2 | Reached skill level 9 in Throwing
 39578 | Vaults:2 | 39578 ||| INVOKING Heroism.
 39579 | Vaults:2 | 39579 ||| INVOKING Finesse.
 39685 | Vaults:2 | 39685 ||| Stepping ~*~*~tactically~*~*~ (stealth).
 39686 | Vaults:2 | 39686 ||| Stepping ~*~*~tactically~*~*~ (stealth).
 39720 | Vaults:2 | 39720 ||| INVOKING Heroism.
 39721 | Vaults:2 | 39721 ||| INVOKING Finesse.
 39728 | Vaults:2 | 39728 ||| Stepping ~*~*~tactically~*~*~ (hiding).
 39737 | Vaults:2 | Received a gift from Okawaru
 39753 | Vaults:2 | 39753 ||| Stepping ~*~*~tactically~*~*~ (hiding).
 39754 | Vaults:2 | 39754 ||| Stepping ~*~*~tactically~*~*~ (hiding).
 39765 | Vaults:2 | 39765 ||| Stepping ~*~*~tactically~*~*~ (hiding).
 39949 | Vaults:2 | 39949 ||| INVOKING Heroism.
 39950 | Vaults:2 | 39950 ||| INVOKING Finesse.
 39955 | Vaults:2 | 39955 ||| Stepping ~*~*~tactically~*~*~ (stealth).
 40159 | Vaults:2 | Found a staircase to the Crypt.
 40477 | Vaults:2 | 40477 ||| INVOKING Heroism.
 40482 | Vaults:2 | Received a gift from Okawaru
 40487 | Vaults:2 | Reached skill level 16 in Fighting
 40502 | Vaults:2 | 40502 ||| DROPPING +4 broad axe of electrocution.
 40510 | Vaults:2 | 40510 ||| Stepping ~*~*~tactically~*~*~ (hiding).
 40515 | Vaults:2 | 40515 ||| Stepping ~*~*~tactically~*~*~ (hiding).
 40679 | Vaults:2 | 40679 ||| Stepping ~*~*~tactically~*~*~ (hiding).
 40685 | Vaults:2 | 40685 ||| INVOKING Heroism.
 40835 | Vaults:2 | 40835 ||| Stepping ~*~*~tactically~*~*~ (stealth).
 40839 | Vaults:2 | 40839 ||| INVOKING Finesse.
 40858 | Vaults:2 | 40858 ||| FLEEEEING.
 41192 | Vaults:2 | 41192 ||| INVOKING Heroism.
 41197 | Vaults:2 | 41197 ||| Stepping ~*~*~tactically~*~*~ (hiding).
 41198 | Vaults:2 | 41198 ||| Stepping ~*~*~tactically~*~*~ (hiding).
 41304 | Vaults:2 | Received a gift from Okawaru
 41312 | Vaults:2 | 41312 ||| INVOKING Heroism.
 41452 | Vaults:2 | 41452 ||| INVOKING Heroism.
 41510 | Vaults:2 | 41510 ||| Stepping ~*~*~tactically~*~*~ (hiding).
 41512 | Vaults:2 | 41512 ||| Stepping ~*~*~tactically~*~*~ (hiding).
 41514 | Vaults:2 | 41514 ||| Stepping ~*~*~tactically~*~*~ (hiding).
 41515 | Vaults:2 | 41515 ||| Stepping ~*~*~tactically~*~*~ (hiding).
 41517 | Vaults:2 | 41517 ||| Stepping ~*~*~tactically~*~*~ (hiding).
 41555 | Vaults:2 | 41555 ||| INVOKING Heroism.
 41711 | Vaults:2 | 41711 ||| Stepping ~*~*~tactically~*~*~ (hiding).
 41716 | Vaults:2 | 41716 ||| INVOKING Heroism.
 41717 | Vaults:2 | 41717 ||| INVOKING Finesse.
 41768 | Vaults:2 | Found Ycucraul's Armour Boutique.
 41852 | Vaults:2 | 41852 ||| DROPPING +3 plate armour.
 42126 | Vaults:3 | 42126 ||| INVOKING Heroism.
 42127 | Vaults:3 | 42127 ||| INVOKING Finesse.
 42133 | Vaults:3 | 42133 ||| Stepping ~*~*~tactically~*~*~ (hiding).
 42170 | Vaults:3 | Received a gift from Okawaru
 42171 | Vaults:3 | Reached skill level 17 in Fighting
 42175 | Vaults:3 | Reached XP level 20. HP: 134/134 MP: 13/27
 42189 | Vaults:3 | Identified the +6 crystal plate armour of Wettodim {rC+}
                  | (Okawaru gifted it to you on level 3 of the Vaults)
 42189 | Vaults:3 | Received a gift from Okawaru
 42222 | Vaults:3 | 42222 ||| INVOKING Heroism.
 42227 | Vaults:3 | 42227 ||| Stepping ~*~*~tactically~*~*~ (hiding).
 42245 | Vaults:3 | 42245 ||| INVOKING Finesse.
 42356 | Vaults:3 | 42356 ||| DROPPING +4 chain mail of cold resistance.
 42357 | Vaults:3 | 42357 ||| Stepping ~*~*~tactically~*~*~ (stealth).
 42359 | Vaults:3 | 42359 ||| DROPPING +3 plate armour of willpower.
 42360 | Vaults:3 | 42360 ||| DROPPING +0 ice dragon scales.
 42361 | Vaults:3 | 42361 ||| UPGRADING to +6 crystal plate armour of Wettodim
                  | {rC+}.
 42363 | Vaults:3 | 42363 ||| UPGRADING to +6 crystal plate armour of Wettodim
                  | {rC+}.
 42373 | Vaults:3 | 42373 ||| DROPPING +1 plate armour of Oseutoif {rF+ Will+
                  | MP-9 Str+3}.
 42374 | Vaults:3 | 42374 ||| DROPPING +6 ring of dexterity.
 42375 | Vaults:3 | 42375 ||| READING 4 scrolls of teleportation.
 42426 | Vaults:3 | 42426 ||| Stepping ~*~*~tactically~*~*~ (hiding).
 42444 | Vaults:3 | 42444 ||| Stepping ~*~*~tactically~*~*~ (stealth).
 42446 | Vaults:3 | 42446 ||| INVOKING Heroism.
 42531 | Vaults:3 | 42531 ||| INVOKING Heroism.
 42573 | Vaults:3 | 42573 ||| Stepping ~*~*~tactically~*~*~ (hiding).
 42577 | Vaults:3 | 42577 ||| INVOKING Heroism.
 42586 | Vaults:3 | 42586 ||| INVOKING Finesse.
 42802 | Vaults:3 | 42802 ||| INVOKING Heroism.
 42901 | Vaults:3 | Found a runed translucent gate.
 42902 | Vaults:3 | Found a runed translucent gate.
 42902 | Vaults:3 | Found a runed translucent gate.
 42929 | Vaults:3 | 42929 ||| READING 4 scrolls of teleportation.
 42987 | Vaults:3 | 42987 ||| INVOKING Heroism.
 42988 | Vaults:3 | 42988 ||| INVOKING Finesse.
 42997 | Vaults:3 | Reached skill level 18 in Armour
 43012 | Vaults:3 | 43012 ||| INVOKING Heroism.
 43206 | Vaults:3 | Noticed an ancient lich
 43207 | Vaults:3 | 43207 ||| READING 3 scrolls of teleportation.
 43219 | Vaults:3 | 43219 ||| READING 2 scrolls of teleportation.
 43221 | Vaults:3 | Identified the ring of Moiborox {MP+9 Int+3}
 43232 | Vaults:3 | 43232 ||| READING scroll of teleportation.
 43281 | Vaults:3 | Identified the ring of Nelyzof {*Slow rElec rN+++ Will+
                  | Dex+6}
 43285 | Vaults:3 | 43285 ||| FLEEEEING.
 43286 | Vaults:3 | 43286 ||| FLEEEEING.
 43287 | Vaults:3 | 43287 ||| FLEEEEING.
 43288 | Vaults:3 | 43288 ||| FLEEEEING.
 43289 | Vaults:3 | 43289 ||| FLEEEEING.
 43290 | Vaults:3 | 43290 ||| FLEEEEING.
 43291 | Vaults:3 | 43291 ||| FLEEEEING.
 43292 | Vaults:3 | 43292 ||| FLEEEEING.
 43293 | Vaults:3 | 43293 ||| FLEEEEING.
 43294 | Vaults:3 | 43294 ||| FLEEEEING.
 43295 | Vaults:3 | 43295 ||| FLEEEEING.
 43296 | Vaults:3 | 43296 ||| FLEEEEING.
 43297 | Vaults:3 | 43297 ||| FLEEEEING.
 43298 | Vaults:3 | 43298 ||| FLEEEEING.
 43299 | Vaults:3 | 43299 ||| FLEEEEING.
 43300 | Vaults:3 | 43300 ||| FLEEEEING.
 43301 | Vaults:3 | 43301 ||| FLEEEEING.
 43302 | Vaults:3 | 43302 ||| STAIRDANCE
 43406 | Vaults:3 | 43406 ||| STAIRDANCE
 43429 | Vaults:3 | 43429 ||| Stepping ~*~*~tactically~*~*~ (hiding).
 43430 | Vaults:3 | 43430 ||| INVOKING Heroism.
 43440 | Vaults:3 | 43440 ||| INVOKING Finesse.
 43467 | Vaults:3 | 43467 ||| Stepping ~*~*~tactically~*~*~ (stealth).
 43487 | Vaults:3 | 43487 ||| INVOKING Heroism.
 43488 | Vaults:3 | 43488 ||| INVOKING Finesse.
 43510 | Vaults:3 | Killed an ancient lich
 43589 | Vaults:3 | 43589 ||| Stepping ~*~*~tactically~*~*~ (stealth).
 43590 | Vaults:3 | 43590 ||| Stepping ~*~*~tactically~*~*~ (stealth).
 43592 | Vaults:3 | 43592 ||| Stepping ~*~*~tactically~*~*~ (hiding).
 43595 | Vaults:3 | 43595 ||| Stepping ~*~*~tactically~*~*~ (hiding).
 43628 | Vaults:3 | 43628 ||| Stepping ~*~*~tactically~*~*~ (stealth).
 43643 | Vaults:3 | 43643 ||| INVOKING Heroism.
 43701 | Vaults:3 | Found the +9 heavy crossbow "Sniper" {vorpal, Acc+∞ SInv}
 43823 | Vaults:3 | 43823 ||| Stepping ~*~*~tactically~*~*~ (hiding).
 43825 | Vaults:3 | 43825 ||| Stepping ~*~*~tactically~*~*~ (hiding).
 44026 | Vaults:4 | 44026 ||| Stepping ~*~*~tactically~*~*~ (hiding).
 44139 | Vaults:4 | 44139 ||| Stepping ~*~*~tactically~*~*~ (hiding).
 44159 | Vaults:4 | 44159 ||| Stepping ~*~*~tactically~*~*~ (hiding).
 44162 | Vaults:4 | 44162 ||| INVOKING Heroism.
 44235 | Vaults:4 | 44235 ||| Stepping ~*~*~tactically~*~*~ (stealth).
 44237 | Vaults:4 | 44237 ||| INVOKING Heroism.
 44287 | Vaults:4 | Found Heippo's Weapon Shop.
 44325 | Vaults:4 | Found Xuenk's Book Emporium.
 44388 | Vaults:4 | 44388 ||| INVOKING Heroism.
 44488 | Vaults:4 | 44488 ||| INVOKING Heroism.
 44623 | Vaults:4 | 44623 ||| Stepping ~*~*~tactically~*~*~ (hiding).
 44627 | Vaults:4 | 44627 ||| INVOKING Heroism.
 44635 | Vaults:4 | Received a gift from Okawaru
 44697 | Vaults:4 | 44697 ||| DROPPING +1 broad axe of freezing.
 44795 | Vaults:4 | Found Ysoqast's Assorted Antiques.
 44803 | Vaults:4 | 44803 ||| SHOPLISTING +15 Maxwell's patent armour {-Cast
                  | -Tele rElec Will+ rCorr} (3192 gold, have 2087).
 44803 | Vaults:4 | 44803 ||| BUYING potion of heal wounds (150 gold).
 44803 | Vaults:4 | Bought a potion of heal wounds for 150 gold pieces
 44810 | Vaults:4 | 44810 ||| Stepping ~*~*~tactically~*~*~ (stealth).
 44857 | Vaults:4 | 44857 ||| INVOKING Heroism.
 44884 | Vaults:4 | 44884 ||| Stepping ~*~*~tactically~*~*~ (stealth).
 44893 | Vaults:4 | Reached XP level 21. HP: 139/139 MP: 28/28
 44910 | Vaults:4 | 44910 ||| FLEEEEING.
 44996 | Vaults:4 | 44996 ||| DRINKING 5 potions of curing.
 44996 | Vaults:4 | 44996 ||| (to cure confusion)
 45113 | Vaults:4 | 45113 ||| Stepping ~*~*~tactically~*~*~ (stealth).
 45114 | Vaults:4 | 45114 ||| Stepping ~*~*~tactically~*~*~ (stealth).
 45115 | Vaults:4 | 45115 ||| Stepping ~*~*~tactically~*~*~ (stealth).
 45179 | Vaults:4 | Found Wuis's Distillery.
 45181 | Vaults:4 | Found Boxzuaxe's Jewellery Shoppe.
 45184 | Vaults:4 | 45184 ||| BUYING potion of cancellation (120 gold).
 45184 | Vaults:4 | Bought a potion of cancellation for 120 gold pieces
 45184 | Vaults:4 | 45184 ||| BUYING potion of haste (150 gold).
 45184 | Vaults:4 | Bought a potion of haste for 150 gold pieces
 45184 | Vaults:4 | 45184 ||| BUYING potion of heal wounds (75 gold).
 45184 | Vaults:4 | Bought a potion of heal wounds for 75 gold pieces
 45184 | Vaults:4 | 45184 ||| BUYING potion of might (60 gold).
 45184 | Vaults:4 | Bought a potion of might for 60 gold pieces
 45191 | Vaults:4 | 45191 ||| INVOKING Heroism.
 45377 | Vaults:4 | 45377 ||| BUYING ring of Fedhas's Benevolence {Fire Drain
                  | +Blink Will+ Str+3} (543 gold).
 45377 | Vaults:4 | Bought the ring of Fedhas's Benevolence {Fire Drain +Blink
                  | Will+ Str+3} for 543 gold pieces
 45377 | Vaults:4 | 45377 ||| BUYING ring of fire (300 gold).
 45377 | Vaults:4 | Bought a ring of fire for 300 gold pieces
 45377 | Vaults:4 | 45377 ||| BUYING ring of protection from cold (300 gold).
 45377 | Vaults:4 | Bought a ring of protection from cold for 300 gold pieces
 45377 | Vaults:4 | 45377 ||| BUYING ring of protection from cold (300 gold).
 45377 | Vaults:4 | Bought a ring of protection from cold for 300 gold pieces
 45580 | Vaults:4 | 45580 ||| PLANNING SPIDER:4
 45580 | Vaults:4 | 45580 ||| DROPPING ring of ice.
 45925 | Spider:4 | Entered Level 4 of the Spider Nest
 45944 | Spider:4 | 45944 ||| INVOKING Heroism.
 46016 | Spider:4 | 46016 ||| INVOKING Finesse.
 46111 | Spider:4 | 46111 ||| Stepping ~*~*~tactically~*~*~ (stealth).
 46174 | Spider:4 | 46174 ||| Stepping ~*~*~tactically~*~*~ (stealth).
 46183 | Spider:4 | 46183 ||| FLEEEEING.
 46194 | Spider:4 | 46194 ||| FLEEEEING.
 46195 | Spider:4 | 46195 ||| FLEEEEING.
 46198 | Spider:4 | 46198 ||| FLEEEEING.
 46199 | Spider:4 | 46199 ||| FLEEEEING.
 46201 | Spider:4 | 46201 ||| FLEEEEING.
 46205 | Spider:4 | 46205 ||| INVOKING Heroism.
 46245 | Spider:4 | Received a gift from Okawaru
 46275 | Spider:4 | 46275 ||| INVOKING Heroism.
 46346 | Spider:4 | 46346 ||| FLEEEEING.
 46351 | Spider:4 | 46351 ||| FLEEEEING.
 46352 | Spider:4 | 46352 ||| FLEEEEING.
 46354 | Spider:4 | 46354 ||| FLEEEEING.
 46355 | Spider:4 | 46355 ||| FLEEEEING.
 46356 | Spider:4 | 46356 ||| STAIRDANCE
 46662 | Spider:4 | 46662 ||| Stepping ~*~*~tactically~*~*~ (stealth).
 46663 | Spider:4 | 46663 ||| Stepping ~*~*~tactically~*~*~ (stealth).
 46664 | Spider:4 | 46664 ||| Stepping ~*~*~tactically~*~*~ (stealth).
 46815 | Spider:4 | 46815 ||| INVOKING Heroism.
 46833 | Spider:4 | Reached skill level 21 in Armour
 46968 | Spider:4 | Identified the +1 chain mail of the Great Game {Dex+4
                  | Stlth+}
 47003 | Spider:4 | Got a gossamer rune of Zot
 47095 | Spider:4 | 47095 ||| PLANNING DEPTHS
 47095 | Spider:4 | 47095 ||| DROPPING scarf of repulsion.
 47096 | Spider:4 | 47096 ||| DROPPING +0 pair of boots of flying.
 47313 | Depths:1 | Entered Level 1 of the Depths
 47314 | Depths:1 | 47314 ||| INVOKING Heroism.
 47315 | Depths:1 | 47315 ||| DRINKING 4 potions of curing.
 47315 | Depths:1 | 47315 ||| (to cure confusion)
 47321 | Depths:1 | 47321 ||| INVOKING Finesse.
 47373 | Depths:1 | Received a gift from Okawaru
 47598 | Depths:1 | 47598 ||| Stepping ~*~*~tactically~*~*~ (stealth).
 47604 | Depths:1 | Found a gateway to Hell.
 47607 | Depths:1 | 47607 ||| INVOKING Heroism.
 47624 | Depths:1 | 47624 ||| DRINKING 3 potions of curing.
 47624 | Depths:1 | 47624 ||| (to cure confusion)
 47661 | Depths:1 | 47661 ||| INVOKING Finesse.
 47665 | Depths:1 | Reached skill level 18 in Fighting
 47680 | Depths:1 | 47680 ||| Stepping ~*~*~tactically~*~*~ (stealth).
 47681 | Depths:1 | 47681 ||| Stepping ~*~*~tactically~*~*~ (stealth).
 47697 | Depths:1 | 47697 ||| Stepping ~*~*~tactically~*~*~ (hiding).
 47698 | Depths:1 | 47698 ||| Stepping ~*~*~tactically~*~*~ (hiding).
 47720 | Depths:1 | 47720 ||| Stepping ~*~*~tactically~*~*~ (stealth).
 47758 | Depths:1 | 47758 ||| Stepping ~*~*~tactically~*~*~ (hiding).
 47773 | Depths:1 | 47773 ||| Stepping ~*~*~tactically~*~*~ (stealth).
 47774 | Depths:1 | 47774 ||| Stepping ~*~*~tactically~*~*~ (stealth).
 47777 | Depths:1 | 47777 ||| Stepping ~*~*~tactically~*~*~ (stealth).
 47926 | Depths:1 | 47926 ||| INVOKING Heroism.
 47927 | Depths:1 | 47927 ||| INVOKING Finesse.
 48017 | Depths:1 | 48017 ||| Stepping ~*~*~tactically~*~*~ (hiding).
 48020 | Depths:1 | 48020 ||| Stepping ~*~*~tactically~*~*~ (hiding).
 48027 | Depths:1 | 48027 ||| INVOKING Heroism.
 48062 | Depths:1 | Found an ornate altar of the Wu Jian Council.
 48269 | Depths:1 | 48269 ||| Stepping ~*~*~tactically~*~*~ (cloud).
 48271 | Depths:1 | 48271 ||| Stepping ~*~*~tactically~*~*~ (cloud).
 48355 | Depths:2 | 48355 ||| Stepping ~*~*~tactically~*~*~ (stealth).
 48361 | Depths:2 | 48361 ||| Stepping ~*~*~tactically~*~*~ (stealth).
 48363 | Depths:2 | 48363 ||| Stepping ~*~*~tactically~*~*~ (hiding).
 48365 | Depths:2 | 48365 ||| Stepping ~*~*~tactically~*~*~ (hiding).
 48367 | Depths:2 | 48367 ||| Stepping ~*~*~tactically~*~*~ (stealth).
 48374 | Depths:2 | 48374 ||| INVOKING Heroism.
 48386 | Depths:2 | 48386 ||| INVOKING Finesse.
 48414 | Depths:2 | 48414 ||| INVOKING Finesse.
 48427 | Depths:2 | Received a gift from Okawaru
 48454 | Depths:2 | Found Nuyr's Antique Armour Shoppe.
 48470 | Depths:2 | Identified the +1 pair of boots "Suqam" {+Blink rElec Str-5
                  | Int+7}
 48487 | Depths:2 | Paralysed by a sphinx for 3 turns
 48515 | Depths:2 | 48515 ||| INVOKING Heroism.
 48516 | Depths:2 | 48516 ||| INVOKING Finesse.
 48615 | Depths:2 | 48615 ||| INVOKING Heroism.
 48748 | Depths:2 | 48748 ||| INVOKING Heroism.
 48784 | Depths:2 | 48784 ||| Stepping ~*~*~tactically~*~*~ (stealth).
 48837 | Depths:2 | Found a one-way gateway to a ziggurat.
 49087 | Depths:2 | Found a one-way gate leading to the halls of Pandemonium.
 49091 | Depths:2 | Reached XP level 22. HP: 147/147 MP: 29/29
 49127 | Depths:2 | 49127 ||| Stepping ~*~*~tactically~*~*~ (stealth).
 49128 | Depths:2 | 49128 ||| Stepping ~*~*~tactically~*~*~ (stealth).
 49129 | Depths:2 | 49129 ||| Stepping ~*~*~tactically~*~*~ (stealth).
 49130 | Depths:2 | 49130 ||| Stepping ~*~*~tactically~*~*~ (stealth).
 49131 | Depths:2 | 49131 ||| Stepping ~*~*~tactically~*~*~ (stealth).
 49138 | Depths:2 | 49138 ||| Stepping ~*~*~tactically~*~*~ (stealth).
 49139 | Depths:2 | 49139 ||| Stepping ~*~*~tactically~*~*~ (stealth).
 49152 | Depths:2 | Received a gift from Okawaru
 49211 | Depths:2 | 49211 ||| Stepping ~*~*~tactically~*~*~ (stealth).
 49214 | Depths:2 | 49214 ||| INVOKING Finesse.
 49215 | Depths:2 | 49215 ||| INVOKING Heroism.
 49217 | Depths:2 | 49217 ||| Stepping ~*~*~tactically~*~*~ (stealth).
 49223 | Depths:2 | 49223 ||| Stepping ~*~*~tactically~*~*~ (stealth).
 49239 | Depths:2 | 49239 ||| Stepping ~*~*~tactically~*~*~ (hiding).
 49295 | Depths:2 | 49295 ||| INVOKING Heroism.
 49314 | Depths:2 | Found a runed translucent gate.
 49314 | Depths:2 | Found a runed translucent gate.
 49314 | Depths:2 | Found a runed translucent gate.
 49410 | Depths:2 | Noticed a golden dragon
 49437 | Depths:2 | 49437 ||| Stepping ~*~*~tactically~*~*~ (hiding).
 49445 | Depths:2 | 49445 ||| INVOKING Heroism.
 49459 | Depths:2 | Found a runed translucent gate.
 49459 | Depths:2 | Found a runed translucent gate.
 49459 | Depths:2 | Found a runed translucent gate.
 49763 | Depths:2 | 49763 ||| DROPPING +1 pair of boots "Suqam" {+Blink rElec
                  | Str-5 Int+7}.
 49765 | Depths:2 | 49765 ||| INVOKING Heroism.
 49766 | Depths:2 | 49766 ||| INVOKING Finesse.
 49794 | Depths:2 | Killed a golden dragon
 50033 | Depths:2 | Identified the +8 dagger "Saastem" {flame, *Rage rPois rF+}
 50038 | Depths:2 | Identified the +6 scimitar "Reme Ciq" {holy, rElec rPois
                  | Will+ Dex+2}
 50129 | Depths:3 | 50129 ||| Stepping ~*~*~tactically~*~*~ (hiding).
 50274 | Depths:3 | 50274 ||| Stepping ~*~*~tactically~*~*~ (hiding).
 50288 | Depths:3 | Paralysed by a vampire knight for 4 turns
 50307 | Depths:3 | Reached skill level 19 in Fighting
 50433 | Depths:3 | 50433 ||| Stepping ~*~*~tactically~*~*~ (hiding).
 50436 | Depths:3 | 50436 ||| Stepping ~*~*~tactically~*~*~ (hiding).
 50437 | Depths:3 | 50437 ||| Stepping ~*~*~tactically~*~*~ (hiding).
 50444 | Depths:3 | 50444 ||| INVOKING Heroism.
 50445 | Depths:3 | 50445 ||| INVOKING Finesse.
 50488 | Depths:3 | Found an iron altar of Okawaru.
 50590 | Depths:3 | 50590 ||| Stepping ~*~*~tactically~*~*~ (hiding).
 50653 | Depths:3 | 50653 ||| Stepping ~*~*~tactically~*~*~ (hiding).
 50659 | Depths:3 | 50659 ||| INVOKING Heroism.
 50831 | Depths:3 | 50831 ||| INVOKING Heroism.
 50839 | Depths:3 | 50839 ||| Stepping ~*~*~tactically~*~*~ (hiding).
 50916 | Depths:3 | 50916 ||| Stepping ~*~*~tactically~*~*~ (stealth).
 50955 | Depths:3 | 50955 ||| Stepping ~*~*~tactically~*~*~ (hiding).
 50958 | Depths:3 | 50958 ||| Stepping ~*~*~tactically~*~*~ (stealth).
 50968 | Depths:3 | 50968 ||| Stepping ~*~*~tactically~*~*~ (stealth).
 50981 | Depths:3 | 50981 ||| INVOKING Heroism.
 50993 | Depths:3 | 50993 ||| INVOKING Finesse.
 50996 | Depths:3 | Received a gift from Okawaru
 51361 | Depths:3 | Found a corrupted altar of Lugonu.
 51361 | Depths:3 | Found a one-way gate to the infinite horrors of the Abyss.
 51502 | Depths:3 | 51502 ||| Stepping ~*~*~tactically~*~*~ (hiding).
 51611 | Depths:3 | 51611 ||| DROPPING amulet of guardian spirit.
 51612 | Depths:3 | 51612 ||| READING 35 scrolls of identify.
 51612 | Depths:3 | 51612 ||| IDENTIFYING emerald potion
 51931 | Depths:4 | Entered Level 4 of the Depths
 51932 | Depths:4 | 51932 ||| STAIRDANCE
 51955 | Depths:4 | 51955 ||| STAIRDANCE
 51966 | Depths:4 | 51966 ||| STAIRDANCE
 51981 | Depths:4 | 51981 ||| STAIRDANCE
 52197 | Depths:4 | 52197 ||| Stepping ~*~*~tactically~*~*~ (hiding).
 52200 | Depths:4 | 52200 ||| Stepping ~*~*~tactically~*~*~ (hiding).
 52203 | Depths:4 | 52203 ||| INVOKING Heroism.
 52212 | Depths:4 | Noticed Sojobo
 52213 | Depths:4 | 52213 ||| INVOKING Finesse.
 52237 | Depths:4 | Killed Sojobo
 52238 | Depths:4 | 52238 ||| Stepping ~*~*~tactically~*~*~ (hiding).
 52285 | Depths:4 | 52285 ||| INVOKING Heroism.
 52287 | Depths:4 | 52287 ||| INVOKING Finesse.
 52320 | Depths:4 | Reached skill level 20 in Fighting
 52339 | Depths:4 | 52339 ||| Stepping ~*~*~tactically~*~*~ (hiding).
 52342 | Depths:4 | 52342 ||| Stepping ~*~*~tactically~*~*~ (hiding).
 52343 | Depths:4 | 52343 ||| Stepping ~*~*~tactically~*~*~ (hiding).
 52564 | Depths:4 | 52564 ||| Stepping ~*~*~tactically~*~*~ (stealth).
 52565 | Depths:4 | 52565 ||| Stepping ~*~*~tactically~*~*~ (stealth).
 52570 | Depths:4 | Noticed the Enchantress
 52571 | Depths:4 | 52571 ||| Stepping ~*~*~tactically~*~*~ (hiding).
 52573 | Depths:4 | 52573 ||| INVOKING Heroism.
 52574 | Depths:4 | 52574 ||| INVOKING Finesse.
 52591 | Depths:4 | Reached XP level 23. HP: 150/156 MP: 23/30
 52595 | Depths:4 | Killed the Enchantress
 52715 | Depths:4 | Noticed a golden dragon
 52716 | Depths:4 | 52716 ||| INVOKING Heroism.
 52717 | Depths:4 | 52717 ||| INVOKING Finesse.
 52730 | Depths:4 | Killed a golden dragon
 52737 | Depths:4 | Reached skill level 21 in Shields
 52749 | Depths:4 | Received a gift from Okawaru
 52779 | Depths:4 | HP: 27/157 [white draconian stormcaller/divine providence
                  | (13)]
 52780 | Depths:4 | 52780 ||| READING 2 scrolls of teleportation.
 52781 | Depths:4 | 52781 ||| DRINKING 8 potions of heal wounds.
 52789 | Depths:4 | Received a gift from Okawaru
 52805 | Depths:4 | 52805 ||| INVOKING Heroism.
 53153 | Depths:4 | Found a gate to the Realm of Zot.
 53482 | Depths:4 | 53482 ||| PLANNING VAULTS:5
 53482 | Depths:4 | 53482 ||| UPGRADING to ring of Fedhas's Benevolence {Fire
                  | Drain +Blink Will+ Str+3}.
 53484 | Depths:4 | 53484 ||| DROPPING ring of fire.
 53485 | Depths:4 | 53485 ||| DROPPING ring of see invisible.
 53810 | Vaults:5 | Entered Level 5 of the Vaults
 53811 | Vaults:5 | 53811 ||| INVOKING Heroism.
 53812 | Vaults:5 | 53812 ||| STAIRDANCE
 53812 | Vaults:5 | Noticed a dread lich
 53832 | Vaults:5 | 53832 ||| STAIRDANCE
 53833 | Vaults:5 | 53833 ||| INVOKING Finesse.
 53846 | Vaults:5 | 53846 ||| STAIRDANCE
 53850 | Vaults:4 | Reached skill level 21 in Fighting
 53879 | Vaults:5 | 53879 ||| STAIRDANCE
 53881 | Vaults:4 | 53881 ||| INVOKING Finesse.
 53890 | Vaults:4 | Killed a dread lich
 53890 | Vaults:4 | Received a gift from Okawaru
 53921 | Vaults:5 | 53921 ||| STAIRDANCE
 54076 | Vaults:5 | 54076 ||| INVOKING Heroism.
 54077 | Vaults:5 | 54077 ||| STAIRDANCE
 54158 | Vaults:5 | Reached skill level 12 in Throwing
 54161 | Vaults:5 | 54161 ||| INVOKING Heroism.
 54170 | Vaults:5 | Noticed Frederick
 54171 | Vaults:5 | 54171 ||| INVOKING Finesse.
 54193 | Vaults:5 | Killed Frederick
 54195 | Vaults:5 | 54195 ||| Stepping ~*~*~tactically~*~*~ (stealth).
 54210 | Vaults:5 | 54210 ||| INVOKING Heroism.
 54224 | Vaults:5 | 54224 ||| Stepping ~*~*~tactically~*~*~ (stealth).
 54225 | Vaults:5 | 54225 ||| Stepping ~*~*~tactically~*~*~ (stealth).
 54241 | Vaults:5 | Reached skill level 6 in Dodging
 54246 | Vaults:5 | 54246 ||| INVOKING Finesse.
 54251 | Vaults:5 | 54251 ||| INVOKING Heroism.
 54297 | Vaults:5 | 54297 ||| Stepping ~*~*~tactically~*~*~ (hiding).
 54310 | Vaults:5 | 54310 ||| INVOKING Finesse.
 54314 | Vaults:5 | 54314 ||| INVOKING Heroism.
 54326 | Vaults:5 | 54326 ||| Stepping ~*~*~tactically~*~*~ (hiding).
 54327 | Vaults:5 | 54327 ||| Stepping ~*~*~tactically~*~*~ (hiding).
 54354 | Vaults:5 | 54354 ||| Stepping ~*~*~tactically~*~*~ (stealth).
 54356 | Vaults:5 | 54356 ||| Stepping ~*~*~tactically~*~*~ (stealth).
 54375 | Vaults:5 | 54375 ||| FLEEEEING.
 54380 | Vaults:5 | 54380 ||| STAIRDANCE
 54537 | Vaults:5 | 54537 ||| INVOKING Heroism.
 54538 | Vaults:5 | 54538 ||| INVOKING Finesse.
 54576 | Vaults:5 | Identified the +9 halberd of Wondrous Power {spect, Drain
                  | Fragile rF+++ Dex+6}
 54597 | Vaults:5 | 54597 ||| INVOKING Heroism.
 54635 | Vaults:5 | 54635 ||| INVOKING Heroism.
 54704 | Vaults:5 | 54704 ||| Stepping ~*~*~tactically~*~*~ (hiding).
 54712 | Vaults:5 | Received a gift from Okawaru
 54911 | Vaults:5 | Found the +2 Maxwell's thermic engine {flame, freeze}
 54927 | Vaults:5 | 54927 ||| INVOKING Heroism.
 54997 | Vaults:5 | Found the +4 Cigotuvi's embrace {rMiasma Drain rN+}
 55040 | Vaults:5 | 55040 ||| INVOKING Heroism.
 55041 | Vaults:5 | 55041 ||| INVOKING Finesse.
 55078 | Vaults:5 | 55078 ||| READING scroll of acquirement.
 55078 | Vaults:5 | 55078 ||| ACQUIRING 895 gold pieces
 55078 | Vaults:5 | Acquired 895 gold pieces
 55082 | Vaults:5 | 55082 ||| Stepping ~*~*~tactically~*~*~ (hiding).
 55085 | Vaults:5 | 55085 ||| Stepping ~*~*~tactically~*~*~ (hiding).
 55089 | Vaults:5 | 55089 ||| INVOKING Heroism.
 55093 | Vaults:5 | Reached skill level 22 in Fighting
 55102 | Vaults:5 | Identified the +7 broad axe of No Interval {vamp, rPois
                  | rCorr Str-2 Dex+3} (Okawaru gifted it to you on level 5 of
                  | the Vaults)
 55102 | Vaults:5 | Received a gift from Okawaru
 55131 | Vaults:5 | 55131 ||| SWAPPING to +7 broad axe of No Interval {vamp,
                  | rPois rCorr Str-2 Dex+3}.
 55140 | Vaults:5 | Got a silver rune of Zot
 55146 | Vaults:5 | Noticed a golden dragon
 55148 | Vaults:5 | 55148 ||| Stepping ~*~*~tactically~*~*~ (hiding).
 55149 | Vaults:5 | 55149 ||| Stepping ~*~*~tactically~*~*~ (hiding).
 55152 | Vaults:5 | 55152 ||| INVOKING Finesse.
 55168 | Vaults:5 | Killed a golden dragon
 55177 | Vaults:5 | 55177 ||| INVOKING Heroism.
 55325 | Vaults:5 | Noticed a dread lich
 55325 | Vaults:5 | Paralysed by a dread lich for 5 turns
 55330 | Vaults:5 | 55330 ||| INVOKING Heroism.
 55331 | Vaults:5 | 55331 ||| INVOKING Finesse.
 55336 | Vaults:5 | Killed a dread lich
 55337 | Vaults:5 | Reached XP level 24. HP: 168/168 MP: 23/30
 55342 | Vaults:5 | Identified the +1 leather armour of the Vestibule of Hell
                  | {rN+ Str+4 Slay+3}
 55343 | Vaults:5 | 55343 ||| Stepping ~*~*~tactically~*~*~ (stealth).
 55347 | Vaults:5 | 55347 ||| Stepping ~*~*~tactically~*~*~ (stealth).
 55386 | Vaults:5 | Identified the +2 robe "Jorphe" {Rampage rPois Int-3}
 55414 | Vaults:5 | 55414 ||| Stepping ~*~*~tactically~*~*~ (hiding).
 55415 | Vaults:5 | 55415 ||| INVOKING Heroism.
 55421 | Vaults:5 | 55421 ||| Stepping ~*~*~tactically~*~*~ (hiding).
 55425 | Vaults:5 | 55425 ||| Stepping ~*~*~tactically~*~*~ (hiding).
 55443 | Vaults:5 | 55443 ||| Stepping ~*~*~tactically~*~*~ (hiding).
 55585 | Vaults:5 | Identified the ring "Vuogruko" {rN+ Dex+3}
 55586 | Vaults:5 | 55586 ||| Stepping ~*~*~tactically~*~*~ (stealth).
 55587 | Vaults:5 | 55587 ||| Stepping ~*~*~tactically~*~*~ (stealth).
 55589 | Vaults:5 | 55589 ||| Stepping ~*~*~tactically~*~*~ (hiding).
 55682 | Vaults:5 | 55682 ||| Stepping ~*~*~tactically~*~*~ (hiding).
 55685 | Vaults:5 | 55685 ||| INVOKING Heroism.
 55720 | Vaults:5 | Identified the +2 plate armour of Huom {+Inv rElec rF-
                  | Int+8}
 55750 | Vaults:5 | Identified the +3 short sword "Yryoziu" {venom, Str+4}
 55912 | Vaults:5 | 55912 ||| INVOKING Heroism.
 56018 | Vaults:5 | 56018 ||| Stepping ~*~*~tactically~*~*~ (stealth).
 56020 | Vaults:5 | 56020 ||| Stepping ~*~*~tactically~*~*~ (hiding).
 56150 | Vaults:5 | 56150 ||| FLEEEEING.
 56151 | Vaults:5 | 56151 ||| FLEEEEING.
 56152 | Vaults:5 | 56152 ||| FLEEEEING.
 56153 | Vaults:5 | 56153 ||| FLEEEEING.
 56154 | Vaults:5 | 56154 ||| FLEEEEING.
 56155 | Vaults:5 | 56155 ||| FLEEEEING.
 56156 | Vaults:5 | 56156 ||| FLEEEEING.
 56157 | Vaults:5 | 56157 ||| FLEEEEING.
 56158 | Vaults:5 | 56158 ||| FLEEEEING.
 56159 | Vaults:5 | 56159 ||| FLEEEEING.
 56160 | Vaults:5 | 56160 ||| FLEEEEING.
 56161 | Vaults:5 | 56161 ||| FLEEEEING.
 56162 | Vaults:5 | 56162 ||| FLEEEEING.
 56163 | Vaults:5 | 56163 ||| FLEEEEING.
 56164 | Vaults:5 | 56164 ||| FLEEEEING.
 56165 | Vaults:5 | 56165 ||| FLEEEEING.
 56166 | Vaults:5 | 56166 ||| FLEEEEING.
 56182 | Vaults:5 | 56182 ||| Stepping ~*~*~tactically~*~*~ (hiding).
 56183 | Vaults:5 | 56183 ||| Stepping ~*~*~tactically~*~*~ (hiding).
 56185 | Vaults:5 | Noticed an ancient lich
 56186 | Vaults:5 | 56186 ||| INVOKING Heroism.
 56187 | Vaults:5 | 56187 ||| INVOKING Finesse.
 56202 | Vaults:5 | Killed an ancient lich
 56391 | Vaults:5 | 56391 ||| PLANNING SHOPPING SPREE
 56391 | Vaults:5 | 56391 ||| DROPPING scarf of harm.
 56392 | Vaults:5 | 56392 ||| DROPPING +1 pair of boots of flying.
 56393 | Vaults:5 | 56393 ||| UPGRADING to +4 ring of slaying {mikee}.
 56846 | D:1      | 56846 ||| BUYING +11 crystal plate armour of Zulikini
                  | {rCorr Str+3 Dex-5} (1411 gold).
 56846 | D:1      | Bought the +11 crystal plate armour of Zulikini {rCorr
                  | Str+3 Dex-5} for 1411 gold pieces
 56846 | D:1      | 56846 ||| BUYING scroll of enchant armour (82 gold).
 56846 | D:1      | Bought a scroll of enchant armour for 82 gold pieces
 56846 | D:1      | 56846 ||| UPGRADING to +11 crystal plate armour of Zulikini
                  | {rCorr Str+3 Dex-5}.
 56856 | D:1      | 56856 ||| UPGRADING to scarf of resistance.
 56881 | D:2      | 56881 ||| BUYING amulet of regeneration (390 gold).
 56881 | D:2      | Bought an amulet of regeneration for 390 gold pieces
 56881 | D:2      | 56881 ||| BUYING ring of Ijeheric {rF+ EV+4 Int+2 Slay+2}
                  | (813 gold).
 56881 | D:2      | Bought the ring of Ijeheric {rF+ EV+4 Int+2 Slay+2} for 813
                  | gold pieces
 56881 | D:2      | 56881 ||| UPGRADING to ring of Ijeheric {rF+ EV+4 Int+2
                  | Slay+2}.
 56883 | D:2      | 56883 ||| DROPPING +4 ring of slaying {mikee}.
 56884 | D:2      | 56884 ||| CLEARING SHOPPING LIST
 56884 | D:2      | 56884 ||| PLANNING ZOT
 56884 | D:2      | 56884 ||| READING scroll of teleportation.
 57245 | Zot:1    | Entered Level 1 of the Realm of Zot
 57249 | Zot:1    | 57249 ||| Stepping ~*~*~tactically~*~*~ (hiding).
 57250 | Zot:1    | 57250 ||| Stepping ~*~*~tactically~*~*~ (hiding).
 57253 | Zot:1    | 57253 ||| INVOKING Heroism.
 57279 | Zot:1    | 57279 ||| Stepping ~*~*~tactically~*~*~ (stealth).
 57361 | Zot:1    | Received a gift from Okawaru
 57559 | Zot:1    | 57559 ||| INVOKING Heroism.
 57585 | Zot:1    | 57585 ||| Stepping ~*~*~tactically~*~*~ (hiding).
 57725 | Zot:1    | 57725 ||| Stepping ~*~*~tactically~*~*~ (hiding).
 57876 | Zot:1    | 57876 ||| Stepping ~*~*~tactically~*~*~ (hiding).
 57877 | Zot:1    | 57877 ||| Stepping ~*~*~tactically~*~*~ (hiding).
 57890 | Zot:1    | 57890 ||| INVOKING Heroism.
 58051 | Zot:1    | 58051 ||| INVOKING Heroism.
 58210 | Zot:1    | 58210 ||| DROPPING +6 ring of strength.
 58316 | Zot:2    | 58316 ||| INVOKING Heroism.
 58333 | Zot:2    | 58333 ||| Stepping ~*~*~tactically~*~*~ (hiding).
 58493 | Zot:2    | 58493 ||| Stepping ~*~*~tactically~*~*~ (hiding).
 58495 | Zot:2    | 58495 ||| INVOKING Heroism.
 58541 | Zot:2    | 58541 ||| Stepping ~*~*~tactically~*~*~ (hiding).
 58542 | Zot:2    | 58542 ||| Stepping ~*~*~tactically~*~*~ (hiding).
 58628 | Zot:2    | 58628 ||| INVOKING Heroism.
 58638 | Zot:2    | Reached skill level 23 in Fighting
 58926 | Zot:2    | 58926 ||| INVOKING Heroism.
 59208 | Zot:2    | 59208 ||| Stepping ~*~*~tactically~*~*~ (hiding).
 59211 | Zot:2    | 59211 ||| INVOKING Heroism.
 59415 | Zot:2    | 59415 ||| Stepping ~*~*~tactically~*~*~ (stealth).
 59418 | Zot:2    | 59418 ||| Stepping ~*~*~tactically~*~*~ (hiding).
 59424 | Zot:2    | 59424 ||| INVOKING Heroism.
 59477 | Zot:2    | 59477 ||| INVOKING Heroism.
 59498 | Zot:2    | 59498 ||| Stepping ~*~*~tactically~*~*~ (cloud).
 59801 | Zot:3    | 59801 ||| INVOKING Heroism.
 59804 | Zot:3    | 59804 ||| Stepping ~*~*~tactically~*~*~ (hiding).
 59981 | Zot:3    | 59981 ||| INVOKING Heroism.
 59988 | Zot:3    | Received a gift from Okawaru
 60181 | Zot:3    | 60181 ||| Stepping ~*~*~tactically~*~*~ (hiding).
 60182 | Zot:3    | 60182 ||| Stepping ~*~*~tactically~*~*~ (hiding).
 60237 | Zot:3    | Noticed a curse toe
 60238 | Zot:3    | 60238 ||| INVOKING Heroism.
 60251 | Zot:3    | Killed a curse toe
 60278 | Zot:3    | 60278 ||| INVOKING Heroism.
 60299 | Zot:3    | Reached skill level 24 in Fighting
 60305 | Zot:3    | 60305 ||| INVOKING Heroism.
 60329 | Zot:3    | 60329 ||| INVOKING Heroism.
 60341 | Zot:3    | Reached XP level 25. HP: 163/178 MP: 29/30
 60392 | Zot:3    | 60392 ||| INVOKING Heroism.
 60481 | Zot:3    | 60481 ||| FLEEEEING.
 60482 | Zot:3    | 60482 ||| FLEEEEING.
 60483 | Zot:3    | 60483 ||| FLEEEEING.
 60484 | Zot:3    | 60484 ||| FLEEEEING.
 60502 | Zot:3    | 60502 ||| FLEEEEING.
 60503 | Zot:3    | 60503 ||| FLEEEEING.
 60511 | Zot:3    | 60511 ||| STAIRDANCE
 60646 | Zot:3    | 60646 ||| INVOKING Heroism.
 60899 | Zot:3    | 60899 ||| Stepping ~*~*~tactically~*~*~ (hiding).
 60901 | Zot:3    | 60901 ||| Stepping ~*~*~tactically~*~*~ (hiding).
 60903 | Zot:3    | 60903 ||| Stepping ~*~*~tactically~*~*~ (hiding).
 61137 | Zot:4    | 61137 ||| INVOKING Heroism.
 61183 | Zot:4    | 61183 ||| INVOKING Heroism.
 61194 | Zot:4    | Received a gift from Okawaru
 61289 | Zot:4    | 61289 ||| INVOKING Heroism.
 61470 | Zot:4    | 61470 ||| INVOKING Heroism.
 61579 | Zot:4    | 61579 ||| INVOKING Heroism.
 61595 | Zot:4    | Received a gift from Okawaru
 61781 | Zot:4    | 61781 ||| READING 6 scrolls of teleportation.
 61788 | Zot:4    | 61788 ||| FLEEEEING.
 61789 | Zot:4    | 61789 ||| FLEEEEING.
 61807 | Zot:4    | 61807 ||| INVOKING Heroism.
 61832 | Zot:4    | 61832 ||| Stepping ~*~*~tactically~*~*~ (hiding).
 62033 | Zot:5    | Entered Level 5 of the Realm of Zot
 62041 | Zot:5    | 62041 ||| Stepping ~*~*~tactically~*~*~ (hiding).
 62046 | Zot:5    | 62046 ||| INVOKING Heroism.
 62105 | Zot:5    | 62105 ||| Stepping ~*~*~tactically~*~*~ (stealth).
 62106 | Zot:5    | 62106 ||| Stepping ~*~*~tactically~*~*~ (stealth).
 62246 | Zot:5    | 62246 ||| INVOKING Heroism.
 62254 | Zot:5    | Noticed an orb of fire
 62255 | Zot:5    | Reached skill level 25 in Fighting
 62255 | Zot:5    | 62255 ||| DRINKING 2 potions of resistance.
 62255 | Zot:5    | Noticed an orb of fire
 62256 | Zot:5    | 62256 ||| INVOKING Finesse.
 62265 | Zot:5    | Gained mutation: You are occasionally teleported next to
                  | monsters. [an orb of fire]
 62276 | Zot:5    | 62276 ||| INVOKING Heroism.
 62288 | Zot:5    | Killed an orb of fire
 62290 | Zot:5    | Received a gift from Okawaru
 62304 | Zot:5    | Noticed a Killer Klown
 62305 | Zot:5    | 62305 ||| INVOKING Finesse.
 62403 | Zot:5    | 62403 ||| DRINKING 16 potions of mutation.
 62403 | Zot:5    | Lost mutation: You are occasionally teleported next to
                  | monsters. [potion of mutation]
 62403 | Zot:5    | Gained mutation: You are weak. (Str -2) [potion of
                  | mutation]
 62403 | Zot:5    | Gained mutation: You are very weak. (Str -4) [potion of
                  | mutation]
 62403 | Zot:5    | Gained mutation: You are partially covered in iridescent
                  | scales. (AC +2) [potion of mutation]
 62513 | Zot:5    | 62513 ||| Stepping ~*~*~tactically~*~*~ (stealth).
 62520 | Zot:5    | Reached ****** piety under Okawaru
 62521 | Zot:5    | Reached skill level 15 in Throwing
 62525 | Zot:5    | Received a gift from Okawaru
 62526 | Zot:5    | 62526 ||| Stepping ~*~*~tactically~*~*~ (stealth).
 62557 | Zot:5    | Noticed a Killer Klown
 62558 | Zot:5    | 62558 ||| Stepping ~*~*~tactically~*~*~ (stealth).
 62559 | Zot:5    | 62559 ||| INVOKING Heroism.
 62560 | Zot:5    | 62560 ||| INVOKING Finesse.
 62564 | Zot:5    | 62564 ||| Stepping ~*~*~tactically~*~*~ (hiding).
 62564 | Zot:5    | Noticed an orb of fire
 62565 | Zot:5    | 62565 ||| DRINKING potion of resistance.
 62579 | Zot:5    | Gained mutation: You occasionally lose the ability to drink
                  | potions when taking damage. [an orb of fire]
 62583 | Zot:5    | 62583 ||| INVOKING Finesse.
 62584 | Zot:5    | Killed an orb of fire
 62589 | Zot:5    | Noticed a Killer Klown
 62590 | Zot:5    | Noticed an orb of fire
 62590 | Zot:5    | Noticed a Killer Klown
 62596 | Zot:5    | Killed a Killer Klown
 62596 | Zot:5    | Noticed a Killer Klown
 62619 | Zot:5    | Noticed a Killer Klown
 62621 | Zot:5    | Gained mutation: You are dopey. (Int -2) [an orb of fire]
 62622 | Zot:5    | Killed an orb of fire
 62641 | Zot:5    | 62641 ||| INVOKING Heroism.
 62648 | Zot:5    | Killed a Killer Klown
 62650 | Zot:5    | Identified the +6 dagger of Watchfulness {vorpal, Contam
                  | rCorr Int+3}
 62667 | Zot:5    | Killed a Killer Klown
 62691 | Zot:5    | 62691 ||| DRINKING 15 potions of mutation.
 62691 | Zot:5    | Lost mutation: You are partially covered in iridescent
                  | scales. (AC +2) [potion of mutation]
 62691 | Zot:5    | Lost mutation: You occasionally lose the ability to drink
                  | potions when taking damage. [potion of mutation]
 62691 | Zot:5    | Lost mutation: You are dopey. (Int -2) [potion of mutation]
 62691 | Zot:5    | Lost mutation: You are very weak. (Str -4) [potion of
                  | mutation]
 62691 | Zot:5    | Gained mutation: Your flesh is cold resistant. (rC+)
                  | [potion of mutation]
 62722 | Zot:5    | Noticed an ancient lich
 62723 | Zot:5    | 62723 ||| INVOKING Heroism.
 62724 | Zot:5    | 62724 ||| INVOKING Finesse.
 62752 | Zot:5    | Killed an ancient lich
 62753 | Zot:5    | Reached skill level 26 in Fighting
 62762 | Zot:5    | 62762 ||| Stepping ~*~*~tactically~*~*~ (hiding).
 62763 | Zot:5    | 62763 ||| Stepping ~*~*~tactically~*~*~ (hiding).
 62772 | Zot:5    | 62772 ||| INVOKING Finesse.
 62779 | Zot:5    | Killed a Killer Klown
 62783 | Zot:5    | 62783 ||| INVOKING Heroism.
 62791 | Zot:5    | Gained mutation: You occasionally lose the ability to drink
                  | potions when taking damage. [an orb of fire]
 62806 | Zot:5    | Killed an orb of fire
 62806 | Zot:5    | Received a gift from Okawaru
 62807 | Zot:5    | Reached XP level 26. HP: 130/190 MP: 25/30
 62817 | Zot:5    | Noticed an ancient lich
 62846 | Zot:5    | Killed an ancient lich
 62846 | Zot:5    | Identified the +7 quarterstaff "Heum" {vamp, rC+} (Okawaru
                  | gifted it to you on level 5 of the Realm of Zot)
 62846 | Zot:5    | Received a gift from Okawaru
 62847 | Zot:5    | 62847 ||| DRINKING 14 potions of mutation.
 62847 | Zot:5    | Lost mutation: You occasionally lose the ability to drink
                  | potions when taking damage. [potion of mutation]
 62847 | Zot:5    | Lost mutation: Your flesh is cold resistant. (rC+) [potion
                  | of mutation]
 62847 | Zot:5    | Lost mutation: You are weak. (Str -2) [potion of mutation]
 62847 | Zot:5    | Gained mutation: You have a pair of small horns on your
                  | head. [potion of mutation]
 62847 | Zot:5    | Gained mutation: Armour fits poorly on your strangely
                  | shaped body. [potion of mutation]
 62847 | Zot:5    | Gained mutation: Your flesh is heat resistant. (rF+)
                  | [potion of mutation]
 62848 | Zot:5    | 62848 ||| DRINKING 13 potions of mutation.
 62848 | Zot:5    | Lost mutation: You have a pair of small horns on your head.
                  | [potion of mutation]
 62848 | Zot:5    | Lost mutation: Armour fits poorly on your strangely shaped
                  | body. [potion of mutation]
 62848 | Zot:5    | Gained mutation: You have sharp toenails. [potion of
                  | mutation]
 62848 | Zot:5    | Gained mutation: You are frail. (-10% HP) [potion of
                  | mutation]
 62848 | Zot:5    | Gained mutation: Your skin changes colour to match your
                  | surroundings (Stealth+). [potion of mutation]
 62849 | Zot:5    | 62849 ||| DRINKING 12 potions of mutation.
 62849 | Zot:5    | Lost mutation: You are frail. (-10% HP) [potion of
                  | mutation]
 62849 | Zot:5    | Lost mutation: Your flesh is heat resistant. (rF+) [potion
                  | of mutation]
 62849 | Zot:5    | Lost mutation: Your skin changes colour to match your
                  | surroundings (Stealth+). [potion of mutation]
 62866 | Zot:5    | 62866 ||| Stepping ~*~*~tactically~*~*~ (stealth).
 62940 | Zot:5    | 62940 ||| INVOKING Heroism.
 62941 | Zot:5    | 62941 ||| INVOKING Finesse.
 63042 | Zot:5    | 63042 ||| INVOKING Heroism.
 63120 | Zot:5    | 63120 ||| Stepping ~*~*~tactically~*~*~ (hiding).
 63124 | Zot:5    | 63124 ||| INVOKING Heroism.
 63125 | Zot:5    | 63125 ||| DRINKING 3 potions of cancellation.
 63126 | Zot:5    | 63126 ||| INVOKING Finesse.
 63142 | Zot:5    | Killed a Killer Klown
 63203 | Zot:5    | 63203 ||| INVOKING Heroism.
 63213 | Zot:5    | 63213 ||| INVOKING Finesse.
 63247 | Zot:5    | Killed a Killer Klown
 63459 | Zot:5    | Found a runed translucent gate.
 63459 | Zot:5    | Found a runed translucent gate.
 63459 | Zot:5    | Found a runed translucent gate.
 63459 | Zot:5    | Noticed an ancient lich
 63460 | Zot:5    | Found an ancient bone altar of Kikubaaqudgha.
 63460 | Zot:5    | Noticed a dread lich
 63460 | Zot:5    | Noticed qw's ghost (veteran GrFi)
 63460 | Zot:5    | Noticed an ancient lich
 63460 | Zot:5    | Noticed a dread lich
 63759 | Zot:5    | 63759 ||| PLANNING CONVERSION TO THE SHINING ONE
 63759 | Zot:5    | 63759 ||| UPGRADING to +2 helmet.
 63764 | Zot:5    | 63764 ||| READING 6 scrolls of teleportation.
 63850 | Zot:5    | 63850 ||| READING 5 scrolls of teleportation.
 63922 | Zot:5    | 63922 ||| READING 4 scrolls of teleportation.
 63971 | Zot:5    | 63971 ||| READING 3 scrolls of teleportation.
 64025 | Zot:5    | 64025 ||| READING 2 scrolls of teleportation.
 64097 | Zot:5    | 64097 ||| READING scroll of teleportation.
 64129 | Zot:5    | 64129 ||| Stepping randomly (stuck).
 64131 | Zot:5    | 64131 ||| Stepping randomly (stuck).
 64133 | Zot:5    | 64133 ||| Stepping randomly (stuck).
 64134 | Zot:5    | 64134 ||| INVOKING Heroism.
 64135 | Zot:5    | 64135 ||| INVOKING Finesse.
 64144 | Zot:5    | Killed a dread lich
 64150 | Zot:5    | Killed an ancient lich
 64156 | Zot:5    | Killed qw's ghost
 64167 | Zot:5    | Killed an ancient lich
 64173 | Zot:5    | Killed a dread lich
 64173 | Zot:5    | Identified the +4 robe of Dishonesty {rC- Str+4 Dex+5}
                  | (Okawaru gifted it to you on level 5 of the Realm of Zot)
 64173 | Zot:5    | Received a gift from Okawaru
 64174 | Zot:5    | Reached skill level 27 in Fighting
 64253 | Zot:5    | Identified the amulet "Vewniod" {RegenMP rF+ rC+ rN+}
 64258 | Zot:5    | Identified the +0 pair of boots of Gravitas {rCorr Int+6}
 64263 | Zot:5    | 64263 ||| UPGRADING to amulet "Vewniod" {RegenMP rF+ rC+
                  | rN+}.
 64273 | Zot:5    | 64273 ||| UPGRADING to +2 cloak.
 64283 | Zot:5    | 64283 ||| DROPPING amulet of the acrobat.
 64284 | Zot:5    | 64284 ||| Stepping randomly (stuck).
 64285 | Zot:5    | 64285 ||| Stepping randomly (stuck).
 64286 | Zot:5    | 64286 ||| Stepping randomly (stuck).
 64287 | Zot:5    | 64287 ||| Stepping randomly (stuck).
 64288 | Zot:5    | 64288 ||| Stepping randomly (stuck).
 64289 | Zot:5    | 64289 ||| Stepping randomly (stuck).
 64290 | Zot:5    | 64290 ||| Stepping randomly (stuck).
 64291 | Zot:5    | 64291 ||| Stepping randomly (stuck).
 64292 | Zot:5    | 64292 ||| Stepping randomly (stuck).
 64293 | Zot:5    | 64293 ||| Stepping randomly (stuck).
 64294 | Zot:5    | 64294 ||| Stepping randomly (stuck).
 64295 | Zot:5    | 64295 ||| Stepping randomly (stuck).
 64296 | Zot:5    | 64296 ||| Stepping randomly (stuck).
 64297 | Zot:5    | 64297 ||| Stepping randomly (stuck).
 64298 | Zot:5    | 64298 ||| Stepping randomly (stuck).
 64299 | Zot:5    | 64299 ||| Stepping randomly (stuck).
 64300 | Zot:5    | 64300 ||| Stepping randomly (stuck).
 64301 | Zot:5    | 64301 ||| Stepping randomly (stuck).
 64302 | Zot:5    | 64302 ||| Stepping randomly (stuck).
 64303 | Zot:5    | 64303 ||| Stepping randomly (stuck).
 64304 | Zot:5    | 64304 ||| Stepping randomly (stuck).
 64305 | Zot:5    | 64305 ||| Stepping randomly (stuck).
 64306 | Zot:5    | 64306 ||| Stepping randomly (stuck).
 64307 | Zot:5    | 64307 ||| Stepping randomly (stuck).
 64308 | Zot:5    | 64308 ||| Stepping randomly (stuck).
 64309 | Zot:5    | 64309 ||| Stepping randomly (stuck).
 64310 | Zot:5    | 64310 ||| Stepping randomly (stuck).
 64311 | Zot:5    | 64311 ||| Stepping randomly (stuck).
 64312 | Zot:5    | 64312 ||| Stepping randomly (stuck).
 64313 | Zot:5    | 64313 ||| Stepping randomly (stuck).
 64314 | Zot:5    | 64314 ||| Stepping randomly (stuck).
 64315 | Zot:5    | 64315 ||| Stepping randomly (stuck).
 64316 | Zot:5    | 64316 ||| Stepping randomly (stuck).
 64317 | Zot:5    | 64317 ||| Stepping randomly (stuck).
 64318 | Zot:5    | 64318 ||| Stepping randomly (stuck).
 64319 | Zot:5    | 64319 ||| Stepping randomly (stuck).
 64320 | Zot:5    | 64320 ||| Stepping randomly (stuck).
 64321 | Zot:5    | 64321 ||| Stepping randomly (stuck).
 64322 | Zot:5    | 64322 ||| Stepping randomly (stuck).
 64323 | Zot:5    | 64323 ||| Stepping randomly (stuck).
 64324 | Zot:5    | 64324 ||| Stepping randomly (stuck).
 64325 | Zot:5    | 64325 ||| Stepping randomly (stuck).
 64326 | Zot:5    | 64326 ||| Stepping randomly (stuck).
 64327 | Zot:5    | 64327 ||| Stepping randomly (stuck).
 64328 | Zot:5    | 64328 ||| Stepping randomly (stuck).
 64329 | Zot:5    | 64329 ||| Stepping randomly (stuck).
 64330 | Zot:5    | 64330 ||| Stepping randomly (stuck).
 64331 | Zot:5    | 64331 ||| Stepping randomly (stuck).
 64332 | Zot:5    | 64332 ||| Stepping randomly (stuck).
 64333 | Zot:5    | 64333 ||| Stepping randomly (stuck).
 64334 | Zot:5    | 64334 ||| Stepping randomly (stuck).
 64335 | Zot:5    | 64335 ||| Stepping randomly (stuck).
 64336 | Zot:5    | 64336 ||| Stepping randomly (stuck).
 64337 | Zot:5    | 64337 ||| Stepping randomly (stuck).
 64338 | Zot:5    | 64338 ||| Stepping randomly (stuck).
 64339 | Zot:5    | 64339 ||| Stepping randomly (stuck).
 64340 | Zot:5    | 64340 ||| Stepping randomly (stuck).
 64341 | Zot:5    | 64341 ||| Stepping randomly (stuck).
 64342 | Zot:5    | 64342 ||| Stepping randomly (stuck).
 64343 | Zot:5    | 64343 ||| Stepping randomly (stuck).
 64344 | Zot:5    | 64344 ||| Stepping randomly (stuck).
 64345 | Zot:5    | 64345 ||| Stepping randomly (stuck).
 64346 | Zot:5    | 64346 ||| Stepping randomly (stuck).
 64347 | Zot:5    | 64347 ||| Stepping randomly (stuck).
 64348 | Zot:5    | 64348 ||| Stepping randomly (stuck).
 64349 | Zot:5    | 64349 ||| Stepping randomly (stuck).
 64350 | Zot:5    | 64350 ||| Stepping randomly (stuck).
 64351 | Zot:5    | 64351 ||| Stepping randomly (stuck).
 64352 | Zot:5    | 64352 ||| Stepping randomly (stuck).
 64353 | Zot:5    | 64353 ||| Stepping randomly (stuck).
 64354 | Zot:5    | 64354 ||| Stepping randomly (stuck).
 64355 | Zot:5    | 64355 ||| Stepping randomly (stuck).
 64356 | Zot:5    | 64356 ||| Stepping randomly (stuck).
 64357 | Zot:5    | 64357 ||| Stepping randomly (stuck).
 64358 | Zot:5    | 64358 ||| Stepping randomly (stuck).
 64359 | Zot:5    | 64359 ||| Stepping randomly (stuck).
 64360 | Zot:5    | 64360 ||| Stepping randomly (stuck).
 64361 | Zot:5    | 64361 ||| Stepping randomly (stuck).
 64362 | Zot:5    | 64362 ||| Stepping randomly (stuck).
 64363 | Zot:5    | 64363 ||| Stepping randomly (stuck).
 64364 | Zot:5    | 64364 ||| Stepping randomly (stuck).
 64365 | Zot:5    | 64365 ||| Stepping randomly (stuck).
 64366 | Zot:5    | 64366 ||| Stepping randomly (stuck).
 64367 | Zot:5    | 64367 ||| Stepping randomly (stuck).
 64368 | Zot:5    | 64368 ||| Stepping randomly (stuck).
 64369 | Zot:5    | 64369 ||| Stepping randomly (stuck).
 64370 | Zot:5    | 64370 ||| Stepping randomly (stuck).
 64371 | Zot:5    | 64371 ||| Stepping randomly (stuck).
 64372 | Zot:5    | 64372 ||| Stepping randomly (stuck).
 64373 | Zot:5    | 64373 ||| Stepping randomly (stuck).
 64374 | Zot:5    | 64374 ||| Stepping randomly (stuck).
 64375 | Zot:5    | 64375 ||| Stepping randomly (stuck).
 64376 | Zot:5    | 64376 ||| Stepping randomly (stuck).
 64377 | Zot:5    | 64377 ||| Stepping randomly (stuck).
 64378 | Zot:5    | 64378 ||| Stepping randomly (stuck).
 64379 | Zot:5    | 64379 ||| Stepping randomly (stuck).
 64380 | Zot:5    | 64380 ||| Stepping randomly (stuck).
 64381 | Zot:5    | 64381 ||| Stepping randomly (stuck).
 64382 | Zot:5    | 64382 ||| Stepping randomly (stuck).
 64383 | Zot:5    | 64383 ||| Stepping randomly (stuck).
 64384 | Zot:5    | 64384 ||| Stepping randomly (stuck).
 64385 | Zot:5    | 64385 ||| Stepping randomly (stuck).
 64386 | Zot:5    | 64386 ||| Stepping randomly (stuck).
 64387 | Zot:5    | 64387 ||| Stepping randomly (stuck).
 64388 | Zot:5    | 64388 ||| Stepping randomly (stuck).
 64389 | Zot:5    | 64389 ||| Stepping randomly (stuck).
 64390 | Zot:5    | 64390 ||| Stepping randomly (stuck).
 64391 | Zot:5    | 64391 ||| Stepping randomly (stuck).
 64392 | Zot:5    | 64392 ||| Stepping randomly (stuck).
 64393 | Zot:5    | 64393 ||| Stepping randomly (stuck).
 64394 | Zot:5    | 64394 ||| Stepping randomly (stuck).
 64395 | Zot:5    | 64395 ||| Stepping randomly (stuck).
 64396 | Zot:5    | 64396 ||| Stepping randomly (stuck).
 64397 | Zot:5    | 64397 ||| Stepping randomly (stuck).
 64398 | Zot:5    | 64398 ||| Stepping randomly (stuck).
 64399 | Zot:5    | 64399 ||| Stepping randomly (stuck).
 64400 | Zot:5    | 64400 ||| Stepping randomly (stuck).
 64401 | Zot:5    | 64401 ||| Stepping randomly (stuck).
 64402 | Zot:5    | 64402 ||| Stepping randomly (stuck).
 64403 | Zot:5    | 64403 ||| Stepping randomly (stuck).
 64404 | Zot:5    | 64404 ||| Stepping randomly (stuck).
 64405 | Zot:5    | 64405 ||| Stepping randomly (stuck).
 64406 | Zot:5    | 64406 ||| Stepping randomly (stuck).
 64407 | Zot:5    | 64407 ||| Stepping randomly (stuck).
 64408 | Zot:5    | 64408 ||| Stepping randomly (stuck).
 64409 | Zot:5    | 64409 ||| Stepping randomly (stuck).
 64410 | Zot:5    | 64410 ||| Stepping randomly (stuck).
 64411 | Zot:5    | 64411 ||| Stepping randomly (stuck).
 64412 | Zot:5    | 64412 ||| Stepping randomly (stuck).
 64413 | Zot:5    | 64413 ||| Stepping randomly (stuck).
 64414 | Zot:5    | 64414 ||| Stepping randomly (stuck).
 64415 | Zot:5    | 64415 ||| Stepping randomly (stuck).
 64416 | Zot:5    | 64416 ||| Stepping randomly (stuck).
 64417 | Zot:5    | 64417 ||| Stepping randomly (stuck).
 64418 | Zot:5    | 64418 ||| Stepping randomly (stuck).
 64419 | Zot:5    | 64419 ||| Stepping randomly (stuck).
 64420 | Zot:5    | 64420 ||| Stepping randomly (stuck).
 64421 | Zot:5    | 64421 ||| Stepping randomly (stuck).
 64422 | Zot:5    | 64422 ||| Stepping randomly (stuck).
 64423 | Zot:5    | 64423 ||| Stepping randomly (stuck).
 64424 | Zot:5    | 64424 ||| Stepping randomly (stuck).
 64425 | Zot:5    | 64425 ||| Stepping randomly (stuck).
 64426 | Zot:5    | 64426 ||| Stepping randomly (stuck).
 64427 | Zot:5    | 64427 ||| Stepping randomly (stuck).
 64428 | Zot:5    | 64428 ||| Stepping randomly (stuck).
 64429 | Zot:5    | 64429 ||| Stepping randomly (stuck).
 64430 | Zot:5    | 64430 ||| Stepping randomly (stuck).
 64431 | Zot:5    | 64431 ||| Stepping randomly (stuck).
 64432 | Zot:5    | 64432 ||| Stepping randomly (stuck).
 64433 | Zot:5    | 64433 ||| Stepping randomly (stuck).
 64434 | Zot:5    | 64434 ||| Stepping randomly (stuck).
 64435 | Zot:5    | 64435 ||| Stepping randomly (stuck).
 64436 | Zot:5    | 64436 ||| Stepping randomly (stuck).
 64437 | Zot:5    | 64437 ||| Stepping randomly (stuck).
 64438 | Zot:5    | 64438 ||| Stepping randomly (stuck).
 64439 | Zot:5    | 64439 ||| Stepping randomly (stuck).
 64440 | Zot:5    | 64440 ||| Stepping randomly (stuck).
 64441 | Zot:5    | 64441 ||| Stepping randomly (stuck).
 64442 | Zot:5    | 64442 ||| Stepping randomly (stuck).
 64443 | Zot:5    | 64443 ||| Stepping randomly (stuck).
 64444 | Zot:5    | 64444 ||| Stepping randomly (stuck).
 64445 | Zot:5    | 64445 ||| Stepping randomly (stuck).
 64446 | Zot:5    | 64446 ||| Stepping randomly (stuck).
 64447 | Zot:5    | 64447 ||| Stepping randomly (stuck).
 64448 | Zot:5    | 64448 ||| Stepping randomly (stuck).
 64449 | Zot:5    | 64449 ||| Stepping randomly (stuck).
 64450 | Zot:5    | 64450 ||| Stepping randomly (stuck).
 64451 | Zot:5    | 64451 ||| Stepping randomly (stuck).
 64452 | Zot:5    | 64452 ||| Stepping randomly (stuck).
 64453 | Zot:5    | 64453 ||| Stepping randomly (stuck).
 64454 | Zot:5    | 64454 ||| Stepping randomly (stuck).
 64455 | Zot:5    | 64455 ||| Stepping randomly (stuck).
 64456 | Zot:5    | 64456 ||| Stepping randomly (stuck).
 64457 | Zot:5    | 64457 ||| Stepping randomly (stuck).
 64458 | Zot:5    | 64458 ||| Stepping randomly (stuck).
 64459 | Zot:5    | 64459 ||| Stepping randomly (stuck).
 64460 | Zot:5    | 64460 ||| Stepping randomly (stuck).
 64461 | Zot:5    | 64461 ||| Stepping randomly (stuck).
 64462 | Zot:5    | 64462 ||| Stepping randomly (stuck).
 64463 | Zot:5    | 64463 ||| Stepping randomly (stuck).
 64464 | Zot:5    | 64464 ||| Stepping randomly (stuck).
 64465 | Zot:5    | 64465 ||| Stepping randomly (stuck).
 64466 | Zot:5    | 64466 ||| Stepping randomly (stuck).
 64467 | Zot:5    | 64467 ||| Stepping randomly (stuck).
 64468 | Zot:5    | 64468 ||| Stepping randomly (stuck).
 64469 | Zot:5    | 64469 ||| Stepping randomly (stuck).
 64470 | Zot:5    | 64470 ||| Stepping randomly (stuck).
 64471 | Zot:5    | 64471 ||| Stepping randomly (stuck).
 64472 | Zot:5    | 64472 ||| Stepping randomly (stuck).
 64473 | Zot:5    | 64473 ||| Stepping randomly (stuck).
 64474 | Zot:5    | 64474 ||| Stepping randomly (stuck).
 64475 | Zot:5    | 64475 ||| Stepping randomly (stuck).
 64476 | Zot:5    | 64476 ||| Stepping randomly (stuck).
 64477 | Zot:5    | 64477 ||| Stepping randomly (stuck).
 64478 | Zot:5    | 64478 ||| Stepping randomly (stuck).
 64479 | Zot:5    | 64479 ||| Stepping randomly (stuck).
 64480 | Zot:5    | 64480 ||| Stepping randomly (stuck).
 64481 | Zot:5    | 64481 ||| Stepping randomly (stuck).
 64482 | Zot:5    | 64482 ||| Stepping randomly (stuck).
 64483 | Zot:5    | 64483 ||| Stepping randomly (stuck).
 64484 | Zot:5    | 64484 ||| Stepping randomly (stuck).
 64485 | Zot:5    | 64485 ||| Stepping randomly (stuck).
 64486 | Zot:5    | 64486 ||| Stepping randomly (stuck).
 64487 | Zot:5    | 64487 ||| Stepping randomly (stuck).
 64488 | Zot:5    | 64488 ||| Stepping randomly (stuck).
 64489 | Zot:5    | 64489 ||| Stepping randomly (stuck).
 64490 | Zot:5    | 64490 ||| Stepping randomly (stuck).
 64491 | Zot:5    | 64491 ||| Stepping randomly (stuck).
 64492 | Zot:5    | 64492 ||| Stepping randomly (stuck).
 64493 | Zot:5    | 64493 ||| Stepping randomly (stuck).
 64494 | Zot:5    | 64494 ||| Stepping randomly (stuck).
 64495 | Zot:5    | 64495 ||| Stepping randomly (stuck).
 64496 | Zot:5    | 64496 ||| Stepping randomly (stuck).
 64497 | Zot:5    | 64497 ||| Stepping randomly (stuck).
 64498 | Zot:5    | 64498 ||| Stepping randomly (stuck).
 64499 | Zot:5    | 64499 ||| Stepping randomly (stuck).
 64500 | Zot:5    | 64500 ||| Stepping randomly (stuck).
 64501 | Zot:5    | 64501 ||| Stepping randomly (stuck).
 64502 | Zot:5    | 64502 ||| Stepping randomly (stuck).
 64503 | Zot:5    | 64503 ||| Stepping randomly (stuck).
 64504 | Zot:5    | 64504 ||| Stepping randomly (stuck).
 64505 | Zot:5    | 64505 ||| Stepping randomly (stuck).
 64506 | Zot:5    | 64506 ||| Stepping randomly (stuck).
 64507 | Zot:5    | 64507 ||| Stepping randomly (stuck).
 64508 | Zot:5    | 64508 ||| Stepping randomly (stuck).
 64509 | Zot:5    | 64509 ||| Stepping randomly (stuck).
 64510 | Zot:5    | 64510 ||| Stepping randomly (stuck).
 64511 | Zot:5    | 64511 ||| Stepping randomly (stuck).
 64512 | Zot:5    | 64512 ||| Stepping randomly (stuck).
 64513 | Zot:5    | 64513 ||| Stepping randomly (stuck).
 64514 | Zot:5    | 64514 ||| Stepping randomly (stuck).
 64515 | Zot:5    | 64515 ||| Stepping randomly (stuck).
 64516 | Zot:5    | 64516 ||| Stepping randomly (stuck).
 64517 | Zot:5    | 64517 ||| Stepping randomly (stuck).
 64518 | Zot:5    | 64518 ||| Stepping randomly (stuck).
 64519 | Zot:5    | 64519 ||| Stepping randomly (stuck).
 64520 | Zot:5    | 64520 ||| Stepping randomly (stuck).
 64521 | Zot:5    | 64521 ||| Stepping randomly (stuck).
 64522 | Zot:5    | 64522 ||| Stepping randomly (stuck).
 64523 | Zot:5    | 64523 ||| Stepping randomly (stuck).
 64524 | Zot:5    | 64524 ||| Stepping randomly (stuck).
 64525 | Zot:5    | 64525 ||| Stepping randomly (stuck).
 64526 | Zot:5    | 64526 ||| Stepping randomly (stuck).
 64527 | Zot:5    | 64527 ||| Stepping randomly (stuck).
 64528 | Zot:5    | 64528 ||| Stepping randomly (stuck).
 64529 | Zot:5    | 64529 ||| Stepping randomly (stuck).
 64530 | Zot:5    | 64530 ||| Stepping randomly (stuck).
 64531 | Zot:5    | 64531 ||| Stepping randomly (stuck).
 64532 | Zot:5    | 64532 ||| Stepping randomly (stuck).
 64533 | Zot:5    | 64533 ||| Stepping randomly (stuck).
 64534 | Zot:5    | 64534 ||| Stepping randomly (stuck).
 64535 | Zot:5    | 64535 ||| Stepping randomly (stuck).
 64536 | Zot:5    | 64536 ||| Stepping randomly (stuck).
 64537 | Zot:5    | 64537 ||| Stepping randomly (stuck).
 64538 | Zot:5    | 64538 ||| Stepping randomly (stuck).
 64539 | Zot:5    | 64539 ||| Stepping randomly (stuck).
 64540 | Zot:5    | 64540 ||| Stepping randomly (stuck).
 64541 | Zot:5    | 64541 ||| Stepping randomly (stuck).
 64542 | Zot:5    | 64542 ||| Stepping randomly (stuck).
 64543 | Zot:5    | 64543 ||| Stepping randomly (stuck).
 64544 | Zot:5    | 64544 ||| Stepping randomly (stuck).
 64545 | Zot:5    | 64545 ||| Stepping randomly (stuck).
 64546 | Zot:5    | 64546 ||| Stepping randomly (stuck).
 64547 | Zot:5    | 64547 ||| Stepping randomly (stuck).
 64548 | Zot:5    | 64548 ||| Stepping randomly (stuck).
 64549 | Zot:5    | 64549 ||| Stepping randomly (stuck).
 64550 | Zot:5    | 64550 ||| Stepping randomly (stuck).
 64551 | Zot:5    | 64551 ||| Stepping randomly (stuck).
 64552 | Zot:5    | 64552 ||| Stepping randomly (stuck).
 64553 | Zot:5    | 64553 ||| Stepping randomly (stuck).
 64554 | Zot:5    | 64554 ||| Stepping randomly (stuck).
 64555 | Zot:5    | 64555 ||| Stepping randomly (stuck).
 64556 | Zot:5    | 64556 ||| Stepping randomly (stuck).
 64557 | Zot:5    | 64557 ||| Stepping randomly (stuck).
 64558 | Zot:5    | 64558 ||| Stepping randomly (stuck).
 64559 | Zot:5    | 64559 ||| Stepping randomly (stuck).
 64560 | Zot:5    | 64560 ||| Stepping randomly (stuck).
 64561 | Zot:5    | 64561 ||| Stepping randomly (stuck).
 64562 | Zot:5    | 64562 ||| Stepping randomly (stuck).
 64563 | Zot:5    | 64563 ||| Stepping randomly (stuck).
 64564 | Zot:5    | 64564 ||| Stepping randomly (stuck).
 64565 | Zot:5    | 64565 ||| Stepping randomly (stuck).
 64566 | Zot:5    | 64566 ||| Stepping randomly (stuck).
 64567 | Zot:5    | 64567 ||| Stepping randomly (stuck).
 64568 | Zot:5    | 64568 ||| Stepping randomly (stuck).
 64569 | Zot:5    | 64569 ||| Stepping randomly (stuck).
 64570 | Zot:5    | 64570 ||| Stepping randomly (stuck).
 64571 | Zot:5    | 64571 ||| Stepping randomly (stuck).
 64572 | Zot:5    | 64572 ||| Stepping randomly (stuck).
 64573 | Zot:5    | 64573 ||| Stepping randomly (stuck).
 64574 | Zot:5    | 64574 ||| Stepping randomly (stuck).
 64575 | Zot:5    | 64575 ||| Stepping randomly (stuck).
 64576 | Zot:5    | 64576 ||| Stepping randomly (stuck).
 64577 | Zot:5    | 64577 ||| Stepping randomly (stuck).
 64578 | Zot:5    | 64578 ||| Stepping randomly (stuck).
 64579 | Zot:5    | 64579 ||| Stepping randomly (stuck).
 64580 | Zot:5    | 64580 ||| Stepping randomly (stuck).
 64581 | Zot:5    | 64581 ||| Stepping randomly (stuck).
 64582 | Zot:5    | 64582 ||| Stepping randomly (stuck).
 64583 | Zot:5    | 64583 ||| Stepping randomly (stuck).
 64584 | Zot:5    | 64584 ||| Stepping randomly (stuck).
 64585 | Zot:5    | 64585 ||| Stepping randomly (stuck).
 64586 | Zot:5    | 64586 ||| Stepping randomly (stuck).
 64587 | Zot:5    | 64587 ||| Stepping randomly (stuck).
 64588 | Zot:5    | 64588 ||| Stepping randomly (stuck).
 64589 | Zot:5    | 64589 ||| Stepping randomly (stuck).
 64590 | Zot:5    | 64590 ||| Stepping randomly (stuck).
 64591 | Zot:5    | 64591 ||| Stepping randomly (stuck).
 64592 | Zot:5    | 64592 ||| Stepping randomly (stuck).
 64593 | Zot:5    | 64593 ||| Stepping randomly (stuck).
 64594 | Zot:5    | 64594 ||| Stepping randomly (stuck).
 64595 | Zot:5    | 64595 ||| Stepping randomly (stuck).
 64596 | Zot:5    | 64596 ||| Stepping randomly (stuck).
 64597 | Zot:5    | 64597 ||| Stepping randomly (stuck).
 64598 | Zot:5    | 64598 ||| Stepping randomly (stuck).
 64599 | Zot:5    | 64599 ||| Stepping randomly (stuck).
 64600 | Zot:5    | 64600 ||| Stepping randomly (stuck).
 64601 | Zot:5    | 64601 ||| Stepping randomly (stuck).
 64602 | Zot:5    | 64602 ||| Stepping randomly (stuck).
 64603 | Zot:5    | 64603 ||| Stepping randomly (stuck).
 64604 | Zot:5    | 64604 ||| Stepping randomly (stuck).
 64605 | Zot:5    | 64605 ||| Stepping randomly (stuck).
 64606 | Zot:5    | 64606 ||| Stepping randomly (stuck).
 64607 | Zot:5    | 64607 ||| Stepping randomly (stuck).
 64608 | Zot:5    | 64608 ||| Stepping randomly (stuck).
 64609 | Zot:5    | 64609 ||| Stepping randomly (stuck).
 64610 | Zot:5    | 64610 ||| Stepping randomly (stuck).
 64611 | Zot:5    | 64611 ||| Stepping randomly (stuck).
 64612 | Zot:5    | 64612 ||| Stepping randomly (stuck).
 64613 | Zot:5    | 64613 ||| Stepping randomly (stuck).
 64614 | Zot:5    | 64614 ||| Stepping randomly (stuck).
 64615 | Zot:5    | 64615 ||| Stepping randomly (stuck).
 64616 | Zot:5    | 64616 ||| Stepping randomly (stuck).
 64617 | Zot:5    | 64617 ||| Stepping randomly (stuck).
 64618 | Zot:5    | 64618 ||| Stepping randomly (stuck).
 64619 | Zot:5    | 64619 ||| Stepping randomly (stuck).
 64620 | Zot:5    | 64620 ||| Stepping randomly (stuck).
 64621 | Zot:5    | 64621 ||| Stepping randomly (stuck).
 64622 | Zot:5    | 64622 ||| Stepping randomly (stuck).
 64623 | Zot:5    | 64623 ||| Stepping randomly (stuck).
 64624 | Zot:5    | 64624 ||| Stepping randomly (stuck).
 64625 | Zot:5    | 64625 ||| Stepping randomly (stuck).
 64626 | Zot:5    | 64626 ||| Stepping randomly (stuck).
 64627 | Zot:5    | 64627 ||| Stepping randomly (stuck).
 64628 | Zot:5    | 64628 ||| Stepping randomly (stuck).
 64629 | Zot:5    | 64629 ||| Stepping randomly (stuck).
 64630 | Zot:5    | 64630 ||| Stepping randomly (stuck).
 64631 | Zot:5    | 64631 ||| Stepping randomly (stuck).
 64632 | Zot:5    | 64632 ||| Stepping randomly (stuck).
 64633 | Zot:5    | 64633 ||| Stepping randomly (stuck).
 64634 | Zot:5    | 64634 ||| Stepping randomly (stuck).
 64635 | Zot:5    | 64635 ||| Stepping randomly (stuck).
 64636 | Zot:5    | 64636 ||| Stepping randomly (stuck).
 64637 | Zot:5    | 64637 ||| Stepping randomly (stuck).
 64638 | Zot:5    | 64638 ||| Stepping randomly (stuck).
 64639 | Zot:5    | 64639 ||| Stepping randomly (stuck).
 64640 | Zot:5    | 64640 ||| Stepping randomly (stuck).
 64641 | Zot:5    | 64641 ||| Stepping randomly (stuck).
 64642 | Zot:5    | 64642 ||| Stepping randomly (stuck).
 64643 | Zot:5    | 64643 ||| Stepping randomly (stuck).
 64644 | Zot:5    | 64644 ||| Stepping randomly (stuck).
 64645 | Zot:5    | 64645 ||| Stepping randomly (stuck).
 64646 | Zot:5    | 64646 ||| Stepping randomly (stuck).
 64647 | Zot:5    | 64647 ||| Stepping randomly (stuck).
 64648 | Zot:5    | 64648 ||| Stepping randomly (stuck).
 64649 | Zot:5    | 64649 ||| Stepping randomly (stuck).
 64650 | Zot:5    | 64650 ||| Stepping randomly (stuck).
 64651 | Zot:5    | 64651 ||| Stepping randomly (stuck).
 64652 | Zot:5    | 64652 ||| Stepping randomly (stuck).
 64653 | Zot:5    | 64653 ||| Stepping randomly (stuck).
 64654 | Zot:5    | 64654 ||| Stepping randomly (stuck).
 64655 | Zot:5    | 64655 ||| Stepping randomly (stuck).
 64656 | Zot:5    | 64656 ||| Stepping randomly (stuck).
 64657 | Zot:5    | 64657 ||| Stepping randomly (stuck).
 64658 | Zot:5    | 64658 ||| Stepping randomly (stuck).
 64659 | Zot:5    | 64659 ||| Stepping randomly (stuck).
 64660 | Zot:5    | 64660 ||| Stepping randomly (stuck).
 64661 | Zot:5    | 64661 ||| Stepping randomly (stuck).
 64662 | Zot:5    | 64662 ||| Stepping randomly (stuck).
 64663 | Zot:5    | 64663 ||| Stepping randomly (stuck).
 64664 | Zot:5    | 64664 ||| Stepping randomly (stuck).
 64665 | Zot:5    | 64665 ||| Stepping randomly (stuck).
 64666 | Zot:5    | 64666 ||| Stepping randomly (stuck).
 64667 | Zot:5    | 64667 ||| Stepping randomly (stuck).
 64668 | Zot:5    | 64668 ||| Stepping randomly (stuck).
 64669 | Zot:5    | 64669 ||| Stepping randomly (stuck).
 64670 | Zot:5    | 64670 ||| Stepping randomly (stuck).
 64671 | Zot:5    | 64671 ||| Stepping randomly (stuck).
 64672 | Zot:5    | 64672 ||| Stepping randomly (stuck).
 64673 | Zot:5    | 64673 ||| Stepping randomly (stuck).
 64674 | Zot:5    | 64674 ||| Stepping randomly (stuck).
 64675 | Zot:5    | 64675 ||| Stepping randomly (stuck).
 64676 | Zot:5    | 64676 ||| Stepping randomly (stuck).
 64677 | Zot:5    | 64677 ||| Stepping randomly (stuck).
 64678 | Zot:5    | 64678 ||| Stepping randomly (stuck).
 64679 | Zot:5    | 64679 ||| Stepping randomly (stuck).
 64680 | Zot:5    | 64680 ||| Stepping randomly (stuck).
 64681 | Zot:5    | 64681 ||| Stepping randomly (stuck).
 64682 | Zot:5    | 64682 ||| Stepping randomly (stuck).
 64683 | Zot:5    | 64683 ||| Stepping randomly (stuck).
 64684 | Zot:5    | 64684 ||| Stepping randomly (stuck).
 64685 | Zot:5    | 64685 ||| Stepping randomly (stuck).
 64686 | Zot:5    | 64686 ||| Stepping randomly (stuck).
 64687 | Zot:5    | 64687 ||| Stepping randomly (stuck).
 64688 | Zot:5    | 64688 ||| Stepping randomly (stuck).
 64689 | Zot:5    | 64689 ||| Stepping randomly (stuck).
 64690 | Zot:5    | 64690 ||| Stepping randomly (stuck).
 64691 | Zot:5    | 64691 ||| Stepping randomly (stuck).
 64692 | Zot:5    | 64692 ||| Stepping randomly (stuck).
 64693 | Zot:5    | 64693 ||| Stepping randomly (stuck).
 64694 | Zot:5    | 64694 ||| Stepping randomly (stuck).
 64695 | Zot:5    | 64695 ||| Stepping randomly (stuck).
 64696 | Zot:5    | 64696 ||| Stepping randomly (stuck).
 64697 | Zot:5    | 64697 ||| Stepping randomly (stuck).
 64698 | Zot:5    | 64698 ||| Stepping randomly (stuck).
 64699 | Zot:5    | 64699 ||| Stepping randomly (stuck).
 64700 | Zot:5    | 64700 ||| Stepping randomly (stuck).
 64701 | Zot:5    | 64701 ||| Stepping randomly (stuck).
 64702 | Zot:5    | 64702 ||| Stepping randomly (stuck).
 64703 | Zot:5    | 64703 ||| Stepping randomly (stuck).
 64704 | Zot:5    | 64704 ||| Stepping randomly (stuck).
 64705 | Zot:5    | 64705 ||| Stepping randomly (stuck).
 64706 | Zot:5    | 64706 ||| Stepping randomly (stuck).
 64707 | Zot:5    | 64707 ||| Stepping randomly (stuck).
 64708 | Zot:5    | 64708 ||| Stepping randomly (stuck).
 64709 | Zot:5    | 64709 ||| Stepping randomly (stuck).
 64710 | Zot:5    | 64710 ||| Stepping randomly (stuck).
 64711 | Zot:5    | 64711 ||| Stepping randomly (stuck).
 64712 | Zot:5    | 64712 ||| Stepping randomly (stuck).
 64713 | Zot:5    | 64713 ||| Stepping randomly (stuck).
 64714 | Zot:5    | 64714 ||| Stepping randomly (stuck).
 64715 | Zot:5    | 64715 ||| Stepping randomly (stuck).
 64716 | Zot:5    | 64716 ||| Stepping randomly (stuck).
 64717 | Zot:5    | 64717 ||| Stepping randomly (stuck).
 64718 | Zot:5    | 64718 ||| Stepping randomly (stuck).
 64719 | Zot:5    | 64719 ||| Stepping randomly (stuck).
 64720 | Zot:5    | 64720 ||| Stepping randomly (stuck).
 64721 | Zot:5    | 64721 ||| Stepping randomly (stuck).
 64722 | Zot:5    | 64722 ||| Stepping randomly (stuck).
 64723 | Zot:5    | 64723 ||| Stepping randomly (stuck).
 64724 | Zot:5    | 64724 ||| Stepping randomly (stuck).
 64725 | Zot:5    | 64725 ||| Stepping randomly (stuck).
 64726 | Zot:5    | 64726 ||| Stepping randomly (stuck).
 64727 | Zot:5    | 64727 ||| Stepping randomly (stuck).
 64728 | Zot:5    | 64728 ||| Stepping randomly (stuck).
 64729 | Zot:5    | 64729 ||| Stepping randomly (stuck).
 64730 | Zot:5    | 64730 ||| Stepping randomly (stuck).
 64731 | Zot:5    | 64731 ||| Stepping randomly (stuck).
 64732 | Zot:5    | 64732 ||| Stepping randomly (stuck).
 64733 | Zot:5    | 64733 ||| Stepping randomly (stuck).
 64734 | Zot:5    | 64734 ||| Stepping randomly (stuck).
 64735 | Zot:5    | 64735 ||| Stepping randomly (stuck).
 64736 | Zot:5    | 64736 ||| Stepping randomly (stuck).
 64737 | Zot:5    | 64737 ||| Stepping randomly (stuck).
 64738 | Zot:5    | 64738 ||| Stepping randomly (stuck).
 64739 | Zot:5    | 64739 ||| Stepping randomly (stuck).
 64740 | Zot:5    | 64740 ||| Stepping randomly (stuck).
 64741 | Zot:5    | 64741 ||| Stepping randomly (stuck).
 64742 | Zot:5    | 64742 ||| Stepping randomly (stuck).
 64743 | Zot:5    | 64743 ||| Stepping randomly (stuck).
 64744 | Zot:5    | 64744 ||| Stepping randomly (stuck).
 64745 | Zot:5    | 64745 ||| Stepping randomly (stuck).
 64746 | Zot:5    | 64746 ||| Stepping randomly (stuck).
 64747 | Zot:5    | 64747 ||| Stepping randomly (stuck).
 64748 | Zot:5    | 64748 ||| Stepping randomly (stuck).
 64749 | Zot:5    | 64749 ||| Stepping randomly (stuck).
 64750 | Zot:5    | 64750 ||| Stepping randomly (stuck).
 64751 | Zot:5    | 64751 ||| Stepping randomly (stuck).
 64752 | Zot:5    | 64752 ||| Stepping randomly (stuck).
 64753 | Zot:5    | 64753 ||| Stepping randomly (stuck).
 64754 | Zot:5    | 64754 ||| Stepping randomly (stuck).
 64755 | Zot:5    | 64755 ||| Stepping randomly (stuck).
 64756 | Zot:5    | 64756 ||| Stepping randomly (stuck).
 64757 | Zot:5    | 64757 ||| Stepping randomly (stuck).
 64758 | Zot:5    | 64758 ||| Stepping randomly (stuck).
 64759 | Zot:5    | 64759 ||| Stepping randomly (stuck).
 64760 | Zot:5    | 64760 ||| Stepping randomly (stuck).
 64761 | Zot:5    | 64761 ||| Stepping randomly (stuck).
 64762 | Zot:5    | 64762 ||| Stepping randomly (stuck).
 64763 | Zot:5    | 64763 ||| Stepping randomly (stuck).
 64764 | Zot:5    | 64764 ||| Stepping randomly (stuck).
 64765 | Zot:5    | 64765 ||| Stepping randomly (stuck).
 64766 | Zot:5    | 64766 ||| Stepping randomly (stuck).
 64767 | Zot:5    | 64767 ||| Stepping randomly (stuck).
 64768 | Zot:5    | 64768 ||| Stepping randomly (stuck).
 64769 | Zot:5    | 64769 ||| Stepping randomly (stuck).
 64770 | Zot:5    | 64770 ||| Stepping randomly (stuck).
 64771 | Zot:5    | 64771 ||| Stepping randomly (stuck).
 64772 | Zot:5    | 64772 ||| Stepping randomly (stuck).
 64773 | Zot:5    | 64773 ||| Stepping randomly (stuck).
 64774 | Zot:5    | 64774 ||| Stepping randomly (stuck).
 64775 | Zot:5    | 64775 ||| Stepping randomly (stuck).
 64776 | Zot:5    | 64776 ||| Stepping randomly (stuck).
 64777 | Zot:5    | 64777 ||| Stepping randomly (stuck).
 64778 | Zot:5    | 64778 ||| Stepping randomly (stuck).
 64779 | Zot:5    | 64779 ||| Stepping randomly (stuck).
 64780 | Zot:5    | 64780 ||| Stepping randomly (stuck).
 64781 | Zot:5    | 64781 ||| Stepping randomly (stuck).
 64782 | Zot:5    | 64782 ||| Stepping randomly (stuck).
 64783 | Zot:5    | 64783 ||| Stepping randomly (stuck).
 64784 | Zot:5    | 64784 ||| Stepping randomly (stuck).
 64785 | Zot:5    | 64785 ||| Stepping randomly (stuck).
 64786 | Zot:5    | 64786 ||| Stepping randomly (stuck).
 64787 | Zot:5    | 64787 ||| Stepping randomly (stuck).
 64788 | Zot:5    | 64788 ||| Stepping randomly (stuck).
 64789 | Zot:5    | 64789 ||| Stepping randomly (stuck).
 64790 | Zot:5    | 64790 ||| Stepping randomly (stuck).
 64791 | Zot:5    | 64791 ||| Stepping randomly (stuck).
 64792 | Zot:5    | 64792 ||| Stepping randomly (stuck).
 64793 | Zot:5    | 64793 ||| Stepping randomly (stuck).
 64794 | Zot:5    | 64794 ||| Stepping randomly (stuck).
 64795 | Zot:5    | 64795 ||| Stepping randomly (stuck).
 64796 | Zot:5    | 64796 ||| Stepping randomly (stuck).
 64797 | Zot:5    | 64797 ||| Stepping randomly (stuck).
 64798 | Zot:5    | 64798 ||| Stepping randomly (stuck).
 64799 | Zot:5    | 64799 ||| Stepping randomly (stuck).
 64800 | Zot:5    | 64800 ||| Stepping randomly (stuck).
 64801 | Zot:5    | 64801 ||| Stepping randomly (stuck).
 64802 | Zot:5    | 64802 ||| Stepping randomly (stuck).
 64803 | Zot:5    | 64803 ||| Stepping randomly (stuck).
 64804 | Zot:5    | 64804 ||| Stepping randomly (stuck).
 64805 | Zot:5    | 64805 ||| Stepping randomly (stuck).
 64806 | Zot:5    | 64806 ||| Stepping randomly (stuck).
 64807 | Zot:5    | 64807 ||| Stepping randomly (stuck).
 64808 | Zot:5    | 64808 ||| Stepping randomly (stuck).
 64809 | Zot:5    | 64809 ||| Stepping randomly (stuck).
 64810 | Zot:5    | 64810 ||| Stepping randomly (stuck).
 64811 | Zot:5    | 64811 ||| Stepping randomly (stuck).
 64812 | Zot:5    | 64812 ||| Stepping randomly (stuck).
 64813 | Zot:5    | 64813 ||| Stepping randomly (stuck).
 64814 | Zot:5    | 64814 ||| Stepping randomly (stuck).
 64815 | Zot:5    | 64815 ||| Stepping randomly (stuck).
 64816 | Zot:5    | 64816 ||| Stepping randomly (stuck).
 64817 | Zot:5    | 64817 ||| Stepping randomly (stuck).
 64818 | Zot:5    | 64818 ||| Stepping randomly (stuck).
 64819 | Zot:5    | 64819 ||| Stepping randomly (stuck).
 64820 | Zot:5    | 64820 ||| Stepping randomly (stuck).
 64821 | Zot:5    | 64821 ||| Stepping randomly (stuck).
 64822 | Zot:5    | 64822 ||| Stepping randomly (stuck).
 64823 | Zot:5    | 64823 ||| Stepping randomly (stuck).
 64824 | Zot:5    | 64824 ||| Stepping randomly (stuck).
 64825 | Zot:5    | 64825 ||| Stepping randomly (stuck).
 64826 | Zot:5    | 64826 ||| Stepping randomly (stuck).
 64827 | Zot:5    | 64827 ||| Stepping randomly (stuck).
 64828 | Zot:5    | 64828 ||| Stepping randomly (stuck).
 64829 | Zot:5    | 64829 ||| Stepping randomly (stuck).
 64830 | Zot:5    | 64830 ||| Stepping randomly (stuck).
 64831 | Zot:5    | 64831 ||| Stepping randomly (stuck).
 64832 | Zot:5    | 64832 ||| Stepping randomly (stuck).
 64833 | Zot:5    | 64833 ||| Stepping randomly (stuck).
 64834 | Zot:5    | 64834 ||| Stepping randomly (stuck).
 64835 | Zot:5    | 64835 ||| Stepping randomly (stuck).
 64836 | Zot:5    | 64836 ||| Stepping randomly (stuck).
 64837 | Zot:5    | 64837 ||| Stepping randomly (stuck).
 64838 | Zot:5    | 64838 ||| Stepping randomly (stuck).
 64839 | Zot:5    | 64839 ||| Stepping randomly (stuck).
 64840 | Zot:5    | 64840 ||| Stepping randomly (stuck).
 64841 | Zot:5    | 64841 ||| Stepping randomly (stuck).
 64842 | Zot:5    | 64842 ||| Stepping randomly (stuck).
 64843 | Zot:5    | 64843 ||| Stepping randomly (stuck).
 64844 | Zot:5    | 64844 ||| Stepping randomly (stuck).
 64845 | Zot:5    | 64845 ||| Stepping randomly (stuck).
 64846 | Zot:5    | 64846 ||| Stepping randomly (stuck).
 64847 | Zot:5    | 64847 ||| Stepping randomly (stuck).
 64848 | Zot:5    | 64848 ||| Stepping randomly (stuck).
 64849 | Zot:5    | 64849 ||| Stepping randomly (stuck).
 64850 | Zot:5    | 64850 ||| Stepping randomly (stuck).
 64851 | Zot:5    | 64851 ||| Stepping randomly (stuck).
 64852 | Zot:5    | 64852 ||| Stepping randomly (stuck).
 64853 | Zot:5    | 64853 ||| Stepping randomly (stuck).
 64854 | Zot:5    | 64854 ||| Stepping randomly (stuck).
 64855 | Zot:5    | 64855 ||| Stepping randomly (stuck).
 64856 | Zot:5    | 64856 ||| Stepping randomly (stuck).
 64857 | Zot:5    | 64857 ||| Stepping randomly (stuck).
 64858 | Zot:5    | 64858 ||| Stepping randomly (stuck).
 64859 | Zot:5    | 64859 ||| Stepping randomly (stuck).
 64860 | Zot:5    | 64860 ||| Stepping randomly (stuck).
 64861 | Zot:5    | 64861 ||| Stepping randomly (stuck).
 64862 | Zot:5    | 64862 ||| Stepping randomly (stuck).
 64863 | Zot:5    | 64863 ||| Stepping randomly (stuck).
 64864 | Zot:5    | 64864 ||| Stepping randomly (stuck).
 64865 | Zot:5    | 64865 ||| Stepping randomly (stuck).
 64866 | Zot:5    | 64866 ||| Stepping randomly (stuck).
 64867 | Zot:5    | 64867 ||| Stepping randomly (stuck).
 64868 | Zot:5    | 64868 ||| Stepping randomly (stuck).
 64869 | Zot:5    | 64869 ||| Stepping randomly (stuck).
 64870 | Zot:5    | 64870 ||| Stepping randomly (stuck).
 64871 | Zot:5    | 64871 ||| Stepping randomly (stuck).
 64872 | Zot:5    | 64872 ||| Stepping randomly (stuck).
 64873 | Zot:5    | 64873 ||| Stepping randomly (stuck).
 64874 | Zot:5    | 64874 ||| Stepping randomly (stuck).
 64875 | Zot:5    | 64875 ||| Stepping randomly (stuck).
 64876 | Zot:5    | 64876 ||| Stepping randomly (stuck).
 64877 | Zot:5    | 64877 ||| Stepping randomly (stuck).
 64878 | Zot:5    | 64878 ||| Stepping randomly (stuck).
 64879 | Zot:5    | 64879 ||| Stepping randomly (stuck).
 64880 | Zot:5    | 64880 ||| Stepping randomly (stuck).
 64881 | Zot:5    | 64881 ||| Stepping randomly (stuck).
 64882 | Zot:5    | 64882 ||| Stepping randomly (stuck).
 64883 | Zot:5    | 64883 ||| Stepping randomly (stuck).
 64884 | Zot:5    | 64884 ||| Stepping randomly (stuck).
 64885 | Zot:5    | 64885 ||| Stepping randomly (stuck).
 64886 | Zot:5    | 64886 ||| Stepping randomly (stuck).
 64887 | Zot:5    | 64887 ||| Stepping randomly (stuck).
 64888 | Zot:5    | 64888 ||| Stepping randomly (stuck).
 64889 | Zot:5    | 64889 ||| Stepping randomly (stuck).
 64890 | Zot:5    | 64890 ||| Stepping randomly (stuck).
 64891 | Zot:5    | 64891 ||| Stepping randomly (stuck).
 64892 | Zot:5    | 64892 ||| Stepping randomly (stuck).
 64893 | Zot:5    | 64893 ||| Stepping randomly (stuck).
 64894 | Zot:5    | 64894 ||| Stepping randomly (stuck).
 64895 | Zot:5    | 64895 ||| Stepping randomly (stuck).
 64896 | Zot:5    | 64896 ||| Stepping randomly (stuck).
 64897 | Zot:5    | 64897 ||| Stepping randomly (stuck).
 64898 | Zot:5    | 64898 ||| Stepping randomly (stuck).
 64899 | Zot:5    | 64899 ||| Stepping randomly (stuck).
 64900 | Zot:5    | 64900 ||| Stepping randomly (stuck).
 64901 | Zot:5    | 64901 ||| Stepping randomly (stuck).
 64902 | Zot:5    | 64902 ||| Stepping randomly (stuck).
 64903 | Zot:5    | 64903 ||| Stepping randomly (stuck).
 64904 | Zot:5    | 64904 ||| Stepping randomly (stuck).
 64905 | Zot:5    | 64905 ||| Stepping randomly (stuck).
 64906 | Zot:5    | 64906 ||| Stepping randomly (stuck).
 64907 | Zot:5    | 64907 ||| Stepping randomly (stuck).
 64908 | Zot:5    | 64908 ||| Stepping randomly (stuck).
 64909 | Zot:5    | 64909 ||| Stepping randomly (stuck).
 64910 | Zot:5    | 64910 ||| Stepping randomly (stuck).
 64911 | Zot:5    | 64911 ||| Stepping randomly (stuck).
 64912 | Zot:5    | 64912 ||| Stepping randomly (stuck).
 64913 | Zot:5    | 64913 ||| Stepping randomly (stuck).
 64914 | Zot:5    | 64914 ||| Stepping randomly (stuck).
 64915 | Zot:5    | 64915 ||| Stepping randomly (stuck).
 64916 | Zot:5    | 64916 ||| Stepping randomly (stuck).
 64917 | Zot:5    | 64917 ||| Stepping randomly (stuck).
 64918 | Zot:5    | 64918 ||| Stepping randomly (stuck).
 64919 | Zot:5    | 64919 ||| Stepping randomly (stuck).
 64920 | Zot:5    | 64920 ||| Stepping randomly (stuck).
 64921 | Zot:5    | 64921 ||| Stepping randomly (stuck).
 64922 | Zot:5    | 64922 ||| Stepping randomly (stuck).
 64923 | Zot:5    | 64923 ||| Stepping randomly (stuck).
 64924 | Zot:5    | 64924 ||| Stepping randomly (stuck).
 64925 | Zot:5    | 64925 ||| Stepping randomly (stuck).
 64926 | Zot:5    | 64926 ||| Stepping randomly (stuck).
 64927 | Zot:5    | 64927 ||| Stepping randomly (stuck).
 64928 | Zot:5    | 64928 ||| Stepping randomly (stuck).
 64929 | Zot:5    | 64929 ||| Stepping randomly (stuck).
 64930 | Zot:5    | 64930 ||| Stepping randomly (stuck).
 64931 | Zot:5    | 64931 ||| Stepping randomly (stuck).
 64932 | Zot:5    | 64932 ||| Stepping randomly (stuck).
 64933 | Zot:5    | 64933 ||| Stepping randomly (stuck).
 64934 | Zot:5    | 64934 ||| Stepping randomly (stuck).
 64935 | Zot:5    | 64935 ||| Stepping randomly (stuck).
 64936 | Zot:5    | 64936 ||| Stepping randomly (stuck).
 64937 | Zot:5    | 64937 ||| Stepping randomly (stuck).
 64938 | Zot:5    | 64938 ||| Stepping randomly (stuck).
 64939 | Zot:5    | 64939 ||| Stepping randomly (stuck).
 64940 | Zot:5    | 64940 ||| Stepping randomly (stuck).
 64941 | Zot:5    | 64941 ||| Stepping randomly (stuck).
 64942 | Zot:5    | 64942 ||| Stepping randomly (stuck).
 64943 | Zot:5    | 64943 ||| Stepping randomly (stuck).
 64944 | Zot:5    | 64944 ||| Stepping randomly (stuck).
 64945 | Zot:5    | 64945 ||| Stepping randomly (stuck).
 64946 | Zot:5    | 64946 ||| Stepping randomly (stuck).
 64947 | Zot:5    | 64947 ||| Stepping randomly (stuck).
 64948 | Zot:5    | 64948 ||| Stepping randomly (stuck).
 64949 | Zot:5    | 64949 ||| Stepping randomly (stuck).
 64950 | Zot:5    | 64950 ||| Stepping randomly (stuck).
 64951 | Zot:5    | 64951 ||| Stepping randomly (stuck).
 64952 | Zot:5    | 64952 ||| Stepping randomly (stuck).
 64953 | Zot:5    | 64953 ||| Stepping randomly (stuck).
 64954 | Zot:5    | 64954 ||| Stepping randomly (stuck).
 64955 | Zot:5    | 64955 ||| Stepping randomly (stuck).
 64956 | Zot:5    | 64956 ||| Stepping randomly (stuck).
 64957 | Zot:5    | 64957 ||| Stepping randomly (stuck).
 64958 | Zot:5    | 64958 ||| Stepping randomly (stuck).
 64959 | Zot:5    | 64959 ||| Stepping randomly (stuck).
 64960 | Zot:5    | 64960 ||| Stepping randomly (stuck).
 64961 | Zot:5    | 64961 ||| Stepping randomly (stuck).
 64962 | Zot:5    | 64962 ||| Stepping randomly (stuck).
 64963 | Zot:5    | 64963 ||| Stepping randomly (stuck).
 64964 | Zot:5    | 64964 ||| Stepping randomly (stuck).
 64965 | Zot:5    | 64965 ||| Stepping randomly (stuck).
 64966 | Zot:5    | 64966 ||| Stepping randomly (stuck).
 64967 | Zot:5    | 64967 ||| Stepping randomly (stuck).
 64968 | Zot:5    | 64968 ||| Stepping randomly (stuck).
 64969 | Zot:5    | 64969 ||| Stepping randomly (stuck).
 64970 | Zot:5    | 64970 ||| Stepping randomly (stuck).
 64971 | Zot:5    | 64971 ||| Stepping randomly (stuck).
 64972 | Zot:5    | 64972 ||| Stepping randomly (stuck).
 64973 | Zot:5    | 64973 ||| Stepping randomly (stuck).
 64974 | Zot:5    | 64974 ||| Stepping randomly (stuck).
 64975 | Zot:5    | 64975 ||| Stepping randomly (stuck).
 64976 | Zot:5    | 64976 ||| Stepping randomly (stuck).
 64977 | Zot:5    | 64977 ||| Stepping randomly (stuck).
 64978 | Zot:5    | 64978 ||| Stepping randomly (stuck).
 64979 | Zot:5    | 64979 ||| Stepping randomly (stuck).
 64980 | Zot:5    | 64980 ||| Stepping randomly (stuck).
 64981 | Zot:5    | 64981 ||| Stepping randomly (stuck).
 64982 | Zot:5    | 64982 ||| Stepping randomly (stuck).
 64983 | Zot:5    | 64983 ||| Stepping randomly (stuck).
 64984 | Zot:5    | 64984 ||| Stepping randomly (stuck).
 64985 | Zot:5    | 64985 ||| Stepping randomly (stuck).
 64986 | Zot:5    | 64986 ||| Stepping randomly (stuck).
 64987 | Zot:5    | 64987 ||| Stepping randomly (stuck).
 64988 | Zot:5    | 64988 ||| Stepping randomly (stuck).
 64989 | Zot:5    | 64989 ||| Stepping randomly (stuck).
 64990 | Zot:5    | 64990 ||| Stepping randomly (stuck).
 64991 | Zot:5    | 64991 ||| Stepping randomly (stuck).
 64992 | Zot:5    | 64992 ||| Stepping randomly (stuck).
 64993 | Zot:5    | 64993 ||| Stepping randomly (stuck).
 64994 | Zot:5    | 64994 ||| Stepping randomly (stuck).
 64995 | Zot:5    | 64995 ||| Stepping randomly (stuck).
 64996 | Zot:5    | 64996 ||| Stepping randomly (stuck).
 64997 | Zot:5    | 64997 ||| Stepping randomly (stuck).
 64998 | Zot:5    | 64998 ||| Stepping randomly (stuck).
 64999 | Zot:5    | 64999 ||| Stepping randomly (stuck).
 65000 | Zot:5    | 65000 ||| Stepping randomly (stuck).
 65001 | Zot:5    | 65001 ||| Stepping randomly (stuck).
 65002 | Zot:5    | 65002 ||| Stepping randomly (stuck).
 65003 | Zot:5    | 65003 ||| Stepping randomly (stuck).
 65004 | Zot:5    | 65004 ||| Stepping randomly (stuck).
 65005 | Zot:5    | 65005 ||| Stepping randomly (stuck).
 65006 | Zot:5    | 65006 ||| Stepping randomly (stuck).
 65007 | Zot:5    | 65007 ||| Stepping randomly (stuck).
 65008 | Zot:5    | 65008 ||| Stepping randomly (stuck).
 65009 | Zot:5    | 65009 ||| Stepping randomly (stuck).
 65010 | Zot:5    | 65010 ||| Stepping randomly (stuck).
 65011 | Zot:5    | 65011 ||| Stepping randomly (stuck).
 65012 | Zot:5    | 65012 ||| Stepping randomly (stuck).
 65013 | Zot:5    | 65013 ||| Stepping randomly (stuck).
 65014 | Zot:5    | 65014 ||| Stepping randomly (stuck).
 65015 | Zot:5    | 65015 ||| Stepping randomly (stuck).
 65016 | Zot:5    | 65016 ||| Stepping randomly (stuck).
 65017 | Zot:5    | 65017 ||| Stepping randomly (stuck).
 65018 | Zot:5    | 65018 ||| Stepping randomly (stuck).
 65019 | Zot:5    | 65019 ||| Stepping randomly (stuck).
 65020 | Zot:5    | 65020 ||| Stepping randomly (stuck).
 65021 | Zot:5    | 65021 ||| Stepping randomly (stuck).
 65022 | Zot:5    | 65022 ||| Stepping randomly (stuck).
 65023 | Zot:5    | 65023 ||| Stepping randomly (stuck).
 65024 | Zot:5    | 65024 ||| Stepping randomly (stuck).
 65025 | Zot:5    | 65025 ||| Stepping randomly (stuck).
 65026 | Zot:5    | 65026 ||| Stepping randomly (stuck).
 65027 | Zot:5    | 65027 ||| Stepping randomly (stuck).
 65028 | Zot:5    | 65028 ||| Stepping randomly (stuck).
 65029 | Zot:5    | 65029 ||| Stepping randomly (stuck).
 65030 | Zot:5    | 65030 ||| Stepping randomly (stuck).
 65031 | Zot:5    | 65031 ||| Stepping randomly (stuck).
 65032 | Zot:5    | 65032 ||| Stepping randomly (stuck).
 65033 | Zot:5    | 65033 ||| Stepping randomly (stuck).
 65034 | Zot:5    | 65034 ||| Stepping randomly (stuck).
 65035 | Zot:5    | 65035 ||| Stepping randomly (stuck).
 65036 | Zot:5    | 65036 ||| Stepping randomly (stuck).
 65037 | Zot:5    | 65037 ||| Stepping randomly (stuck).
 65038 | Zot:5    | 65038 ||| Stepping randomly (stuck).
 65039 | Zot:5    | 65039 ||| Stepping randomly (stuck).
 65040 | Zot:5    | 65040 ||| Stepping randomly (stuck).
 65041 | Zot:5    | 65041 ||| Stepping randomly (stuck).
 65042 | Zot:5    | 65042 ||| Stepping randomly (stuck).
 65043 | Zot:5    | 65043 ||| Stepping randomly (stuck).
 65044 | Zot:5    | 65044 ||| Stepping randomly (stuck).
 65045 | Zot:5    | 65045 ||| Stepping randomly (stuck).
 65046 | Zot:5    | 65046 ||| Stepping randomly (stuck).
 65047 | Zot:5    | 65047 ||| Stepping randomly (stuck).
 65048 | Zot:5    | 65048 ||| Stepping randomly (stuck).
 65049 | Zot:5    | 65049 ||| Stepping randomly (stuck).
 65050 | Zot:5    | 65050 ||| Stepping randomly (stuck).
 65051 | Zot:5    | 65051 ||| Stepping randomly (stuck).
 65052 | Zot:5    | 65052 ||| Stepping randomly (stuck).
 65053 | Zot:5    | 65053 ||| Stepping randomly (stuck).
 65054 | Zot:5    | 65054 ||| Stepping randomly (stuck).
 65055 | Zot:5    | 65055 ||| Stepping randomly (stuck).
 65056 | Zot:5    | 65056 ||| Stepping randomly (stuck).
 65057 | Zot:5    | 65057 ||| Stepping randomly (stuck).
 65058 | Zot:5    | 65058 ||| Stepping randomly (stuck).
 65059 | Zot:5    | 65059 ||| Stepping randomly (stuck).
 65060 | Zot:5    | 65060 ||| Stepping randomly (stuck).
 65061 | Zot:5    | 65061 ||| Stepping randomly (stuck).
 65062 | Zot:5    | 65062 ||| Stepping randomly (stuck).
 65063 | Zot:5    | 65063 ||| Stepping randomly (stuck).
 65064 | Zot:5    | 65064 ||| Stepping randomly (stuck).
 65065 | Zot:5    | 65065 ||| Stepping randomly (stuck).
 65066 | Zot:5    | 65066 ||| Stepping randomly (stuck).
 65067 | Zot:5    | 65067 ||| Stepping randomly (stuck).
 65068 | Zot:5    | 65068 ||| Stepping randomly (stuck).
 65069 | Zot:5    | 65069 ||| Stepping randomly (stuck).
 65070 | Zot:5    | 65070 ||| Stepping randomly (stuck).
 65071 | Zot:5    | 65071 ||| Stepping randomly (stuck).
 65072 | Zot:5    | 65072 ||| Stepping randomly (stuck).
 65073 | Zot:5    | 65073 ||| Stepping randomly (stuck).
 65074 | Zot:5    | 65074 ||| Stepping randomly (stuck).
 65075 | Zot:5    | 65075 ||| Stepping randomly (stuck).
 65076 | Zot:5    | 65076 ||| Stepping randomly (stuck).
 65077 | Zot:5    | 65077 ||| Stepping randomly (stuck).
 65078 | Zot:5    | 65078 ||| Stepping randomly (stuck).
 65079 | Zot:5    | 65079 ||| Stepping randomly (stuck).
 65080 | Zot:5    | 65080 ||| Stepping randomly (stuck).
 65081 | Zot:5    | 65081 ||| Stepping randomly (stuck).
 65082 | Zot:5    | 65082 ||| Stepping randomly (stuck).
 65083 | Zot:5    | 65083 ||| Stepping randomly (stuck).
 65084 | Zot:5    | 65084 ||| Stepping randomly (stuck).
 65085 | Zot:5    | 65085 ||| Stepping randomly (stuck).
 65086 | Zot:5    | 65086 ||| Stepping randomly (stuck).
 65087 | Zot:5    | 65087 ||| Stepping randomly (stuck).
 65088 | Zot:5    | 65088 ||| Stepping randomly (stuck).
 65089 | Zot:5    | 65089 ||| Stepping randomly (stuck).
 65090 | Zot:5    | 65090 ||| Stepping randomly (stuck).
 65091 | Zot:5    | 65091 ||| Stepping randomly (stuck).
 65092 | Zot:5    | 65092 ||| Stepping randomly (stuck).
 65093 | Zot:5    | 65093 ||| Stepping randomly (stuck).
 65094 | Zot:5    | 65094 ||| Stepping randomly (stuck).
 65095 | Zot:5    | 65095 ||| Stepping randomly (stuck).
 65096 | Zot:5    | 65096 ||| Stepping randomly (stuck).
 65097 | Zot:5    | 65097 ||| Stepping randomly (stuck).
 65098 | Zot:5    | 65098 ||| Stepping randomly (stuck).
 65099 | Zot:5    | 65099 ||| Stepping randomly (stuck).
 65100 | Zot:5    | 65100 ||| Stepping randomly (stuck).
 65101 | Zot:5    | 65101 ||| Stepping randomly (stuck).
 65102 | Zot:5    | 65102 ||| Stepping randomly (stuck).
 65103 | Zot:5    | 65103 ||| Stepping randomly (stuck).
 65104 | Zot:5    | 65104 ||| Stepping randomly (stuck).
 65105 | Zot:5    | 65105 ||| Stepping randomly (stuck).
 65106 | Zot:5    | 65106 ||| Stepping randomly (stuck).
 65107 | Zot:5    | 65107 ||| Stepping randomly (stuck).
 65108 | Zot:5    | 65108 ||| Stepping randomly (stuck).
 65109 | Zot:5    | 65109 ||| Stepping randomly (stuck).
 65110 | Zot:5    | 65110 ||| Stepping randomly (stuck).
 65111 | Zot:5    | 65111 ||| Stepping randomly (stuck).
 65112 | Zot:5    | 65112 ||| Stepping randomly (stuck).
 65113 | Zot:5    | 65113 ||| Stepping randomly (stuck).
 65114 | Zot:5    | 65114 ||| Stepping randomly (stuck).
 65115 | Zot:5    | 65115 ||| Stepping randomly (stuck).
 65116 | Zot:5    | 65116 ||| Stepping randomly (stuck).
 65117 | Zot:5    | 65117 ||| Stepping randomly (stuck).
 65118 | Zot:5    | 65118 ||| Stepping randomly (stuck).
 65119 | Zot:5    | 65119 ||| Stepping randomly (stuck).
 65120 | Zot:5    | 65120 ||| Stepping randomly (stuck).
 65121 | Zot:5    | 65121 ||| Stepping randomly (stuck).
 65122 | Zot:5    | 65122 ||| Stepping randomly (stuck).
 65123 | Zot:5    | 65123 ||| Stepping randomly (stuck).
 65124 | Zot:5    | 65124 ||| Stepping randomly (stuck).
 65125 | Zot:5    | 65125 ||| Stepping randomly (stuck).
 65126 | Zot:5    | 65126 ||| Stepping randomly (stuck).
 65127 | Zot:5    | 65127 ||| Stepping randomly (stuck).
 65128 | Zot:5    | 65128 ||| Stepping randomly (stuck).
 65129 | Zot:5    | 65129 ||| Stepping randomly (stuck).
 65130 | Zot:5    | 65130 ||| Stepping randomly (stuck).
 65131 | Zot:5    | 65131 ||| Stepping randomly (stuck).
 65132 | Zot:5    | 65132 ||| Stepping randomly (stuck).
 65133 | Zot:5    | 65133 ||| Stepping randomly (stuck).
 65134 | Zot:5    | 65134 ||| Stepping randomly (stuck).
 65135 | Zot:5    | 65135 ||| Stepping randomly (stuck).
 65136 | Zot:5    | 65136 ||| Stepping randomly (stuck).
 65137 | Zot:5    | 65137 ||| Stepping randomly (stuck).
 65138 | Zot:5    | 65138 ||| Stepping randomly (stuck).
 65139 | Zot:5    | 65139 ||| Stepping randomly (stuck).
 65140 | Zot:5    | 65140 ||| Stepping randomly (stuck).
 65141 | Zot:5    | 65141 ||| Stepping randomly (stuck).
 65142 | Zot:5    | 65142 ||| Stepping randomly (stuck).
 65143 | Zot:5    | 65143 ||| Stepping randomly (stuck).
 65144 | Zot:5    | 65144 ||| Stepping randomly (stuck).
 65145 | Zot:5    | 65145 ||| Stepping randomly (stuck).
 65146 | Zot:5    | 65146 ||| Stepping randomly (stuck).
 65147 | Zot:5    | 65147 ||| Stepping randomly (stuck).
 65148 | Zot:5    | 65148 ||| Stepping randomly (stuck).
 65149 | Zot:5    | 65149 ||| Stepping randomly (stuck).
 65150 | Zot:5    | 65150 ||| Stepping randomly (stuck).
 65151 | Zot:5    | 65151 ||| Stepping randomly (stuck).
 65152 | Zot:5    | 65152 ||| Stepping randomly (stuck).
 65153 | Zot:5    | 65153 ||| Stepping randomly (stuck).
 65154 | Zot:5    | 65154 ||| Stepping randomly (stuck).
 65155 | Zot:5    | 65155 ||| Stepping randomly (stuck).
 65156 | Zot:5    | 65156 ||| Stepping randomly (stuck).
 65157 | Zot:5    | 65157 ||| Stepping randomly (stuck).
 65158 | Zot:5    | 65158 ||| Stepping randomly (stuck).
 65159 | Zot:5    | 65159 ||| Stepping randomly (stuck).
 65160 | Zot:5    | 65160 ||| Stepping randomly (stuck).
 65161 | Zot:5    | 65161 ||| Stepping randomly (stuck).
 65162 | Zot:5    | 65162 ||| Stepping randomly (stuck).
 65163 | Zot:5    | 65163 ||| Stepping randomly (stuck).
 65164 | Zot:5    | 65164 ||| Stepping randomly (stuck).
 65165 | Zot:5    | 65165 ||| Stepping randomly (stuck).
 65166 | Zot:5    | 65166 ||| Stepping randomly (stuck).
 65167 | Zot:5    | 65167 ||| Stepping randomly (stuck).
 65168 | Zot:5    | 65168 ||| Stepping randomly (stuck).
 65169 | Zot:5    | 65169 ||| Stepping randomly (stuck).
 65170 | Zot:5    | 65170 ||| Stepping randomly (stuck).
 65171 | Zot:5    | 65171 ||| Stepping randomly (stuck).
 65172 | Zot:5    | 65172 ||| Stepping randomly (stuck).
 65173 | Zot:5    | 65173 ||| Stepping randomly (stuck).
 65174 | Zot:5    | 65174 ||| Stepping randomly (stuck).
 65175 | Zot:5    | 65175 ||| Stepping randomly (stuck).
 65176 | Zot:5    | 65176 ||| Stepping randomly (stuck).
 65177 | Zot:5    | 65177 ||| Stepping randomly (stuck).
 65178 | Zot:5    | 65178 ||| Stepping randomly (stuck).
 65179 | Zot:5    | 65179 ||| Stepping randomly (stuck).
 65180 | Zot:5    | 65180 ||| Stepping randomly (stuck).
 65181 | Zot:5    | 65181 ||| Stepping randomly (stuck).
 65182 | Zot:5    | 65182 ||| Stepping randomly (stuck).
 65183 | Zot:5    | 65183 ||| Stepping randomly (stuck).
 65184 | Zot:5    | 65184 ||| Stepping randomly (stuck).
 65185 | Zot:5    | 65185 ||| Stepping randomly (stuck).
 65186 | Zot:5    | 65186 ||| Stepping randomly (stuck).
 65187 | Zot:5    | 65187 ||| Stepping randomly (stuck).
 65188 | Zot:5    | 65188 ||| Stepping randomly (stuck).
 65189 | Zot:5    | 65189 ||| Stepping randomly (stuck).
 65190 | Zot:5    | 65190 ||| Stepping randomly (stuck).
 65191 | Zot:5    | 65191 ||| Stepping randomly (stuck).
 65192 | Zot:5    | 65192 ||| Stepping randomly (stuck).
 65193 | Zot:5    | 65193 ||| Stepping randomly (stuck).
 65194 | Zot:5    | 65194 ||| Stepping randomly (stuck).
 65195 | Zot:5    | 65195 ||| Stepping randomly (stuck).
 65196 | Zot:5    | 65196 ||| Stepping randomly (stuck).
 65197 | Zot:5    | 65197 ||| Stepping randomly (stuck).
 65198 | Zot:5    | 65198 ||| Stepping randomly (stuck).
 65199 | Zot:5    | 65199 ||| Stepping randomly (stuck).
 65200 | Zot:5    | 65200 ||| Stepping randomly (stuck).
 65201 | Zot:5    | 65201 ||| Stepping randomly (stuck).
 65202 | Zot:5    | 65202 ||| Stepping randomly (stuck).
 65203 | Zot:5    | 65203 ||| Stepping randomly (stuck).
 65204 | Zot:5    | 65204 ||| Stepping randomly (stuck).
 65205 | Zot:5    | 65205 ||| Stepping randomly (stuck).
 65206 | Zot:5    | 65206 ||| Stepping randomly (stuck).
 65207 | Zot:5    | 65207 ||| Stepping randomly (stuck).
 65208 | Zot:5    | 65208 ||| Stepping randomly (stuck).
 65209 | Zot:5    | 65209 ||| Stepping randomly (stuck).
 65210 | Zot:5    | 65210 ||| Stepping randomly (stuck).
 65211 | Zot:5    | 65211 ||| Stepping randomly (stuck).
 65212 | Zot:5    | 65212 ||| Stepping randomly (stuck).
 65213 | Zot:5    | 65213 ||| Stepping randomly (stuck).
 65214 | Zot:5    | 65214 ||| Stepping randomly (stuck).
 65215 | Zot:5    | 65215 ||| Stepping randomly (stuck).
 65216 | Zot:5    | 65216 ||| Stepping randomly (stuck).
 65217 | Zot:5    | 65217 ||| Stepping randomly (stuck).
 65218 | Zot:5    | 65218 ||| Stepping randomly (stuck).
 65219 | Zot:5    | 65219 ||| Stepping randomly (stuck).
 65220 | Zot:5    | 65220 ||| Stepping randomly (stuck).
 65221 | Zot:5    | 65221 ||| Stepping randomly (stuck).
 65222 | Zot:5    | 65222 ||| Stepping randomly (stuck).
 65223 | Zot:5    | 65223 ||| Stepping randomly (stuck).
 65224 | Zot:5    | 65224 ||| Stepping randomly (stuck).
 65225 | Zot:5    | 65225 ||| Stepping randomly (stuck).
 65226 | Zot:5    | 65226 ||| Stepping randomly (stuck).
 65227 | Zot:5    | 65227 ||| Stepping randomly (stuck).
 65228 | Zot:5    | 65228 ||| Stepping randomly (stuck).
 65229 | Zot:5    | 65229 ||| Stepping randomly (stuck).
 65230 | Zot:5    | 65230 ||| Stepping randomly (stuck).
 65231 | Zot:5    | 65231 ||| Stepping randomly (stuck).
 65232 | Zot:5    | 65232 ||| Stepping randomly (stuck).
 65233 | Zot:5    | 65233 ||| Stepping randomly (stuck).
 65234 | Zot:5    | 65234 ||| Stepping randomly (stuck).
 65235 | Zot:5    | 65235 ||| Stepping randomly (stuck).
 65236 | Zot:5    | 65236 ||| Stepping randomly (stuck).
 65237 | Zot:5    | 65237 ||| Stepping randomly (stuck).
 65238 | Zot:5    | 65238 ||| Stepping randomly (stuck).
 65239 | Zot:5    | 65239 ||| Stepping randomly (stuck).
 65240 | Zot:5    | 65240 ||| Stepping randomly (stuck).
 65241 | Zot:5    | 65241 ||| Stepping randomly (stuck).
 65242 | Zot:5    | 65242 ||| Stepping randomly (stuck).
 65243 | Zot:5    | 65243 ||| Stepping randomly (stuck).
 65244 | Zot:5    | 65244 ||| Stepping randomly (stuck).
 65245 | Zot:5    | 65245 ||| Stepping randomly (stuck).
 65246 | Zot:5    | 65246 ||| Stepping randomly (stuck).
 65247 | Zot:5    | 65247 ||| Stepping randomly (stuck).
 65248 | Zot:5    | 65248 ||| Stepping randomly (stuck).
 65249 | Zot:5    | 65249 ||| Stepping randomly (stuck).
 65250 | Zot:5    | 65250 ||| Stepping randomly (stuck).
 65251 | Zot:5    | 65251 ||| Stepping randomly (stuck).
 65252 | Zot:5    | 65252 ||| Stepping randomly (stuck).
 65253 | Zot:5    | 65253 ||| Stepping randomly (stuck).
 65254 | Zot:5    | 65254 ||| Stepping randomly (stuck).
 65255 | Zot:5    | 65255 ||| Stepping randomly (stuck).
 65256 | Zot:5    | 65256 ||| Stepping randomly (stuck).
 65257 | Zot:5    | 65257 ||| Stepping randomly (stuck).
 65258 | Zot:5    | 65258 ||| Stepping randomly (stuck).
 65259 | Zot:5    | 65259 ||| Stepping randomly (stuck).
 65260 | Zot:5    | 65260 ||| Stepping randomly (stuck).
 65261 | Zot:5    | 65261 ||| Stepping randomly (stuck).
 65262 | Zot:5    | 65262 ||| Stepping randomly (stuck).
 65263 | Zot:5    | 65263 ||| Stepping randomly (stuck).
 65264 | Zot:5    | 65264 ||| Stepping randomly (stuck).
 65265 | Zot:5    | 65265 ||| Stepping randomly (stuck).
 65266 | Zot:5    | 65266 ||| Stepping randomly (stuck).
 65267 | Zot:5    | 65267 ||| Stepping randomly (stuck).
 65268 | Zot:5    | 65268 ||| Stepping randomly (stuck).
 65269 | Zot:5    | 65269 ||| Stepping randomly (stuck).
 65270 | Zot:5    | 65270 ||| Stepping randomly (stuck).
 65271 | Zot:5    | 65271 ||| Stepping randomly (stuck).
 65272 | Zot:5    | 65272 ||| Stepping randomly (stuck).
 65273 | Zot:5    | 65273 ||| Stepping randomly (stuck).
 65274 | Zot:5    | 65274 ||| Stepping randomly (stuck).
 65275 | Zot:5    | 65275 ||| Stepping randomly (stuck).
 65276 | Zot:5    | 65276 ||| Stepping randomly (stuck).
 65277 | Zot:5    | Quit the game

Levels and vault maps discovered:
D:1:      dpeg_arrival_boxes_within_box, layout_rooms, serial_shops,
          shop_statue, hellmonk_ecumenical_altar_leap_of_faith,
          grunt_decor_junction
D:2:      layout_basic, serial_shops, shop, basic_altar, st_stairs_11,
          uniq_sigmund
D:3:      kennysheep_goblin_castle, layout_loops_ring, general_overflow_altar,
          minmay_misc_feat_diagonals, uniq_crazy_yiuf_cottage
D:4:      layout_loops_ring, nicolae_vehumet_altar_sigil, due_unseen_surprise
D:5:      layout_cave_pools, minitemple, temple_hall, serial_shops, shop,
          chequers_jeans
D:6:      layout_loops_ring, uniq_blork_the_orc
D:7:      layout_loops_corners, nicolae_ru_sacrificial_ziggurat
D:8:      layout_rooms
D:9:      layout_irregular_city, enter_bailey_4,
          hangedman_abyss_or_decor_stagger
D:10:     layout_basic, gammafunk_ghost_split, bh_circular_ruins, uniq_maurice
D:11:     layout_roguey, erik_lair_orcish_takeover,
          minmay_orc_entry_temple_small, serial_shops, shop, uniq_josephine,
          uniq_grum
D:12:     layout_loops_ring, nicolae_straight_to_the_point, uniq_gastronok
D:13:     layout_irregular_city, grunt_vaults_entry_fortified, uniq_rupert
D:14:     layout_loops_ring, gauntlet_entry_generic, small_statue_alley_a,
          serial_shops, shop, minmay_librarian
D:15:     hangedman_depths_entry_civil_slaughter, layout_basic,
          minmay_quadrilaterals
Temple:   chequers_temple_sunken
Lair:1:   layout_layer_cave, portal_ice_cave_entry_pillars_2
Lair:2:   layout_cave_shapes, elwin_shoals_entry_rocks, basic_altar,
          chequers_serial_rivers_large_a, grunt_forest_small_clearings
Lair:3:   layout_chaotic_city, nicolae_spider_entry_non_spiders, wad_woods_02
Lair:4:   gammafunk_indiana_jones, layout_cave_pods, serial_bayou_shore_b
Lair:5:   hangedman_lair_in_review, layout_loops_ring, slime_entry_1,
          chequers_serial_rivers_marsh, bobbens_dragon_lair_wall
Shoals:1: layout_shoals, serial_shops, shop_fountains
Shoals:2: layout_shoals, nicolae_shop_firing_range, uniq_aizul, uniq_donald
Shoals:3: layout_shoals, uniq_ilsuiw
Shoals:4: shoals_end_hellmonk_lost_city
Spider:1: spiders_nest_scorpion_pit
Spider:2: layout_chambers, nicolae_spider_checkerboard
Spider:3: layout_spider_delve, nicolae_spider_jagged_tunnels
Spider:4: guppyfry_spider_rune
Orc:1:    layout_diamond_mine, nicolae_orc_sculptors_studio
Orc:2:    grunt_orc_community_town_hall, layout_diamond_mine,
          grunt_orc_community_big_house_1, grunt_orc_community_big_house_2,
          grunt_orc_community_house_3, grunt_orc_community_house_1,
          grunt_orc_community_house_2, grunt_orc_community_house_2,
          grunt_orc_community_house_2, mines2_lemuel, uniq_saint_roka,
          uniq_nessos
Vaults:1: nicolae_vaults_theta, vaults_room_corners, v_pattern_4,
          nicolae_vaults_shelves_hall, grunt_vaults_funnel,
          nicolae_vaults_know_your_exits, nicolae_vaults_yaktaur_gun_rack,
          v_misc_17, layout_vaults_quadrants
Vaults:2: v_alt_pattern_2, nicolae_vaults_c_with_doors,
          vaults_room_grunt_arrival_checkpoint, blue_anna_dwarven_crypt,
          grunt_vaults_diagonal, ontoclasm_vaults_shuriken,
          ontoclasm_vaults_idyll, nicolae_vaults_circle_grid_a,
          nicolae_vaults_sealed_display, nicolae_vaults_shelves_hall, v_misc_8,
          vaults_room_corners, v_rooms_6, ontoclasm_vaults_decontamination,
          nicolae_vaults_angled_halls, layout_vaults_omnicross, serial_shops,
          shop
Vaults:3: ploomutoo_gammafunk_ghost_potion_laboratory,
          minmay_guarded_unrand_secular_launcher, nicolae_vaults_big_ls,
          vaults_mumra_hex, v_misc_27, nicolae_vaults_gold_heap,
          layout_vaults_maze_snakey
Vaults:4: v_alt_pattern_1, hangedman_vaults_snaps, v_misc_30,
          nicolae_vaults_windows_and_doors_thing, ontoclasm_vaults_eye,
          nicolae_vaults_little_squares_5, layout_vaults_chaotic_city,
          serial_shops, nicolae_diamond_shop, nicolae_diamond_shop, shop,
          shop_statue, shop
Vaults:5: serial_shops, uniq_frederick
Depths:1: layout_cave_pools, nicolae_wu_jian_immortal_techniques,
          hangedman_coc_ice_floe, lemuel_old_faithful
Depths:2: kennysheep_treasure_stockpile, layout_cave_shapes, enter_ziggurat_e,
          hell_entry, nicolae_lava_and_water, serial_shops,
          nicolae_shop_hallway_plus, rand_demon_pan_entry_3,
          columned_hall_lemuel, serial_sigils_hangedman_writhe,
          kennysheep_generic_room_12, infiniplex_staircase_zigzag_2
Depths:3: nicolae_BIG_FREAKIN_CUBE, layout_gridlike, okawaru_gym_becter,
          hell_entry, pan_entry, abyss_entry_flame_altar, kennysheep_path_1,
          evilmike_ambush [evilmike_ambush_outer_pillars,
          evilmike_ambush_inner_wall_1]
Depths:4: evilmike_zot_entry_argh, layout_cave_shapes, amcnicky_mini_pool_small,
          hell_entry, chequers_serial_rivers_small_a, hex_medium,
          uniq_josephina, uniq_enchantress, uniq_sojobo
Zot:1:    layout_gridville
Zot:2:    layout_gridlike, grunt_ministairs_11, zot_minivault_4
Zot:3:    layout_gridlike
Zot:4:    layout_gridlike
Zot:5:    layout_basic, gammafunk_ghost_crypt

Skill      XL: |  1  2  3  4  5  6  7  8  9 10 11 12 13 14 15 16 17 18 19 20 21 22 23 24 25 26 |
---------------+-------------------------------------------------------------------------------+-----
Axes           | 2 3 5 6 7 8 10 11 12 14 15 16 18 | 18.0
Fighting       | 4 5 6 7 9 10 11 12 13 15 17 18 20 22 24 26 27 | 27.0
Dodging        | 1 2 3 4 5 7 |  7.1
Throwing       | 1 2 4 5 6 7 8 9 10 11 12 13 15 | 15.0
Armour         | 4 5 6 7 8 9 11 12 13 14 16 20 21 22 | 22.0
Invocations    | 4 8 10 11 | 11.6
Shields        | 4 5 8 10 11 14 16 17 18 19 20 21 22 | 22.0

Action                   |  1- 3 |  4- 6 |  7- 9 | 10-12 | 13-15 | 16-18 | 19-21 | 22-24 | 25-27 || total
-------------------------+-------+-------+-------+-------+-------+-------+-------+-------+-------++-------
Melee: War axe           |   134 |   133 |   222 |   194 |       |       |       |       |       ||   683
       Broad axe         |       |       |       |   230 |  1288 |  1620 |  1296 |  1657 |   767 ||  6858
       Morningstar       |       |       |       |       |    28 |       |       |       |       ||    28
Throw: Boomerang         |       |    23 |    62 |    56 |    87 |    39 |       |       |       ||   267
       Javelin           |       |       |       |    22 |   103 |    84 |   112 |    80 |    44 ||   445
Invok: Heroism           |       |       |    12 |    27 |    53 |    48 |    44 |    48 |    20 ||   252
       Finesse           |       |       |       |       |    13 |    12 |    19 |    18 |    10 ||    72
  Use: Scroll            |     3 |    12 |    16 |     4 |    15 |     7 |     5 |     4 |     7 ||    73
       Potion            |       |     1 |     1 |     1 |     2 |     5 |     3 |     1 |     8 ||    22
 Stab: Distracted        |       |       |       |     3 |       |       |       |       |       ||     3
Armor: Scale mail        |    68 |    70 |    54 |       |       |       |       |       |       ||   192
       Chain mail        |       |       |    71 |   180 |   336 |       |       |       |       ||   587
       Plate armour      |       |       |       |       |   303 |   581 |   109 |       |       ||   993
       Crystal plate arm |       |       |       |       |       |       |   266 |   709 |   262 ||  1237
Dodge: Dodged            |    67 |    45 |    79 |   134 |   248 |   256 |   168 |   356 |   157 ||  1510
Block: Buckler           |    16 |    21 |    61 |    25 |       |       |       |       |       ||   123
       Kite shield       |       |       |       |   139 |   266 |       |       |       |       ||   405
       Tower shield      |       |       |       |       |   850 |  1879 |  1212 |  1669 |   737 ||  6347

Table legend:
 A = Non-vault XP
 B = Vault XP
 C = Vault XP percentage of total XP
 D = Non-vault monster count
 E = Vault monster count
 F = Vault count percentage of total count
                 A         B        C        D         E       F
            +---------+---------+-------+---------+---------+-------
      Total |  628049 |  535421 |  46.0 |    1276 |     671 |  34.5
            +---------+---------+-------+---------+---------+-------
        D:1 |      44 |       0 |   0.0 |      24 |       0 |   0.0
        D:2 |      44 |     228 |  83.8 |      16 |       4 |  20.0
        D:3 |      58 |      58 |  50.0 |      16 |      12 |  42.9
        D:4 |     396 |       0 |   0.0 |      22 |       0 |   0.0
        D:5 |     762 |       0 |   0.0 |      22 |       0 |   0.0
        D:6 |    1308 |     102 |   7.2 |      27 |       1 |   3.6
        D:7 |     942 |       0 |   0.0 |      19 |       0 |   0.0
        D:8 |    1552 |       0 |   0.0 |      21 |       0 |   0.0
        D:9 |    2486 |      12 |   0.5 |      31 |       5 |  13.9
       D:10 |    2765 |     527 |  16.0 |      18 |       3 |  14.3
       D:11 |    4463 |    3075 |  40.8 |      12 |      26 |  68.4
       D:12 |    1488 |    1466 |  49.6 |       8 |       1 |  11.1
       D:13 |    5632 |    7936 |  58.5 |      18 |      11 |  37.9
       D:14 |   11770 |     643 |   5.2 |      23 |       1 |   4.2
       D:15 |    5766 |    8207 |  58.7 |      13 |      13 |  50.0
     Lair:1 |    5231 |       0 |   0.0 |      23 |       0 |   0.0
     Lair:2 |    8398 |       0 |   0.0 |      33 |       0 |   0.0
     Lair:3 |    8604 |    1669 |  16.2 |      21 |      12 |  36.4
     Lair:4 |    7707 |       0 |   0.0 |      22 |       0 |   0.0
     Lair:5 |    4959 |   18491 |  78.9 |      19 |      45 |  70.3
   Shoals:1 |    9942 |       0 |   0.0 |      21 |       0 |   0.0
   Shoals:2 |    8612 |    2582 |  23.1 |      18 |       5 |  21.7
   Shoals:3 |   19865 |    2730 |  12.1 |      48 |       4 |   7.7
   Shoals:4 |    8363 |   28516 |  77.3 |      17 |      41 |  70.7
   Spider:1 |   15644 |    5499 |  26.0 |      41 |      18 |  30.5
   Spider:2 |   18727 |       0 |   0.0 |      42 |       0 |   0.0
   Spider:3 |   21810 |    5688 |  20.7 |      49 |      10 |  16.9
   Spider:4 |   13288 |   23132 |  63.5 |      38 |      39 |  50.6
      Orc:1 |    3317 |       0 |   0.0 |      50 |       0 |   0.0
      Orc:2 |    2447 |   11069 |  81.9 |      56 |      83 |  59.7
   Vaults:1 |   19255 |   13101 |  40.5 |      27 |      18 |  40.0
   Vaults:2 |   49851 |   23123 |  31.7 |      72 |      28 |  28.0
   Vaults:3 |   25951 |   42516 |  62.1 |      36 |      47 |  56.6
   Vaults:4 |   31766 |   36852 |  53.7 |      43 |      41 |  48.8
   Vaults:5 |   13766 |   84855 |  86.0 |      20 |      67 |  77.0
   Depths:1 |   30514 |     924 |   2.9 |      40 |       1 |   2.4
   Depths:2 |   32451 |   24423 |  42.9 |      40 |      23 |  36.5
   Depths:3 |   26461 |   23932 |  47.5 |      31 |      20 |  39.2
   Depths:4 |   28536 |   29869 |  51.1 |      33 |      24 |  42.1
      Zot:1 |   29425 |       0 |   0.0 |      26 |       0 |   0.0
      Zot:2 |   29640 |   14499 |  32.8 |      26 |      14 |  35.0
      Zot:3 |   46626 |       0 |   0.0 |      40 |       0 |   0.0
      Zot:4 |   26644 |       0 |   0.0 |      21 |       0 |   0.0
      Zot:5 |   40773 |  116448 |  74.1 |      33 |      45 |  57.7
   Gauntlet |       0 |    3249 | 100.0 |       0 |       9 | 100.0
            +---------+---------+-------+---------+---------+-------
